Workbook
Name Constr: '4-684'!#REF!
Name FOT: '4-684'!#REF!
Name Ind: '4-684'!#REF!
Name Obj: '4-684'!#REF!
Name Obosn: '4-684'!#REF!
Name SmPr: '4-684'!#REF!
Name аааааппппппрррппппппп: #REF!
Name аараооооооооооооо: #REF!
Name автом: #REF!
Name алшрльоплварл: #REF!
Name аолвлддддддддддддддддввввввввв: #REF!
Name апарв: #REF!
Name апрлдджаоырыфрпопрлпрлпрлп: #REF!
Name арлггаджаш: #REF!
Name ароррбллтблпроорапииас: #REF!
Name арррррблллпдрлдддддддддд: #REF!
Name варпаааааааааа: #REF!
Name ввпьььььлднд: #REF!
Name вед: #REF!
Name вертикальная: #REF!
Name вертикплан: #REF!
Name волен: #REF!
Name вп: #REF!
Name впырпфдыпл: #REF!
Name впьглорьтитттттттттт: #REF!
Name всввввввввввввввввввввввввв: #REF!
Name выб: #REF!
Name выпуск: #REF!
Name выьлепвввввпмп: #REF!
Name еваопродолжэрщэрзшщщх: #REF!
Name измен: #REF!
Name итого: #REF!
Name итого_сантех: #REF!
Name итого_стр: #REF!
Name итого_строит: #REF!
Name итого_технол: #REF!
Name итого_электр: #REF!
Name квота: #REF!
Name кккккккккк: #REF!
Name корек: #REF!
Name корект: #REF!
Name корректир: #REF!
Name лен: #REF!
Name лот: #REF!
Name мамиааааааааааааааааааааааааааааа: #REF!
Name ммпоослччччччччччрччапппппппппр: #REF!
Name мрол: #REF!
Name оз: #REF!
Name озелен: #REF!
Name озеленение: #REF!
Name озеленение2: #REF!
Name ОСР: #REF!
Name ОСР110: #REF!
Name ОСР111: #REF!
Name план: #REF!
Name планировка: #REF!
Name плдщхэж.юрббдлююбо: #REF!
Name площадки: #REF!
Name пос: #REF!
Name прав: #REF!

Sheet 4-684
A1: СОГЛАСОВАНО: | I1: УТВЕРЖДАЮ:
A4: ______________ | I4: ____________
A5: " _____ " ________________ 2012 г. | I5: "______ " _______________2012 г.
D6: Реконструкция комплекса по переработке ХВО
D7: (наименование стройки)
D9: ЛОКАЛЬНЫЙ СМЕТНЫЙ РАСЧЕТ № 09-01-01/4-684 (313-2497)
D10: (локальная смета)
A12: на | B12: ПНР "вхолостую" технологического оборудования (взамен инв.№313-2047/19-4-2110), Здание 753А
D13: (наименование работ и затрат, наименование объекта)
B15: Основание: р.ч.0503.07А.0000-СМ.ВОР4.ТХ инв.№313-2498, заключение экспертизы №0026-14/ЕГЭ-2791/06 от 09.01.2014
B16: Сметная стоимость прочих _______________________________________________________________________________________________ | D16: ___________________________25,596 | F16: тыс. руб.
B17: Средства на оплату труда _______________________________________________________________________________________________ | D17: ___________________________41,619 | F17: тыс. руб.
B18: Сметная трудоемкость _______________________________________________________________________________________________ | D18: _______________________________________________________________________________________________2072,1 | F18: чел.час
B19: Составлен(а) в ценах по состоянию на 01.01.2000 г. (редакция 2009г.)
A22: № пп | B22: Шифр и номер позиции норматива | C22: Наименование работ и затрат, единица измерения | D22: Количество | E22: Стоимость единицы, руб. | G22: Общая стоимость, руб. | J22: Затраты труда рабочих, чел.-ч, не занятых обслуживанием машин
E23: всего | F23: эксплуата- ции машин | G23: Всего | H23: оплаты труда | I23: эксплуата- ция машин
E24: оплаты труда | F24: в т.ч. оплаты труда | I24: в т.ч. оплаты труда | J24: на единицу | K24: всего
A25: 1 | B25: 2 | C25: 3 | D25: 4 | E25: 5 | F25: 6 | G25: 7 | H25: 8 | I25: 9 | J25: 10 | K25: 11
A26: Раздел 1. Пусконаладочные работы
A27: Учтен к=1,0434 к ФОТ
A29: Комплексная система регенерации СОЖ
A30: 1 | B30: ТЕРп07-04-063-01 прим | C30: Установка вакуумно-дистилляционная (1 установка) | D30: 1 | E30: 7706,7 7706,7 | G30: 7707 | H30: 7707 | J30: 363 | K30: 363
A31: 2 | B31: ТЕРп07-05-008-01 прим | C31: Установка SKIM с подающим насосом и фильтром DETEX (1 установка) | D31: 1 | E31: 3697,45 3697,45 | G31: 3697 | H31: 3697 | J31: 184 | K31: 184
A32: 3 | B32: ТЕРп08-03-003-01 прим | C32: Линия гранулирования пластмасс (1 компл.) | D32: 1 | E32: 8337,11 8337,11 | G32: 8337 | H32: 8337 | J32: 453 | K32: 453
A33: 4 | B33: ТЕРп08-01-002-03 прим | C33: Измельчитель роторный (1 шт.) | D33: 1 | E33: 1819,12 1819,12 | G33: 1819 | H33: 1819 | J33: 110 | K33: 110
A34: 5 | B34: ТЕРп08-02-002-01 | C34: Станок торцовочный (1 шт.) | D34: 1 | E34: 671,29 671,29 | G34: 671 | H34: 671 | J34: 41 | K34: 41
A35: 6 | B35: ТЕРп05-01-020-03 прим | C35: Комплекс оборудования для обезвреживания отходов аккумуляторного производства (1 шт.) | D35: 1 | E35: 12552,04 12552,04 | G35: 12552 | H35: 12552 | J35: 585 | K35: 585
A36: 7 | B36: ТЕРп09-02-035-01 | C36: группа насосов одного назначения,производительность до 1600 м3/сут (1 установка) | D36: 2 | E36: 618,12 618,12 | G36: 1236 | H36: 1236 | J36: 27 | K36: 54
A37: Оборудование для ремонта и обслуживания автомобилей
A38: 8 | B38: ТЕРп05-02-002-05 | C38: Станок токарно-универсальный (1 шт.) | D38: 1 | E38: 243,43 243,43 | G38: 243 | H38: 243 | J38: 13 | K38: 13
A39: 9 | B39: ТЕРп05-02-005-02 | C39: Станок вертикально-сверлильный,наибольший диаметр сверления 0,4-3 мм (1 шт.) | D39: 1 | E39: 1011,14 1011,14 | G39: 1011 | H39: 1011 | J39: 54 | K39: 54
A40: 10 | B40: ТЕРп05-02-011-04 прим | C40: Станок точильно-шлифовальный, класс точности В (1 шт.) | D40: 1 | E40: 898,8 898,8 | G40: 899 | H40: 899 | J40: 48 | K40: 48
A41: 11 | B41: ТЕРп07-03-013-01 прим | C41: Устройство для удаления выхлопных газов с шлангом и насадкой (1 к-т) | D41: 3 | E41: 100,48 100,48 | G41: 301 | H41: 301 | J41: 5 | K41: 15
A42: 12 | B42: ТЕРп01-07-001-01 | C42: Электродвигатель асинхронный с короткозамкнутым ротором, напряжением до 1 кВ (механизм открывания ворот) (1 шт.) | D42: 5 | E42: 49,79 49,79 | G42: 249 | H42: 249 | J42: 3 | K42: 15
A43: Лабораторное оборудование
A44: 13 | B44: ТЕРп07-03-021-01 прим | C44: Шкаф сушильно- вытяжной (1 шт) | D44: 3 1+1+1 | E44: 403,38 403,38 | G44: 1210 | H44: 1210 | J44: 19 | K44: 57
A45: Компрессорная
A46: 14 | B46: ТЕРп06-01-001-01 | C46: Компрессорная установка с герметичным компрессором (1 установка) | D46: 2 | E46: 279,84 279,84 | G46: 560 | H46: 560 | J46: 15 | K46: 30
A47: Помещение хранения дизельного топлива
A48: 15 | B48: ТЕРп09-02-035-02 | C48: Группа насосов одного назначения, производительность до 8000 м3/сут (1 установка) | D48: 1 | E48: 869,95 869,95 | G48: 870 | H48: 870 | J48: 38 | K48: 38
A49: 16 | B49: ТЕРп07-03-055-01 | C49: Бак под давлением вместимостью до 100 м3, давлением до 0,12 МПа (кгс/см2) (накопительная емкость в к-те с мешалкой) (1 бак) | D49: 1 | E49: 256,89 256,89 | G49: 257 | H49: 257 | J49: 12.1 | K49: 12.1
A50: Итого прямые затраты по разделу в ценах 2001г. | G50: 41619 | H50: 41619 | K50: 2072.1
A51: Накладные расходы | G51: 27052
A52: Сметная прибыль | G52: 16648
A53: Итоги по разделу 1 Пусконаладочные работы :
A54: Пусконаладочные работы: 'вхолостую' - 60%, 'под нагрузкой' - 40% | G54: 49198 | K54: 1235.1
A55: Пусконаладочные работы: 'вхолостую' - 70%, 'под нагрузкой' - 30% | G55: 30145 | K55: 700
A56: Пусконаладочные работы: 'вхолостую' - 30%, 'под нагрузкой' - 70% | G56: 4317 | K56: 92
A57: Пусконаладочные работы: 'вхолостую' - 80%, 'под нагрузкой' - 20% | G57: 511 | K57: 15
A58: Пусконаладочные работы: 'вхолостую' - 14%, 'под нагрузкой' - 86% | G58: 1148 | K58: 30
A59: Итого | G59: 85319 | K59: 2072.1
A60: В том числе:
A61: ФОТ | G61: 41619
A62: Накладные расходы | G62: 27052
A63: Сметная прибыль | G63: 16648
A64: Итого по разделу 1 Пусконаладочные работы | G64: 85319 | K64: 2072.1
A65: ИТОГИ ПО СМЕТЕ:
A66: Итого прямые затраты по смете в ценах 2001г. | G66: 41619 | H66: 41619 | K66: 2072.1
A67: Накладные расходы | G67: 27052
A68: Сметная прибыль | G68: 16648
A69: Итоги по смете:
A70: Пусконаладочные работы: 'вхолостую' - 60%, 'под нагрузкой' - 40% | G70: 49198 | K70: 1235.1
A71: Пусконаладочные работы: 'вхолостую' - 70%, 'под нагрузкой' - 30% | G71: 30145 | K71: 700
A72: Пусконаладочные работы: 'вхолостую' - 30%, 'под нагрузкой' - 70% | G72: 4317 | K72: 92
A73: Пусконаладочные работы: 'вхолостую' - 80%, 'под нагрузкой' - 20% | G73: 511 | K73: 15
A74: Пусконаладочные работы: 'вхолостую' - 14%, 'под нагрузкой' - 86% | G74: 1148 | K74: 30
A75: Итого | G75: 85319 | K75: 2072.1
A76: В том числе:
A77: ФОТ | G77: 41619
A78: Накладные расходы | G78: 27052
A79: Сметная прибыль | G79: 16648
A80: Вхолостую 30% 85 319 * 0,3 | G80: 25596
A81: ВСЕГО по смете | G81: 25596 | K81: 2072.1
A85: Составил инженер: ___________________________
A86: (должность, подпись, расшифровка)
A88: Проверил нач. группы: ___________________________
A89: (должность, подпись, расшифровка)

Sheet 4-686
A1: СОГЛАСОВАНО: | I1: УТВЕРЖДАЮ:
A4: ______________ | I4: ____________
A5: " _____ " ________________ 2012 г. | I5: "______ " _______________2012 г.
D6: Реконструкция комплекса по переработке ХВО (пл.7а)
D7: (наименование стройки)
D9: ЛОКАЛЬНЫЙ СМЕТНЫЙ РАСЧЕТ № 09-01-02/4-686 (313-2497)
D10: (локальная смета)
A12: на | B12: ПНР "вхолостую" грузоподъемного оборудования (взамен инв.№313-2047/19-4-2111), Здание 753А
D13: (наименование работ и затрат, наименование объекта)
B15: Основание: р.ч.0503.07А.0000-СМ.ВОР4.ТХ инв.№313-2498, заключение экспертизы №0026-14/ЕГЭ-2791/06 от 09.01.2014
B16: Сметная стоимость прочих _______________________________________________________________________________________________ | D16: ___________________________12,961 | F16: тыс. руб.
B17: Средства на оплату труда _______________________________________________________________________________________________ | D17: ___________________________11,495 | F17: тыс. руб.
B18: Сметная трудоемкость _______________________________________________________________________________________________ | D18: _______________________________________________________________________________________________656 | F18: чел.час
B19: Составлен(а) в ценах по состоянию на 01.01.2000 г. (редакция 2009г.)
A22: № пп | B22: Шифр и номер позиции норматива | C22: Наименование работ и затрат, единица измерения | D22: Количество | E22: Стоимость единицы, руб. | G22: Общая стоимость, руб. | J22: Затраты труда рабочих, чел.-ч, не занятых обслуживанием машин
E23: всего | F23: эксплуата- ции машин | G23: Всего | H23: оплаты труда | I23: эксплуата- ция машин
E24: оплаты труда | F24: в т.ч. оплаты труда | I24: в т.ч. оплаты труда | J24: на единицу | K24: всего
A25: 1 | B25: 2 | C25: 3 | D25: 4 | E25: 5 | F25: 6 | G25: 7 | H25: 8 | I25: 9 | J25: 10 | K25: 11
A26: Раздел 1. Пусконаладочные работы
A27: Учтен к=1,0434 к ФОТ
A28: 1 | B28: ТЕРп04-01-001-02 | C28: Кран подвесной электрический однобалочный однопролетный, управление с пола, высота подъема - 6, 12, 18 м; скорость: подъема - 8 м/мин, передвижения тали - 20 м/мин, передвижения крана - 32 м/мин; грузоподъемность 2 т (1 кран) | D28: 3 | E28: 1398,16 1398,16 | G28: 4194 | H28: 4194 | J28: 80 | K28: 240
A29: 2 | B29: ТЕРп04-01-001-01 | C29: Кран подвесной электрический однобалочный однопролетный, управление с пола, высота подъема - 6, 12, 18 м; скорость: подъема - 8 м/мин, передвижения тали - 20 м/мин, передвижения крана - 32 м/мин; грузоподъемность 1 т (1 кран) | D29: 6 | E29: 1136 1136 | G29: 6816 | H29: 6816 | J29: 65 | K29: 390
A30: 3 | B30: ТЕРп04-01-035-02 прим | C30: Таль ручная передвижная, грузоподъемность до 1 т (1 кран) | D30: 1 | E30: 485,06 485,06 | G30: 485 | H30: 485 | J30: 26 | K30: 26
A31: Итого прямые затраты по разделу в ценах 2001г. | G31: 11495 | H31: 11495 | K31: 656
A32: Накладные расходы | G32: 7472
A33: Сметная прибыль | G33: 4598
A34: Итоги по разделу 1 Пусконаладочные работы :
A35: Пусконаладочные работы: 'вхолостую' - 55%, 'под нагрузкой' - 45% | G35: 23565 | K35: 656
A36: Итого | G36: 23565 | K36: 656
A37: В том числе:
A38: ФОТ | G38: 11495
A39: Накладные расходы | G39: 7472
A40: Сметная прибыль | G40: 4598
A41: Итого по разделу 1 Пусконаладочные работы | G41: 23565 | K41: 656
A42: ИТОГИ ПО СМЕТЕ:
A43: Итого прямые затраты по смете в ценах 2001г. | G43: 11495 | H43: 11495 | K43: 656
A44: Накладные расходы | G44: 7472
A45: Сметная прибыль | G45: 4598
A46: Итоги по смете:
A47: Пусконаладочные работы: 'вхолостую' - 55%, 'под нагрузкой' - 45% | G47: 23565 | K47: 656
A48: Итого | G48: 23565 | K48: 656
A49: В том числе:
A50: ФОТ | G50: 11495
A51: Накладные расходы | G51: 7472
A52: Сметная прибыль | G52: 4598
A53: Вхолостую 55% 23 565 * 0,55 | G53: 12961
A54: ВСЕГО по смете | G54: 12961 | K54: 656
A58: Составил инженер: ___________________________
A59: (должность, подпись, расшифровка)
A61: Проверил нач. группы: ___________________________
A62: (должность, подпись, расшифровка)

Sheet 3-247
A1: СОГЛАСОВАНО: | I1: УТВЕРЖДАЮ:
A4: ______________ | I4: ____________
A5: " _____ " ________________ 2012 г. | I5: "______ " _______________2012 г.
D6: Реконструкция комплекса по переработке ХВО (пл.7А)
D7: (наименование стройки)
D9: ЛОКАЛЬНЫЙ СМЕТНЫЙ РАСЧЕТ № 09-01-03/3-247 (313-2497)
D10: (локальная смета)
A12: на | B12: ПНР "вхолостую" вентиляционного оборудования, Здание 753А
D13: (наименование работ и затрат, наименование объекта)
B15: Основание: р.ч.0503.07А.0000-СМ.ВОР3.ОВ инв.№313-2498, заключение экспертизы №0026-14/ЕГЭ-2791/06 от 09.01.2014
B16: Сметная стоимость прочих _______________________________________________________________________________________________ | D16: ___________________________105,811 | F16: тыс. руб.
B17: Средства на оплату труда _______________________________________________________________________________________________ | D17: ___________________________64,519 | F17: тыс. руб.
B18: Сметная трудоемкость _______________________________________________________________________________________________ | D18: _______________________________________________________________________________________________3171,34 | F18: чел.час
B19: Трудозатраты механизаторов _______________________________________________________________________________________________ | D19: _______________________________________________________________________________________________0 | F19: чел.час
B20: Составлен(а) в ценах по состоянию на 01.01.2000г. (редакция 2009г.)
A23: № пп | B23: Шифр и номер позиции норматива | C23: Наименование работ и затрат, единица измерения | D23: Количество | E23: Стоимость единицы, руб. | G23: Общая стоимость, руб. | J23: Затраты труда рабочих, чел.-ч, не занятых обслуживанием машин
E24: всего | F24: эксплуата- ции машин | G24: Всего | H24: оплаты труда | I24: эксплуата- ция машин
E25: оплаты труда | F25: в т.ч. оплаты труда | I25: в т.ч. оплаты труда | J25: на единицу | K25: всего
A26: 1 | B26: 2 | C26: 3 | D26: 4 | E26: 5 | F26: 6 | G26: 7 | H26: 8 | I26: 9 | J26: 10 | K26: 11
A27: Раздел 1. Пусконаладочные работы
A28: Учтен к=1,0434 к ФОТ
A29: 1 | B29: ТЕРп03-01-008-01 | C29: Камера приточная (1 устройство) | D29: 9 | E29: 193,63 193,63 | G29: 1743 | H29: 1743 | J29: 10 | K29: 90
A30: 2 | B30: ТЕРп03-01-022-02 | C30: Сеть систем вентиляции и кондиционирования воздуха при количестве сечений до 10 (1 вентиляционная сеть) | D30: 9 | E30: 278,39 278,39 | G30: 2506 | H30: 2506 | J30: 14 | K30: 126
A31: Системы автоматики для приточных систем
A32: 3 | B32: ТЕРп02-01-001-07 | C32: Автоматизированная система управления I категории технической сложности с количеством каналов (Кобщ) 40 (1 система) | D32: 9 | E32: 5232,49 5232,49 | G32: 47092 | H32: 47092 | J32: 251 | K32: 2259
A33: 4 | B33: ТЕРп01-03-008-01 | C33: Выключатель нагрузки напряжением до 11 кВ (1 шт.) | D33: 9 | E33: 161,56 161,56 | G33: 1454 | H33: 1454 | J33: 9 | K33: 81
A34: 5 | B34: ТЕРп01-04-002-01 | C34: Максимальная токовая тепловая защита с одним реле (1 компл.) | D34: 63 7*9 | E34: 55,97 55,97 | G34: 3526 | H34: 3526 | J34: 3 | K34: 189
A35: 6 | B35: ТЕРп01-11-011-01 | C35: Проверка наличия цепи между заземлителями и заземленными элементами (100 точек) | D35: 0.09 | E35: 301,17 301,17 | G35: 27 | H35: 27 | J35: 16 | K35: 1.44
A36: 7 | B36: ТЕРп01-11-013-01 | C36: Замер полного сопротивления цепи «фаза-нуль» (1 токоприемник) | D36: 72 9+63 | E36: 28,23 28,23 | G36: 2033 | H36: 2033 | J36: 1.5 | K36: 108
A37: 8 | B37: ТЕРп01-11-028-01 | C37: Измерение сопротивления изоляции мегаомметром кабельных и других линий напряжением до 1 кВ, предназначенных для передачи электроэнергии к распределительным устройствам, щитам, шкафам, коммутационным аппаратам и электропотребителям (1 линия) | D37: 9 | E37: 7,53 7,53 | G37: 68 | H37: 68 | J37: 0.4 | K37: 3.6
A39: 9 | B39: ТЕРп03-01-002-13 | C39: Вентилятор радиальный (центробежный), диаметральный или крышный до № 5 (1 устройство) | D39: 30 | E39: 96,82 96,82 | G39: 2905 | H39: 2905 | J39: 5 | K39: 150
A40: 10 | B40: ТЕРп03-01-002-14 | C40: Вентилятор радиальный (центробежный), диаметральный или крышный до № 10 (1 устройство) | D40: 8 | E40: 135,55 135,55 | G40: 1084 | H40: 1084 | J40: 7 | K40: 56
A41: 11 | B41: ТЕРп03-01-030-01 | C41: Циклон (1 устройство) | D41: 2 | E41: 38,73 38,73 | G41: 77 | H41: 77 | J41: 2 | K41: 4
A42: 12 | B42: ТЕРп03-01-029-03 | C42: Фильтр воздушный (1 устройство) | D42: 2 | E42: 63,9 63,9 | G42: 128 | H42: 128 | J42: 3.3 | K42: 6.6
A43: 13 | B43: ТЕРп03-01-007-01 | C43: Завеса воздушно-тепловая (регулируемая) (1 устройство) | D43: 8 | E43: 193,63 193,63 | G43: 1549 | H43: 1549 | J43: 10 | K43: 80
A44: 14 | B44: ТЕРп03-01-007-01 | C44: Агрегат воздушно-отопительный (1 устройство) | D44: 1 | E44: 193,63 193,63 | G44: 194 | H44: 194 | J44: 10 | K44: 10
A45: 15 | B45: ТЕРп03-01-075-01 | C45: Кондиционер местный бытовой (1 кондиционер) | D45: 1 | E45: 133,23 133,23 | G45: 133 | H45: 133 | J45: 6.7 | K45: 6.7
A46: Итого прямые затраты по разделу в ценах 2001г. | G46: 64519 | H46: 64519 | K46: 3171.34
A47: Накладные расходы | G47: 41937
A48: Сметная прибыль | G48: 25808
A49: Итоги по разделу 1 Пусконаладочные работы :
A50: Пусконаладочные работы: 'вхолостую' - 75%, 'под нагрузкой' - 25% | G50: 21154 | K50: 529.3
A51: Пусконаладочные работы: 'вхолостую' - 80%, 'под нагрузкой' - 20% | G51: 111110 | K51: 2642.04
A52: Итого | G52: 132264 | K52: 3171.34
A53: В том числе:
A54: ФОТ | G54: 64519
A55: Накладные расходы | G55: 41937
A56: Сметная прибыль | G56: 25808
A57: Итого по разделу 1 Пусконаладочные работы | G57: 132264 | K57: 3171.34
A58: ИТОГИ ПО СМЕТЕ:
A59: Итого прямые затраты по смете в ценах 2001г. | G59: 64519 | H59: 64519 | K59: 3171.34
A60: Накладные расходы | G60: 41937
A61: Сметная прибыль | G61: 25808
A62: Итоги по смете:
A63: Пусконаладочные работы: 'вхолостую' - 75%, 'под нагрузкой' - 25% | G63: 21154 | K63: 529.3
A64: Пусконаладочные работы: 'вхолостую' - 80%, 'под нагрузкой' - 20% | G64: 111110 | K64: 2642.04
A65: Итого | G65: 132264 | K65: 3171.34
A66: В том числе:
A67: ФОТ | G67: 64519
A68: Накладные расходы | G68: 41937
A69: Сметная прибыль | G69: 25808
A70: "Вхолостую" 132 264 * 0,8 | G70: 105811
A71: ВСЕГО по смете | G71: 105811 | K71: 3171.34
A75: Составил нач. группы: ___________________________
A76: (должность, подпись, расшифровка)

Sheet 4-680
A1: СОГЛАСОВАНО: | I1: УТВЕРЖДАЮ:
A4: ______________ | I4: ____________
A5: " _____ " ________________ 2012 г. | I5: "______ " _______________2012 г.
D6: Реконструкция комплекса по переработке ХВО (пл.7А)
D7: (наименование стройки)
D9: ЛОКАЛЬНЫЙ СМЕТНЫЙ РАСЧЕТ № 09-01-04/4-680 (313-2497)
D10: (локальная смета)
A12: на | B12: ПНР "вхолостую" силовое электрооборудование (взамен инв.№313-2047/19-4-2112), Здание 753А
D13: (наименование работ и затрат, наименование объекта)
B15: Основание: р.ч.0503.07А.0000-СМ.ВОР3.ЭМ инв.№313-2498, заключение экспертизы №0026-14/ЕГЭ-2791/06 от 09.01.2014
B16: Сметная стоимость прочих _______________________________________________________________________________________________ | D16: ___________________________69,543 | F16: тыс. руб.
B17: Средства на оплату труда _______________________________________________________________________________________________ | D17: ___________________________42,404 | F17: тыс. руб.
B18: Сметная трудоемкость _______________________________________________________________________________________________ | D18: _______________________________________________________________________________________________2510,66 | F18: чел.час
B19: Составлен(а) в ценах по состоянию на 01.01.2000 г. (редакция 2009г.)
A22: № пп | B22: Шифр и номер позиции норматива | C22: Наименование работ и затрат, единица измерения | D22: Количество | E22: Стоимость единицы, руб. | G22: Общая стоимость, руб. | J22: Затраты труда рабочих, чел.-ч, не занятых обслуживанием машин
E23: всего | F23: эксплуата- ции машин | G23: Всего | H23: оплаты труда | I23: эксплуата- ция машин
E24: оплаты труда | F24: в т.ч. оплаты труда | I24: в т.ч. оплаты труда | J24: на единицу | K24: всего
A25: 1 | B25: 2 | C25: 3 | D25: 4 | E25: 5 | F25: 6 | G25: 7 | H25: 8 | I25: 9 | J25: 10 | K25: 11
A26: Раздел 1. Пусконаладочные работы
A27: Учтен к=1,0434 к ФОТ
A28: ВРУ
A29: 1 | B29: ТЕРп01-03-008-01 | C29: Выключатель нагрузки напряжением до 11 кВ (1 шт.) | D29: 8 | E29: 161,56 161,56 | G29: 1292 | H29: 1292 | J29: 9 | K29: 72
A30: 2 | B30: ТЕРп01-03-002-04 | C30: Выключатель трехполюсный напряжением до 1 кВ с электромагнитным, тепловым или комбинированным расцепителем, номинальный ток до 50 А (1 шт.) | D30: 24 | E30: 27,62 27,62 | G30: 663 | H30: 663 | J30: 2 | K30: 48
A31: 3 | B31: ТЕРп01-03-002-05 | C31: Выключатель трехполюсный напряжением до 1 кВ с электромагнитным, тепловым или комбинированным расцепителем, номинальный ток до 200 А (1 шт.) | D31: 12 | E31: 41,43 41,43 | G31: 497 | H31: 497 | J31: 3 | K31: 36
A32: 4 | B32: ТЕРп01-02-017-01 | C32: Трансформатор тока измерительный выносной напряжением до 1 кВ (1 шт.) | D32: 4 | E32: 26,73 26,73 | G32: 107 | H32: 107 | J32: 1.5 | K32: 6
A33: 5 | B33: ТЕРп01-12-010-03 | C33: Испытание вторичной обмотки трансформатора измерительного (1 испытание) | D33: 4 | E33: 37,9 37,9 | G33: 152 | H33: 152 | J33: 2 | K33: 8
A34: 6 | B34: ТЕРп01-11-013-01 | C34: Замер полного сопротивления цепи «фаза-нуль» (1 токоприемник) | D34: 29 | E34: 28,23 28,23 | G34: 819 | H34: 819 | J34: 1.5 | K34: 43.5
A35: 7 | B35: ТЕРп01-11-028-01 к=1,3 | C35: Измерение сопротивления изоляции мегаомметром кабельных и других линий напряжением до 1 кВ, предназначенных для передачи электроэнергии к распределительным устройствам, щитам, шкафам, коммутационным аппаратам и электропотребителям (1 линия) | D35: 33 | E35: 9,79 9,79 | G35: 323 | H35: 323 | J35: 0.52 | K35: 17.16
A36: 8 | B36: ТЕРп01-12-021-01 | C36: Испытание аппарата коммутационного напряжением до 1 кВ (силовых цепей) (1 испытание) | D36: 41 33+8 | E36: 35,64 35,64 | G36: 1461 | H36: 1461 | J36: 2 | K36: 82
A37: 9 | B37: ТЕРп01-11-011-01 | C37: Проверка наличия цепи между заземлителями и заземленными элементами (100 точек) | D37: 0,06 0,01*6 | E37: 301,17 301,17 | G37: 18 | H37: 18 | J37: 16 | K37: 0.96
A38: Ящик автоматического включения Я8301 (4 шт.)
A39: 10 | B39: ТЕРп01-03-002-04 | C39: Выключатель трехполюсный напряжением до 1 кВ с электромагнитным, тепловым или комбинированным расцепителем, номинальный ток до 50 А (1 шт.) | D39: 4 | E39: 27,62 27,62 | G39: 110 | H39: 110 | J39: 2 | K39: 8
A40: 11 | B40: ТЕРп01-03-002-05 | C40: Выключатель трехполюсный напряжением до 1 кВ с электромагнитным, тепловым или комбинированным расцепителем, номинальный ток до 200 А (1 шт.) | D40: 8 | E40: 41,43 41,43 | G40: 331 | H40: 331 | J40: 3 | K40: 24
A41: 12 | B41: ТЕРп01-04-002-01 | C41: Максимальная токовая тепловая защита с одним реле (1 компл.) | D41: 8 4*2 | E41: 55,97 55,97 | G41: 448 | H41: 448 | J41: 3 | K41: 24
A42: Щиты распределительные (24 шт.)
A43: 13 | B43: ТЕРп01-03-008-01 | C43: Выключатель нагрузки напряжением до 11 кВ (1 шт.) | D43: 23 | E43: 161,56 161,56 | G43: 3716 | H43: 3716 | J43: 9 | K43: 207
A44: 14 | B44: ТЕРп01-03-001-01 | C44: Выключатель однополюсный напряжением до 1 кВ с электромагнитным, тепловым или комбинированным расцепителем (1 шт.) | D44: 64 | E44: 20,71 20,71 | G44: 1325 | H44: 1325 | J44: 1.5 | K44: 96
A45: 15 | B45: ТЕРп01-03-001-02 прим. | C45: Выключатель двух(четырёх)полюсный напряжением до 1 кВ с устройством защитного отключения (1 шт.) | D45: 26 | E45: 27,62 27,62 | G45: 718 | H45: 718 | J45: 2 | K45: 52
A46: 16 | B46: ТЕРп01-03-002-04 | C46: Выключатель трехполюсный напряжением до 1 кВ с электромагнитным, тепловым или комбинированным расцепителем, номинальный ток до 50 А (1 шт.) | D46: 97 | E46: 27,62 27,62 | G46: 2679 | H46: 2679 | J46: 2 | K46: 194
A47: 17 | B47: ТЕРп01-03-002-05 | C47: Выключатель трехполюсный напряжением до 1 кВ с электромагнитным, тепловым или комбинированным расцепителем, номинальный ток до 200 А (1 шт.) | D47: 11 | E47: 41,43 41,43 | G47: 456 | H47: 456 | J47: 3 | K47: 33
A48: 18 | B48: ТЕРп01-08-033-02 | C48: Конденсатор статический напряжением до 1 кВ трехфазный (1 шт.) | D48: 4 | E48: 70,34 70,34 | G48: 281 | H48: 281 | J48: 3.5 | K48: 14
A49: 19 | B49: ТЕРп01-11-028-02 | C49: Измерение сопротивления изоляции мегаомметром обмоток машин и аппаратов (1 измерение) | D49: 4 | E49: 1,88 1,88 | G49: 8 | H49: 8 | J49: 0.1 | K49: 0.4
A50: 20 | B50: ТЕРп01-11-022-01 | C50: Измерение активного, индуктивного сопротивлений и емкости электрических машин и аппаратов (1 измерение) | D50: 4 | E50: 9,41 9,41 | G50: 38 | H50: 38 | J50: 0.5 | K50: 2
A51: Шкаф по типу РУСМ8004-А170У3
A52: 21 | B52: ТЕРп01-02-017-01 | C52: Трансформатор тока измерительный выносной напряжением до 1 кВ (1 шт.) | D52: 1 | E52: 26,73 26,73 | G52: 27 | H52: 27 | J52: 1.5 | K52: 1.5
A53: 22 | B53: ТЕРп01-09-002-02 прим. | C53: Датчик бесконтактный с числом «вход-выход» до 10, счетчик трехфазный (1 шт.) | D53: 1 | E53: 295,26 295,26 | G53: 295 | H53: 295 | J53: 15 | K53: 15
A54: 23 | B54: ТЕРп01-06-011-03 | C54: Устройство комплектное для питания цепей электромагнитных приводов высоковольтных выключателей с устройствами накопителей энергии (1 устройство) | D54: 1 | E54: 927,11 927,11 | G54: 927 | H54: 927 | J54: 50 | K54: 50
A55: 24 | B55: ТЕРп01-11-011-01 | C55: Проверка наличия цепи между заземлителями и заземленными элементами (100 точек) | D55: 0,01 0,01*1 | E55: 301,17 301,17 | G55: 3 | H55: 3 | J55: 16 | K55: 0.16
A56: 25 | B56: ТЕРп01-11-028-02 | C56: Измерение сопротивления изоляции мегаомметром обмоток машин и аппаратов (1 измерение) | D56: 1 | E56: 1,88 1,88 | G56: 2 | H56: 2 | J56: 0.1 | K56: 0.1
A57: Ящик силовой ЯС (25 шт.)
A58: 26 | B58: ТЕРп01-03-002-04 | C58: Выключатель трехполюсный напряжением до 1 кВ с электромагнитным, тепловым или комбинированным расцепителем, номинальный ток до 50 А (1 шт.) | D58: 24 | E58: 27,62 27,62 | G58: 663 | H58: 663 | J58: 2 | K58: 48
A59: 27 | B59: ТЕРп01-03-002-05 | C59: Выключатель трехполюсный напряжением до 1 кВ с электромагнитным, тепловым или комбинированным расцепителем, номинальный ток до 200 А (1 шт.) | D59: 1 | E59: 41,43 41,43 | G59: 41 | H59: 41 | J59: 3 | K59: 3
A60: 28 | B60: ТЕРп01-03-025-01 прим. | C60: Схема электромагнитной блокировки коммутационных аппаратов, количество блокируемых аппаратов до 2, Пускатель магнитный (1 схема) | D60: 24 | E60: 171,03 171,03 | G60: 4105 | H60: 4105 | J60: 10 | K60: 240
A61: 29 | B61: ТЕРп01-03-005-01 прим. | C61: Разъединитель трехполюсный напряжением до 20 кВ, рубильник (1 шт.) | D61: 24 | E61: 107,7 107,7 | G61: 2585 | H61: 2585 | J61: 6 | K61: 144
A62: 30 | B62: ТЕРп01-03-002-04 | C62: Выключатель трехполюсный напряжением до 1 кВ с электромагнитным, тепловым или комбинированным расцепителем, номинальный ток до 50 А (1 шт.) | D62: 9 | E62: 27,62 27,62 | G62: 249 | H62: 249 | J62: 2 | K62: 18
A63: 31 | B63: ТЕРп01-03-001-01 | C63: Выключатель однополюсный напряжением до 1 кВ с электромагнитным, тепловым или комбинированным расцепителем (1 шт.) | D63: 9 | E63: 20,71 20,71 | G63: 186 | H63: 186 | J63: 1.5 | K63: 13.5
A64: 32 | B64: ТЕРп01-03-025-01 прим. | C64: Схема электромагнитной блокировки коммутационных аппаратов, количество блокируемых аппаратов до 2, Пускатель магнитный (1 схема) | D64: 20 | E64: 171,03 171,03 | G64: 3421 | H64: 3421 | J64: 10 | K64: 200
A65: 33 | B65: ТЕРп01-03-002-04 прим. | C65: Выключатель трехполюсный напряжением до 1 кВ с электромагнитным, тепловым или комбинированным расцепителем, номинальный ток до 50 А, выключатель путевой (1 шт.) | D65: 9 | E65: 27,62 27,62 | G65: 249 | H65: 249 | J65: 2 | K65: 18
A66: 34 | B66: ТЕРп01-12-021-01 | C66: Испытание аппарата коммутационного напряжением до 1 кВ (силовых цепей) (1 испытание) | D66: 343 | E66: 35,64 35,64 | G66: 12225 | H66: 12225 | J66: 2 | K66: 686
A67: 35 | B67: ТЕРп01-11-011-01 | C67: Проверка наличия цепи между заземлителями и заземленными элементами (100 точек) | D67: 3,43 0,01*343 | E67: 301,17 301,17 | G67: 1033 | H67: 1033 | J67: 16 | K67: 54.88
A68: 36 | B68: ТЕРп01-11-013-01 | C68: Замер полного сопротивления цепи «фаза-нуль» (1 токоприемник) | D68: 25 | E68: 28,23 28,23 | G68: 706 | H68: 706 | J68: 1.5 | K68: 37.5
A69: 37 | B69: ТЕРп01-11-028-01 к=1,3 | C69: Измерение сопротивления изоляции мегаомметром кабельных и других линий напряжением до 1 кВ, предназначенных для передачи электроэнергии к распределительным устройствам, щитам, шкафам, коммутационным аппаратам и электропотребителям (1 линия) | D69: 25 | E69: 9,79 9,79 | G69: 245 | H69: 245 | J69: 0.52 | K69: 13
A70: Итого прямые затраты по разделу в ценах 2001г. | G70: 42404 | H70: 42404 | K70: 2510.66
A71: Накладные расходы | G71: 27563
A72: Сметная прибыль | G72: 16962
A73: Итоги по разделу 1 Пусконаладочные работы :
A74: Пусконаладочные работы: 'вхолостую' - 80%, 'под нагрузкой' - 20% | G74: 86929 | K74: 2510.66
A75: Итого | G75: 86929 | K75: 2510.66
A76: В том числе:
A77: ФОТ | G77: 42404
A78: Накладные расходы | G78: 27563
A79: Сметная прибыль | G79: 16962
A80: Итого по разделу 1 Пусконаладочные работы | G80: 86929 | K80: 2510.66
A81: ИТОГИ ПО СМЕТЕ:
A82: Итого прямые затраты по смете в ценах 2001г. | G82: 42404 | H82: 42404 | K82: 2510.66
A83: Накладные расходы | G83: 27563
A84: Сметная прибыль | G84: 16962
A85: Итоги по смете:
A86: Пусконаладочные работы: 'вхолостую' - 80%, 'под нагрузкой' - 20% | G86: 86929 | K86: 2510.66
A87: Итого | G87: 86929 | K87: 2510.66
A88: В том числе:
A89: ФОТ | G89: 42404
A90: Накладные расходы | G90: 27563
A91: Сметная прибыль | G91: 16962
A92: "Вхолостую" 86 929 * 0,8 | G92: 69543
A93: ВСЕГО по смете | G93: 69543 | K93: 2510.66
A97: Составил инженер: ___________________________
A98: (должность, подпись, расшифровка)
A100: Проверил нач. группы: ___________________________
A101: (должность, подпись, расшифровка)

Sheet 4-681
A1: СОГЛАСОВАНО: | I1: УТВЕРЖДАЮ:
A4: ______________ | I4: ____________
A5: " _____ " ________________ 2012 г. | I5: "______ " _______________2012 г.
D6: Реконструкция комплекса по переработке ХВО (пл.7А)
D7: (наименование стройки)
D9: ЛОКАЛЬНЫЙ СМЕТНЫЙ РАСЧЕТ № 09-01-05/4-681(313-2497)
D10: (локальная смета)
A12: на | B12: ПНР "вхолостую" электроосвещения (взамен инв.№313-2047/19-4-2113), Здание 753А
D13: (наименование работ и затрат, наименование объекта)
B15: Основание: р.ч.0503.07А.0000-СМ.ВОР3.ЭО инв.№313-2498, заключение экспертизы №0026-14/ЕГЭ-2791/06 от 09.01.2014г.
B16: Сметная стоимость прочих _______________________________________________________________________________________________ | D16: ___________________________27,411 | F16: тыс. руб.
B17: Средства на оплату труда _______________________________________________________________________________________________ | D17: ___________________________16,714 | F17: тыс. руб.
B18: Сметная трудоемкость _______________________________________________________________________________________________ | D18: _______________________________________________________________________________________________963,64 | F18: чел.час
B19: Составлен(а) в ценах по состоянию на 01.01.2000 г. (редакция 2009г.)
A22: № пп | B22: Шифр и номер позиции норматива | C22: Наименование работ и затрат, единица измерения | D22: Количество | E22: Стоимость единицы, руб. | G22: Общая стоимость, руб. | J22: Затраты труда рабочих, чел.-ч, не занятых обслуживанием машин
E23: всего | F23: эксплуата- ции машин | G23: Всего | H23: оплаты труда | I23: эксплуата- ция машин
E24: оплаты труда | F24: в т.ч. оплаты труда | I24: в т.ч. оплаты труда | J24: на единицу | K24: всего
A25: 1 | B25: 2 | C25: 3 | D25: 4 | E25: 5 | F25: 6 | G25: 7 | H25: 8 | I25: 9 | J25: 10 | K25: 11
A26: Раздел 1. Пусконаладочные работы
A27: Учтен к=1,0434 к ФОТ
A28: 1 | B28: ТЕРп01-03-008-01 | C28: Выключатель нагрузки напряжением до 11 кВ (1 шт.) | D28: 4 | E28: 161,56 161,56 | G28: 646 | H28: 646 | J28: 9 | K28: 36
A29: 2 | B29: ТЕРп01-03-001-01 | C29: Выключатель однополюсный напряжением до 1 кВ с электромагнитным, тепловым или комбинированным расцепителем (1 шт.) | D29: 122 89+7+18+1+7 | E29: 20,71 20,71 | G29: 2527 | H29: 2527 | J29: 1.5 | K29: 183
A30: 3 | B30: ТЕРп01-06-021-01 | C30: Схема разводки трехпроводной системы с количеством панелей (шкафов, ячеек): до 2 (1 схема) | D30: 4 | E30: 67,39 67,39 | G30: 270 | H30: 270 | J30: 4 | K30: 16
A31: 4 | B31: ТЕРп01-12-021-02 | C31: Испытание аппарата коммутационного напряжением до 35 кВ (1 испытание) | D31: 126 122+4 | E31: 62,36 62,36 | G31: 7857 | H31: 7857 | J31: 3.5 | K31: 441
A32: 5 | B32: ТЕРп01-11-028-01 | C32: Измерение сопротивления изоляции мегаомметром кабельных и других линий напряжением до 1 кВ, предназначенных для передачи электроэнергии к распределительным устройствам, щитам, шкафам, коммутационным аппаратам и электропотребителям (1 линия) | D32: 122 | E32: 7,53 7,53 | G32: 919 | H32: 919 | J32: 0.4 | K32: 48.8
A33: 6 | B33: ТЕРп01-11-011-01 | C33: Проверка наличия цепи между заземлителями и заземленными элементами (100 точек) | D33: 3,49 0,01*(4+345) | E33: 301,17 301,17 | G33: 1051 | H33: 1051 | J33: 16 | K33: 55.84
A34: 7 | B34: ТЕРп01-11-013-01 | C34: Замер полного сопротивления цепи «фаза-нуль» (1 токоприемник) | D34: 122 | E34: 28,23 28,23 | G34: 3444 | H34: 3444 | J34: 1.5 | K34: 183
A35: Итого прямые затраты по разделу в ценах 2001г. | G35: 16714 | H35: 16714 | K35: 963.64
A36: Накладные расходы | G36: 10864
A37: Сметная прибыль | G37: 6686
A38: Итоги по разделу 1 Пусконаладочные работы :
A39: Пусконаладочные работы: 'вхолостую' - 80%, 'под нагрузкой' - 20% | G39: 34264 | K39: 963.64
A40: Итого | G40: 34264 | K40: 963.64
A41: В том числе:
A42: ФОТ | G42: 16714
A43: Накладные расходы | G43: 10864
A44: Сметная прибыль | G44: 6686
A45: Итого по разделу 1 Пусконаладочные работы | G45: 34264 | K45: 963.64
A46: ИТОГИ ПО СМЕТЕ:
A47: Итого прямые затраты по смете в ценах 2001г. | G47: 16714 | H47: 16714 | K47: 963.64
A48: Накладные расходы | G48: 10864
A49: Сметная прибыль | G49: 6686
A50: Итоги по смете:
A51: Пусконаладочные работы: 'вхолостую' - 80%, 'под нагрузкой' - 20% | G51: 34264 | K51: 963.64
A52: Итого | G52: 34264 | K52: 963.64
A53: В том числе:
A54: ФОТ | G54: 16714
A55: Накладные расходы | G55: 10864
A56: Сметная прибыль | G56: 6686
A57: "Вхолостую" 34 264 * 0,8 | G57: 27411
A58: ВСЕГО по смете | G58: 27411 | K58: 963.64
A62: Составил инженер: ___________________________
A63: (должность, подпись, расшифровка)
A65: Проверил нач. группы: ___________________________
A66: (должность, подпись, расшифровка)

Sheet 4-682
A1: СОГЛАСОВАНО: | I1: УТВЕРЖДАЮ:
A4: ______________ | I4: ____________
A5: " _____ " ________________ 2012 г. | I5: "______ " _______________2012 г.
D6: Реконструкция комплекса по переработке ХВО (пл.7А)
D7: (наименование стройки)
D9: ЛОКАЛЬНЫЙ СМЕТНЫЙ РАСЧЕТ № 09-01-06/4-682 (313-2497)
D10: (локальная смета)
A12: на | B12: ПНР "вхолостую" автоматизации (взамен инв.№313-2047/19-4-2114), Здание 753А
D13: (наименование работ и затрат, наименование объекта)
B15: Основание: р.ч.0503.07А.0000-СМ.ВОР3.АК инв.№313-2498, заключение экспертизы №0026-14/ЕГЭ-2791/06 от 09.01.2014
B16: Сметная стоимость прочих _______________________________________________________________________________________________ | D16: ___________________________34,066 | F16: тыс. руб.
B17: Средства на оплату труда _______________________________________________________________________________________________ | D17: ___________________________20,772 | F17: тыс. руб.
B18: Сметная трудоемкость _______________________________________________________________________________________________ | D18: _______________________________________________________________________________________________1062,2 | F18: чел.час
B19: Составлен(а) в ценах по состоянию на 01.01.2000 г. (редакция 2009г.)
A22: № пп | B22: Шифр и номер позиции норматива | C22: Наименование работ и затрат, единица измерения | D22: Количество | E22: Стоимость единицы, руб. | G22: Общая стоимость, руб. | J22: Затраты труда рабочих, чел.-ч, не занятых обслуживанием машин
E23: всего | F23: эксплуата- ции машин | G23: Всего | H23: оплаты труда | I23: эксплуата- ция машин
E24: оплаты труда | F24: в т.ч. оплаты труда | I24: в т.ч. оплаты труда | J24: на единицу | K24: всего
A25: 1 | B25: 2 | C25: 3 | D25: 4 | E25: 5 | F25: 6 | G25: 7 | H25: 8 | I25: 9 | J25: 10 | K25: 11
A26: Раздел 1. Пусконаладочные работы
A27: Учтен к=1,0434 к ФОТ
A28: Автоматика
A29: 1 | B29: ТЕРп02-01-001-07 | C29: Автоматизированная система управления I категории технической сложности с количеством каналов (Кобщ) 40 (1 система) | D29: 1 | E29: 8511,17 8511,17 | G29: 8511 | H29: 8511 | J29: 408.28 | K29: 408.28
A30: 2 | B30: ТЕРп02-01-001-08 | C30: Автоматизированная система управления I категории технической сложности с количеством каналов (Кобщ) за каждый канал свыше 40 до 79 добавлять к расценке 02-01-001-07 (1 канал) | D30: 22 58+4-40 | E30: 204,48 204,48 | G30: 4499 | H30: 4499 | J30: 9.81 | K30: 215.82
A31: Электрооборудование автоматизации вентсистем
A32: 3 | B32: ТЕРп01-03-008-01 | C32: Выключатель нагрузки напряжением до 11 кВ (1 шт.) | D32: 8 2+2+2+2 | E32: 161,56 161,56 | G32: 1292 | H32: 1292 | J32: 9 | K32: 72
A33: 4 | B33: ТЕРп01-03-001-01 | C33: Выключатель однополюсный напряжением до 1 кВ с электромагнитным, тепловым или комбинированным расцепителем (1 шт.) | D33: 33 2+2+12+16+1 | E33: 20,71 20,71 | G33: 683 | H33: 683 | J33: 1.5 | K33: 49.5
A34: 5 | B34: ТЕРп01-04-002-01 | C34: Максимальная токовая тепловая защита с одним реле (1 компл.) | D34: 23 5+3+15 | E34: 55,97 55,97 | G34: 1287 | H34: 1287 | J34: 3 | K34: 69
A35: 6 | B35: ТЕРп01-11-011-01 | C35: Проверка наличия цепи между заземлителями и заземленными элементами (100 точек) | D35: 0,33 0,01*33 | E35: 301,17 301,17 | G35: 99 | H35: 99 | J35: 16 | K35: 5.28
A36: 7 | B36: ТЕРп01-11-013-01 | C36: Замер полного сопротивления цепи «фаза-нуль» (1 токоприемник) | D36: 64 8+33+23 | E36: 28,23 28,23 | G36: 1807 | H36: 1807 | J36: 1.5 | K36: 96
A37: 8 | B37: ТЕРп01-11-028-01 к=1,3 | C37: Измерение сопротивления изоляции мегаомметром кабельных и других линий напряжением до 1 кВ, предназначенных для передачи электроэнергии к распределительным устройствам, щитам, шкафам, коммутационным аппаратам и электропотребителям (1 линия) | D37: 33 | E37: 9,79 9,79 | G37: 323 | H37: 323 | J37: 0.52 | K37: 17.16
A38: Электрооборудование автоматизации теплоснабжения
A39: 9 | B39: ТЕРп01-03-008-01 | C39: Выключатель нагрузки напряжением до 11 кВ (1 шт.) | D39: 3 2+1 | E39: 161,56 161,56 | G39: 485 | H39: 485 | J39: 9 | K39: 27
A40: 10 | B40: ТЕРп01-03-001-01 | C40: Выключатель однополюсный напряжением до 1 кВ с электромагнитным, тепловым или комбинированным расцепителем (1 шт.) | D40: 12 2+1+6+3 | E40: 20,71 20,71 | G40: 249 | H40: 249 | J40: 1.5 | K40: 18
A41: 11 | B41: ТЕРп01-03-001-02 | C41: Выключатель однополюсный напряжением до 1 кВ с устройством защитного отключения (1 шт.) | D41: 1 | E41: 27,62 27,62 | G41: 28 | H41: 28 | J41: 2 | K41: 2
A42: 12 | B42: ТЕРп01-04-002-01 | C42: Максимальная токовая тепловая защита с одним реле (1 компл.) | D42: 6 | E42: 55,97 55,97 | G42: 336 | H42: 336 | J42: 3 | K42: 18
A43: 13 | B43: ТЕРп01-03-025-01 | C43: Схема электромагнитной блокировки коммутационных аппаратов, количество блокируемых аппаратов до 2 (1 схема) | D43: 2 | E43: 171,03 171,03 | G43: 342 | H43: 342 | J43: 10 | K43: 20
A44: 14 | B44: ТЕРп01-11-011-01 | C44: Проверка наличия цепи между заземлителями и заземленными элементами (100 точек) | D44: 0,12 0,01*12 | E44: 301,17 301,17 | G44: 36 | H44: 36 | J44: 16 | K44: 1.92
A45: 15 | B45: ТЕРп01-11-013-01 | C45: Замер полного сопротивления цепи «фаза-нуль» (1 токоприемник) | D45: 24 | E45: 28,23 28,23 | G45: 678 | H45: 678 | J45: 1.5 | K45: 36
A46: 16 | B46: ТЕРп01-11-028-01 к=1,3 | C46: Измерение сопротивления изоляции мегаомметром кабельных и других линий напряжением до 1 кВ, предназначенных для передачи электроэнергии к распределительным устройствам, щитам, шкафам, коммутационным аппаратам и электропотребителям (1 линия) | D46: 12 | E46: 9,79 9,79 | G46: 117 | H46: 117 | J46: 0.52 | K46: 6.24
A47: Итого прямые затраты по разделу в ценах 2001г. | G47: 20772 | H47: 20772 | K47: 1062.2
A48: Накладные расходы | G48: 13502
A49: Сметная прибыль | G49: 8309
A50: Итоги по разделу 1 Пусконаладочные работы :
A51: Пусконаладочные работы: 'вхолостую' - 80%, 'под нагрузкой' - 20% | G51: 42583 | K51: 1062.2
A52: Итого | G52: 42583 | K52: 1062.2
A53: В том числе:
A54: ФОТ | G54: 20772
A55: Накладные расходы | G55: 13502
A56: Сметная прибыль | G56: 8309
A57: Итого по разделу 1 Пусконаладочные работы | G57: 42583 | K57: 1062.2
A58: ИТОГИ ПО СМЕТЕ:
A59: Итого прямые затраты по смете в ценах 2001г. | G59: 20772 | H59: 20772 | K59: 1062.2
A60: Накладные расходы | G60: 13502
A61: Сметная прибыль | G61: 8309
A62: Итоги по смете:
A63: Пусконаладочные работы: 'вхолостую' - 80%, 'под нагрузкой' - 20% | G63: 42583 | K63: 1062.2
A64: Итого | G64: 42583 | K64: 1062.2
A65: В том числе:
A66: ФОТ | G66: 20772
A67: Накладные расходы | G67: 13502
A68: Сметная прибыль | G68: 8309
A69: "Вхолостую" 42 583 * 0,8 | G69: 34066
A70: ВСЕГО по смете | G70: 34066 | K70: 1062.2
A74: Составил инженер: ___________________________
A75: (должность, подпись, расшифровка)
A77: Проверил нач. группы: ___________________________
A78: (должность, подпись, расшифровка)

Sheet 4-683
A1: СОГЛАСОВАНО: | I1: УТВЕРЖДАЮ:
A4: ______________ | I4: ____________
A5: " _____ " ________________ 2012 г. | I5: "______ " _______________2012 г.
D6: Реконструкция комплекса по переработке ХВО (пл.7А)
D7: (наименование стройки)
D9: ЛОКАЛЬНЫЙ СМЕТНЫЙ РАСЧЕТ № 09-01-07/4-683 (313-2497)
D10: (локальная смета)
A12: на | B12: ПНР "вхолостую" пожарную сигнализацию (взамен инв.№313-2047/19-4-2115), Здание 753А
D13: (наименование работ и затрат, наименование объекта)
B15: Основание: р.ч.0503.07А.0000-СМ.ВОР3.СС инв.№313-2498, заключение экспертизы №0026-14/ЕГЭ-2791/06 от 09.01.2014
B16: Сметная стоимость прочих _______________________________________________________________________________________________ | D16: ___________________________32,755 | F16: тыс. руб.
B17: Средства на оплату труда _______________________________________________________________________________________________ | D17: ___________________________19,973 | F17: тыс. руб.
B18: Сметная трудоемкость _______________________________________________________________________________________________ | D18: _______________________________________________________________________________________________918,06 | F18: чел.час
B19: Составлен(а) в ценах по состоянию на 01.01.2000 г. (редакция 2009г.)
A22: № пп | B22: Шифр и номер позиции норматива | C22: Наименование работ и затрат, единица измерения | D22: Количество | E22: Стоимость единицы, руб. | G22: Общая стоимость, руб. | J22: Затраты труда рабочих, чел.-ч, не занятых обслуживанием машин
E23: всего | F23: эксплуата- ции машин | G23: Всего | H23: оплаты труда | I23: эксплуата- ция машин
E24: оплаты труда | F24: в т.ч. оплаты труда | I24: в т.ч. оплаты труда | J24: на единицу | K24: всего
A25: 1 | B25: 2 | C25: 3 | D25: 4 | E25: 5 | F25: 6 | G25: 7 | H25: 8 | I25: 9 | J25: 10 | K25: 11
A26: Раздел 1. Пусконаладочные работы
A27: Учтен к=1,0434 к ФОТ
A28: Пожарная сигнализация
A29: 1 | B29: ТЕРп02-01-002-09 | C29: Автоматизированная система управления II категории технической сложности с количеством каналов (Кобщ) 80 (1 система) | D29: 1 | E29: 14054,34 14054,34 | G29: 14054 | H29: 14054 | J29: 646 | K29: 646
A30: 2 | B30: ТЕРп02-01-002-10 | C30: Автоматизированная система управления II категории технической сложности с количеством каналов (Кобщ) за каждый канал свыше 80 до 159 добавлять к расценке 02-01-002-09 (1 канал) | D30: 68 148-80 | E30: 167,74 167,74 | G30: 11406 | H30: 11406 | J30: 7.71 | K30: 524.28
A31: Оповещение о пожаре
A32: 3 | B32: ТЕРп02-01-002-05 | C32: Автоматизированная система управления II категории технической сложности с количеством каналов (Кобщ) 20 (1 система) | D32: 1 | E32: 3655 3655 | G32: 3655 | H32: 3655 | J32: 168 | K32: 168
A33: 4 | B33: ТЕРп02-01-002-06 | C33: Автоматизированная система управления II категории технической сложности с количеством каналов (Кобщ) за каждый канал свыше 20 до 39 добавлять к расценке 02-01-002-05 (1 канал) | D33: 17 37-20 | E33: 176,22 176,22 | G33: 2996 | H33: 2996 | J33: 8.1 | K33: 137.7
A34: Итого прямые затраты по разделу в ценах 2001г. | G34: 32111 | H34: 32111 | K34: 1475.98
A35: Итого прямые затраты по разделу с учетом коэффициентов к итогам (ФиМ ОЗП=0,622; ТЗ=0,622 (Поз. 1-4)) | G35: 19973 | H35: 19973 | K35: 918.06
A36: Накладные расходы | G36: 12982
A37: Сметная прибыль | G37: 7989
A38: Итоги по разделу 1 Пусконаладочные работы :
A39: Пусконаладочные работы: 'вхолостую' - 80%, 'под нагрузкой' - 20% | G39: 40944 | K39: 918.06
A40: Итого | G40: 40944 | K40: 918.06
A41: В том числе:
A42: ФОТ | G42: 19973
A43: Накладные расходы | G43: 12982
A44: Сметная прибыль | G44: 7989
A45: Итого по разделу 1 Пусконаладочные работы | G45: 40944 | K45: 918.06
A46: ИТОГИ ПО СМЕТЕ:
A47: Итого прямые затраты по смете в ценах 2001г. | G47: 32111 | H47: 32111 | K47: 1475.98
A48: Итого прямые затраты по смете с учетом коэффициентов к итогам (ФиМ ОЗП=0,622; ТЗ=0,622 (Поз. 1-4)) | G48: 19973 | H48: 19973 | K48: 918.06
A49: Накладные расходы | G49: 12982
A50: Сметная прибыль | G50: 7989
A51: Итоги по смете:
A52: Пусконаладочные работы: 'вхолостую' - 80%, 'под нагрузкой' - 20% | G52: 40944 | K52: 918.06
A53: Итого | G53: 40944 | K53: 918.06
A54: В том числе:
A55: ФОТ | G55: 19973
A56: Накладные расходы | G56: 12982
A57: Сметная прибыль | G57: 7989
A58: "Вхолостую" 40 944 * 0,8 | G58: 32755
A59: ВСЕГО по смете | G59: 32755 | K59: 918.06
A63: Составил инженер: ___________________________
A64: (должность, подпись, расшифровка)
A66: Проверил нач. группы: ___________________________
A67: (должность, подпись, расшифровка)

Sheet 4-685
A1: СОГЛАСОВАНО: | I1: УТВЕРЖДАЮ:
A4: ______________ | I4: ____________
A5: " _____ " ________________ 2012 г. | I5: "______ " _______________2012 г.
D6: Реконструкция комплекса по переработке ХВО (пл.7А)
D7: (наименование стройки)
D9: ЛОКАЛЬНЫЙ СМЕТНЫЙ РАСЧЕТ № 09-01-08/4-685 (313-2497)
D10: (локальная смета)
A12: на | B12: ПНР "вхолостую" охранную сигнализацию периметра (взамен инв.№313-2047/19-4-2116), СФЗ периметра
D13: (наименование работ и затрат, наименование объекта)
B15: Основание: р.ч.0503.07А.0000-СМ.ВОР3.СС инв.№313-2498, заключение экспертизы №0026-14/ЕГЭ-2791/06 от 09.01.2014
B16: Сметная стоимость прочих _______________________________________________________________________________________________ | D16: ___________________________29,999 | F16: тыс. руб.
B17: Средства на оплату труда _______________________________________________________________________________________________ | D17: ___________________________18,292 | F17: тыс. руб.
B18: Сметная трудоемкость _______________________________________________________________________________________________ | D18: _______________________________________________________________________________________________840,78 | F18: чел.час
B19: Составлен(а) в ценах по состоянию на 01.01.2000 г. (редакция 2009г.)
A22: № пп | B22: Шифр и номер позиции норматива | C22: Наименование работ и затрат, единица измерения | D22: Количество | E22: Стоимость единицы, руб. | G22: Общая стоимость, руб. | J22: Затраты труда рабочих, чел.-ч, не занятых обслуживанием машин
E23: всего | F23: эксплуата- ции машин | G23: Всего | H23: оплаты труда | I23: эксплуата- ция машин
E24: оплаты труда | F24: в т.ч. оплаты труда | I24: в т.ч. оплаты труда | J24: на единицу | K24: всего
A25: 1 | B25: 2 | C25: 3 | D25: 4 | E25: 5 | F25: 6 | G25: 7 | H25: 8 | I25: 9 | J25: 10 | K25: 11
A26: Раздел 1. Пусконаладочные работы
A27: Учтен к=1,0434 к ФОТ
A28: 1 | B28: ТЕРп02-01-002-09 | C28: Автоматизированная система управления II категории технической сложности с количеством каналов (Кобщ) 80 (1 система) | D28: 1 | E28: 14054,34 14054,34 | G28: 14054 | H28: 14054 | J28: 646 | K28: 646
A29: 2 | B29: ТЕРп02-01-002-10 | C29: Автоматизированная система управления II категории технической сложности с количеством каналов (Кобщ) за каждый канал свыше 80 до 159 добавлять к расценке 02-01-002-09 (1 канал) | D29: 72 152-80 | E29: 167,74 167,74 | G29: 12077 | H29: 12077 | J29: 7.71 | K29: 555.12
A30: Итого прямые затраты по разделу в ценах 2001г. | G30: 26131 | H30: 26131 | K30: 1201.12
A31: Итого прямые затраты по разделу с учетом коэффициентов к итогам (ФиМ ОЗП=0,7; ТЗ=0,7 (Поз. 1-2)) | G31: 18292 | H31: 18292 | K31: 840.78
A32: Накладные расходы | G32: 11890
A33: Сметная прибыль | G33: 7317
A34: Итоги по разделу 1 Пусконаладочные работы :
A35: Пусконаладочные работы: 'вхолостую' - 80%, 'под нагрузкой' - 20% | G35: 37499 | K35: 840.78
A36: Итого | G36: 37499 | K36: 840.78
A37: В том числе:
A38: ФОТ | G38: 18292
A39: Накладные расходы | G39: 11890
A40: Сметная прибыль | G40: 7317
A41: Итого по разделу 1 Пусконаладочные работы | G41: 37499 | K41: 840.78
A42: ИТОГИ ПО СМЕТЕ:
A43: Итого прямые затраты по смете в ценах 2001г. | G43: 26131 | H43: 26131 | K43: 1201.12
A44: Итого прямые затраты по смете с учетом коэффициентов к итогам (ФиМ ОЗП=0,7; ТЗ=0,7 (Поз. 1-2)) | G44: 18292 | H44: 18292 | K44: 840.78
A45: Накладные расходы | G45: 11890
A46: Сметная прибыль | G46: 7317
A47: Итоги по смете:
A48: Пусконаладочные работы: 'вхолостую' - 80%, 'под нагрузкой' - 20% | G48: 37499 | K48: 840.78
A49: Итого | G49: 37499 | K49: 840.78
A50: В том числе:
A51: ФОТ | G51: 18292
A52: Накладные расходы | G52: 11890
A53: Сметная прибыль | G53: 7317
A54: "Вхолостую" 37 499 * 0,8 | G54: 29999
A55: ВСЕГО по смете | G55: 29999 | K55: 840.78
A59: Составил инженер: ___________________________
A60: (должность, подпись, расшифровка)
A62: Проверил нач. группы: ___________________________
A63: (должность, подпись, расшифровка)

Sheet 4-687
A1: СОГЛАСОВАНО: | I1: УТВЕРЖДАЮ:
A4: ______________ | I4: ____________
A5: " _____ " ________________ 2012 г. | I5: "______ " _______________2012 г.
D6: Реконструкция комплекса по переработке ХВО (пл.7А)
D7: (наименование стройки)
D9: ЛОКАЛЬНЫЙ СМЕТНЫЙ РАСЧЕТ № 09-01-09/4-687(313-2497)
D10: (локальная смета)
A12: на | B12: ПНР "вхолостую" охранного освещения (взамен инв.№313-2047/19-4-2117), СФЗ периметра
D13: (наименование работ и затрат, наименование объекта)
B15: Основание: р.ч.0503.07А.0000-СМ.ВОР3.СС инв.№313-2498, заключение экспертизы №0026-14/ЕГЭ-2791/06 от 09.01.2014г.
B16: Сметная стоимость прочих _______________________________________________________________________________________________ | D16: ___________________________3,288 | F16: тыс. руб.
B17: Средства на оплату труда _______________________________________________________________________________________________ | D17: ___________________________2,005 | F17: тыс. руб.
B18: Сметная трудоемкость _______________________________________________________________________________________________ | D18: _______________________________________________________________________________________________117 | F18: чел.час
B19: Составлен(а) в ценах по состоянию на 01.01.2000 г. (редакция 2009 г.)
A22: № пп | B22: Шифр и номер позиции норматива | C22: Наименование работ и затрат, единица измерения | D22: Количество | E22: Стоимость единицы, руб. | G22: Общая стоимость, руб. | J22: Затраты труда рабочих, чел.-ч, не занятых обслуживанием машин
E23: всего | F23: эксплуата- ции машин | G23: Всего | H23: оплаты труда | I23: эксплуата- ция машин
E24: оплаты труда | F24: в т.ч. оплаты труда | I24: в т.ч. оплаты труда | J24: на единицу | K24: всего
A25: 1 | B25: 2 | C25: 3 | D25: 4 | E25: 5 | F25: 6 | G25: 7 | H25: 8 | I25: 9 | J25: 10 | K25: 11
A26: Раздел 1. Пусконаладочные работы
A27: Учтен к=1,0434 к ФОТ
A28: 1 | B28: ТЕРп01-06-021-01 | C28: Схема разводки трехпроводной системы с количеством панелей (шкафов, ячеек) до 2 (1 схема) | D28: 25 | E28: 67,39 67,39 | G28: 1685 | H28: 1685 | J28: 4 | K28: 100
A29: 2 | B29: ТЕРп01-11-028-01 К=1,3 | C29: Измерение сопротивления изоляции мегаомметром кабельных и других линий напряжением до 1 кВ, предназначенных для передачи электроэнергии к распределительным устройствам, щитам, шкафам, коммутационным аппаратам и электропотребителям (1 линия) | D29: 25 | E29: 9,79 9,79 | G29: 245 | H29: 245 | J29: 0.52 | K29: 13
A30: 3 | B30: ТЕРп01-11-011-01 | C30: Проверка наличия цепи между заземлителями и заземленными элементами (100 точек) | D30: 0,25 0,01*25 | E30: 301,17 301,17 | G30: 75 | H30: 75 | J30: 16 | K30: 4
A31: Итого прямые затраты по разделу в ценах 2001г. | G31: 2005 | H31: 2005 | K31: 117
A32: Накладные расходы | G32: 1303
A33: Сметная прибыль | G33: 802
A34: Итоги по разделу 1 Пусконаладочные работы :
A35: Пусконаладочные работы: 'вхолостую' - 80%, 'под нагрузкой' - 20% | G35: 4110 | K35: 117
A36: Итого | G36: 4110 | K36: 117
A37: В том числе:
A38: ФОТ | G38: 2005
A39: Накладные расходы | G39: 1303
A40: Сметная прибыль | G40: 802
A41: Итого по разделу 1 Пусконаладочные работы | G41: 4110 | K41: 117
A42: ИТОГИ ПО СМЕТЕ:
A43: Итого прямые затраты по смете в ценах 2001г. | G43: 2005 | H43: 2005 | K43: 117
A44: Накладные расходы | G44: 1303
A45: Сметная прибыль | G45: 802
A46: Итоги по смете:
A47: Пусконаладочные работы: 'вхолостую' - 80%, 'под нагрузкой' - 20% | G47: 4110 | K47: 117
A48: Итого | G48: 4110 | K48: 117
A49: В том числе:
A50: ФОТ | G50: 2005
A51: Накладные расходы | G51: 1303
A52: Сметная прибыль | G52: 802
A53: "Вхолостую" 4 110 * 0,8 | G53: 3288
A54: ВСЕГО по смете | G54: 3288 | K54: 117
A57: Составил инженер: ___________________________
A58: (должность, подпись, расшифровка)
A60: Проверил нач. группы: ___________________________
A61: (должность, подпись, расшифровка)

Sheet 4-688
A1: СОГЛАСОВАНО: | I1: УТВЕРЖДАЮ:
A4: ______________ | I4: ____________
A5: " _____ " ________________ 2012 г. | I5: "______ " _______________2012 г.
D6: Реконструкция комплекса по переработке ХВО (пл.7А)
D7: (наименование стройки)
D9: ЛОКАЛЬНЫЙ СМЕТНЫЙ РАСЧЕТ № 09-01-10/4-688(313-2497)
D10: (локальная смета)
A12: на | B12: ПНР "вхолостую" пожарной сигнализации (взамен инв.№313-2047/19-4-2118), Здание 750
D13: (наименование работ и затрат, наименование объекта)
B15: Основание: р.ч.0503.07А.0000-СМ.ВОР3.СС инв.№313-2498, заключение экспертизы №0026-14/ЕГЭ-2791/06 от 09.01.2014г.
B16: Сметная стоимость прочих _______________________________________________________________________________________________ | D16: ___________________________2,649 | F16: тыс. руб.
B17: Средства на оплату труда _______________________________________________________________________________________________ | D17: ___________________________1,615 | F17: тыс. руб.
B18: Сметная трудоемкость _______________________________________________________________________________________________ | D18: _______________________________________________________________________________________________74,25 | F18: чел.час
B19: Составлен(а) в ценах по состоянию на 01.01.2000 г. (редакция 2009г.)
A22: № пп | B22: Шифр и номер позиции норматива | C22: Наименование работ и затрат, единица измерения | D22: Количество | E22: Стоимость единицы, руб. | G22: Общая стоимость, руб. | J22: Затраты труда рабочих, чел.-ч, не занятых обслуживанием машин
E23: всего | F23: эксплуата- ции машин | G23: Всего | H23: оплаты труда | I23: эксплуата- ция машин
E24: оплаты труда | F24: в т.ч. оплаты труда | I24: в т.ч. оплаты труда | J24: на единицу | K24: всего
A25: 1 | B25: 2 | C25: 3 | D25: 4 | E25: 5 | F25: 6 | G25: 7 | H25: 8 | I25: 9 | J25: 10 | K25: 11
A26: Раздел 1. Пусконаладочные работы
A27: Учтен к=1,0434 к ФОТ
A28: Пожарная сигнализация
A29: 1 | B29: ТЕРп02-01-002-03 | C29: Автоматизированная система управления II категории технической сложности с количеством каналов (Кобщ) 10 (1 система) | D29: 1 | E29: 1849,26 1849,26 | G29: 1849 | H29: 1849 | J29: 85 | K29: 85
A30: 2 | B30: ТЕРп02-01-002-04 | C30: Автоматизированная система управления II категории технической сложности с количеством каналов (Кобщ) за каждый канал свыше 10 до 19 добавлять к расценке 02-01-002-03 (1 канал) | D30: 1 | E30: 180,57 180,57 | G30: 181 | H30: 181 | J30: 8.3 | K30: 8.3
A31: Оповещение о пожаре
A32: 3 | B32: ТЕРп02-01-002-01 | C32: Автоматизированная система управления II категории технической сложности с количеством каналов (Кобщ) 2 (1 система) | D32: 1 | E32: 382,91 382,91 | G32: 383 | H32: 383 | J32: 17.6 | K32: 17.6
A33: 4 | B33: ТЕРп02-01-002-02 | C33: Автоматизированная система управления II категории технической сложности с количеством каналов (Кобщ) за каждый канал свыше 2 до 9 добавлять к расценке 02-01-002-01 (1 канал) | D33: 1 | E33: 184,27 184,27 | G33: 184 | H33: 184 | J33: 8.47 | K33: 8.47
A34: Итого прямые затраты по разделу в ценах 2001г. | G34: 2597 | H34: 2597 | K34: 119.37
A35: Итого прямые затраты по разделу с учетом коэффициентов к итогам (ФиМ ОЗП=0,622; ТЗ=0,622 (Поз. 1-4)) | G35: 1615 | H35: 1615 | K35: 74.25
A36: Накладные расходы | G36: 1050
A37: Сметная прибыль | G37: 646
A38: Итоги по разделу 1 Пусконаладочные работы :
A39: Пусконаладочные работы: 'вхолостую' - 80%, 'под нагрузкой' - 20% | G39: 3311 | K39: 74.25
A40: Итого | G40: 3311 | K40: 74.25
A41: В том числе:
A42: ФОТ | G42: 1615
A43: Накладные расходы | G43: 1050
A44: Сметная прибыль | G44: 646
A45: Итого по разделу 1 Пусконаладочные работы | G45: 3311 | K45: 74.25
A46: ИТОГИ ПО СМЕТЕ:
A47: Итого прямые затраты по смете в ценах 2001г. | G47: 2597 | H47: 2597 | K47: 119.37
A48: Итого прямые затраты по смете с учетом коэффициентов к итогам (ФиМ ОЗП=0,622; ТЗ=0,622 (Поз. 1-4)) | G48: 1615 | H48: 1615 | K48: 74.25
A49: Накладные расходы | G49: 1050
A50: Сметная прибыль | G50: 646
A51: Итоги по смете:
A52: Пусконаладочные работы: 'вхолостую' - 80%, 'под нагрузкой' - 20% | G52: 3311 | K52: 74.25
A53: Итого | G53: 3311 | K53: 74.25
A54: В том числе:
A55: ФОТ | G55: 1615
A56: Накладные расходы | G56: 1050
A57: Сметная прибыль | G57: 646
A58: "Вхолостую" 3 311 * 0,8 | G58: 2649
A59: ВСЕГО по смете | G59: 2649 | K59: 74.25
A63: Составил инженер: ___________________________
A64: (должность, подпись, расшифровка)
A66: Проверил нач. группы: ___________________________
A67: (должность, подпись, расшифровка)

Sheet 4-689
A1: СОГЛАСОВАНО: | I1: УТВЕРЖДАЮ:
A4: ______________ | I4: ____________
A5: " _____ " ________________ 2012 г. | I5: "______ " _______________2012 г.
D6: Реконструкция комплекса по переработке ХВО (пл.7А)
D7: (наименование стройки)
D9: ЛОКАЛЬНЫЙ СМЕТНЫЙ РАСЧЕТ № 09-01-11/4-689(313-2497)
D10: (локальная смета)
A12: на | B12: ПНР "вхолостую" пожарной сигнализации (взамен инв.№313-2047/19-4-2119), Здание 750А
D13: (наименование работ и затрат, наименование объекта)
B15: Основание: р.ч.0503.07А.0000-СМ.ВОР3.СС инв.№313-2498, заключение экспертизы №0026-14/ЕГЭ-2791/06 от 09.01.2014г.
B16: Сметная стоимость прочих _______________________________________________________________________________________________ | D16: ___________________________4,626 | F16: тыс. руб.
B17: Средства на оплату труда _______________________________________________________________________________________________ | D17: ___________________________2,821 | F17: тыс. руб.
B18: Сметная трудоемкость _______________________________________________________________________________________________ | D18: _______________________________________________________________________________________________129,69 | F18: чел.час
B19: Составлен(а) в ценах по состоянию на 01.01.2000 г. (редакция 2009г.)
A22: № пп | B22: Шифр и номер позиции норматива | C22: Наименование работ и затрат, единица измерения | D22: Количество | E22: Стоимость единицы, руб. | G22: Общая стоимость, руб. | J22: Затраты труда рабочих, чел.-ч, не занятых обслуживанием машин
E23: всего | F23: эксплуата- ции машин | G23: Всего | H23: оплаты труда | I23: эксплуата- ция машин
E24: оплаты труда | F24: в т.ч. оплаты труда | I24: в т.ч. оплаты труда | J24: на единицу | K24: всего
A25: 1 | B25: 2 | C25: 3 | D25: 4 | E25: 5 | F25: 6 | G25: 7 | H25: 8 | I25: 9 | J25: 10 | K25: 11
A26: Раздел 1. Пусконаладочные работы
A27: Учтен к=1,0434 к ФОТ
A28: Пожарная сигнализация
A29: 1 | B29: ТЕРп02-01-002-05 | C29: Автоматизированная система управления II категории технической сложности с количеством каналов (Кобщ) 20 (1 система) | D29: 1 | E29: 3655 3655 | G29: 3655 | H29: 3655 | J29: 168 | K29: 168
A30: 2 | B30: ТЕРп02-01-002-06 | C30: Автоматизированная система управления II категории технической сложности с количеством каналов (Кобщ) за каждый канал свыше 20 до 39 добавлять к расценке 02-01-002-05 (1 канал) | D30: 5 | E30: 176,22 176,22 | G30: 881 | H30: 881 | J30: 8.1 | K30: 40.5
A31: Итого прямые затраты по разделу в ценах 2001г. | G31: 4536 | H31: 4536 | K31: 208.5
A32: Итого прямые затраты по разделу с учетом коэффициентов к итогам (ФиМ ОЗП=0,622; ТЗ=0,622 (Поз. 1-2)) | G32: 2821 | H32: 2821 | K32: 129.69
A33: Накладные расходы | G33: 1834
A34: Сметная прибыль | G34: 1128
A35: Итоги по разделу 1 Пусконаладочные работы :
A36: Пусконаладочные работы: 'вхолостую' - 80%, 'под нагрузкой' - 20% | G36: 5783 | K36: 129.69
A37: Итого | G37: 5783 | K37: 129.69
A38: В том числе:
A39: ФОТ | G39: 2821
A40: Накладные расходы | G40: 1834
A41: Сметная прибыль | G41: 1128
A42: Итого по разделу 1 Пусконаладочные работы | G42: 5783 | K42: 129.69
A43: ИТОГИ ПО СМЕТЕ:
A44: Итого прямые затраты по смете в ценах 2001г. | G44: 4536 | H44: 4536 | K44: 208.5
A45: Итого прямые затраты по смете с учетом коэффициентов к итогам (ФиМ ОЗП=0,622; ТЗ=0,622 (Поз. 1-2)) | G45: 2821 | H45: 2821 | K45: 129.69
A46: Накладные расходы | G46: 1834
A47: Сметная прибыль | G47: 1128
A48: Итоги по смете:
A49: Пусконаладочные работы: 'вхолостую' - 80%, 'под нагрузкой' - 20% | G49: 5783 | K49: 129.69
A50: Итого | G50: 5783 | K50: 129.69
A51: В том числе:
A52: ФОТ | G52: 2821
A53: Накладные расходы | G53: 1834
A54: Сметная прибыль | G54: 1128
A55: "Вхолостую" 5 783 * 0,8 | G55: 4626
A56: ВСЕГО по смете | G56: 4626 | K56: 129.69
A60: Составил инженер: ___________________________
A61: (должность, подпись, расшифровка)
A63: Проверил нач. группы: ___________________________
A64: (должность, подпись, расшифровка)

Sheet 4-690
A1: СОГЛАСОВАНО: | I1: УТВЕРЖДАЮ:
A4: ______________ | I4: ____________
A5: " _____ " ________________ 2012 г. | I5: "______ " _______________2012 г.
D6: Реконструкция комплекса по переработке ХВО (пл.7А)
D7: (наименование стройки)
D9: ЛОКАЛЬНЫЙ СМЕТНЫЙ РАСЧЕТ № 09-01-12/4-690(313-2497)
D10: (локальная смета)
A12: на | B12: ПНР "вхолостую" наружного освещения (взамен инв.№313-2047/19-4-2120), Здание 750а
D13: (наименование работ и затрат, наименование объекта)
B15: Основание: р.ч.0503.07А.0000-СМ.ВОР3.СС инв.№313-2498, заключение экспертизы №0026-14/ЕГЭ-2791/06 от 09.01.2014г.
B16: Сметная стоимость прочих _______________________________________________________________________________________________ | D16: ___________________________0,264 | F16: тыс. руб.
B17: Средства на оплату труда _______________________________________________________________________________________________ | D17: ___________________________0,161 | F17: тыс. руб.
B18: Сметная трудоемкость _______________________________________________________________________________________________ | D18: _______________________________________________________________________________________________9,36 | F18: чел.час
B19: Составлен(а) в ценах по состоянию на 01.01.2000 г. (редакция 2009г.)
A22: № пп | B22: Шифр и номер позиции норматива | C22: Наименование работ и затрат, единица измерения | D22: Количество | E22: Стоимость единицы, руб. | G22: Общая стоимость, руб. | J22: Затраты труда рабочих, чел.-ч, не занятых обслуживанием машин
E23: всего | F23: эксплуата- ции машин | G23: Всего | H23: оплаты труда | I23: эксплуата- ция машин
E24: оплаты труда | F24: в т.ч. оплаты труда | I24: в т.ч. оплаты труда | J24: на единицу | K24: всего
A25: 1 | B25: 2 | C25: 3 | D25: 4 | E25: 5 | F25: 6 | G25: 7 | H25: 8 | I25: 9 | J25: 10 | K25: 11
A26: Раздел 1. Пусконаладочные работы
A27: Учтен к=1,0434 к ФОТ
A28: 1 | B28: ТЕРп01-06-021-01 | C28: Схема разводки трехпроводной системы с количеством панелей (шкафов, ячеек) до 2 (1 схема) | D28: 2 | E28: 67,39 67,39 | G28: 135 | H28: 135 | J28: 4 | K28: 8
A29: 2 | B29: ТЕРп01-11-028-01 К=1,3 | C29: Измерение сопротивления изоляции мегаомметром кабельных и других линий напряжением до 1 кВ, предназначенных для передачи электроэнергии к распределительным устройствам, щитам, шкафам, коммутационным аппаратам и электропотребителям (1 линия) | D29: 2 | E29: 9,79 9,79 | G29: 20 | H29: 20 | J29: 0.52 | K29: 1.04
A30: 3 | B30: ТЕРп01-11-011-01 | C30: Проверка наличия цепи между заземлителями и заземленными элементами (100 точек) | D30: 0,02 0,01*2 | E30: 301,17 301,17 | G30: 6 | H30: 6 | J30: 16 | K30: 0.32
A31: Итого прямые затраты по разделу в ценах 2001г. | G31: 161 | H31: 161 | K31: 9.36
A32: Накладные расходы | G32: 105
A33: Сметная прибыль | G33: 64
A34: Итоги по разделу 1 Пусконаладочные работы :
A35: Пусконаладочные работы: 'вхолостую' - 80%, 'под нагрузкой' - 20% | G35: 330 | K35: 9.36
A36: Итого | G36: 330 | K36: 9.36
A37: В том числе:
A38: ФОТ | G38: 161
A39: Накладные расходы | G39: 105
A40: Сметная прибыль | G40: 64
A41: Итого по разделу 1 Пусконаладочные работы | G41: 330 | K41: 9.36
A42: ИТОГИ ПО СМЕТЕ:
A43: Итого прямые затраты по смете в ценах 2001г. | G43: 161 | H43: 161 | K43: 9.36
A44: Накладные расходы | G44: 105
A45: Сметная прибыль | G45: 64
A46: Итоги по смете:
A47: Пусконаладочные работы: 'вхолостую' - 80%, 'под нагрузкой' - 20% | G47: 330 | K47: 9.36
A48: Итого | G48: 330 | K48: 9.36
A49: В том числе:
A50: ФОТ | G50: 161
A51: Накладные расходы | G51: 105
A52: Сметная прибыль | G52: 64
A53: "Вхолостую" 330 * 0,8 | G53: 264
A54: ВСЕГО по смете | G54: 264 | K54: 9.36
A57: Составил инженер: ___________________________
A58: (должность, подпись, расшифровка)
A60: Проверил нач. группы: ___________________________
A61: (должность, подпись, расшифровка)

Sheet Расчет-7А
A1: Расчет начальной (максимальной) цены
A2: на пусконаладочные работы по объекту "Реконструкция комплекса по переработке ХВО, площадка 7А"
A4: Наименование глав ССР, объектный сметных расчетов, локальных сметных расчетов, видов прочих работ | B4: Сметная стоимость строительства в базисном уровне цен на 01.01.2000г. по ССР | F4: Остаток сметной стоимости в базисном уровне цен на дату проведения процедуры закупки | J4: Сметная стоимость строительства в базисном уровне цен на 01.01.2000г., выставленная на конкурс | N4: Текущая стоимость на момент определения начальной (максимальной) цены | O4: № обосновывающего расчета | P4: 2015 год
B5: СМР | C5: Оборудование | D5: Прочие | E5: Всего | F5: СМР | G5: Оборудование | H5: Прочие | I5: Всего | J5: СМР | K5: Оборудование | L5: Прочие | M5: Всего | P5: СМР | Q5: Оборудование | R5: Прочие
A6: 1 | B6: 2 | C6: 3 | D6: 4 | E6: 5 | F6: 6 | G6: 7 | H6: 8 | I6: 9 | J6: 10 | K6: 11 | L6: 12 | M6: 13 | N6: 14 | O6: 15 | P6: 16 | Q6: 17 | R6: 18
A7: Глава 9. Прочие работы и затраты
A8: Производственный корпус. Здание 753А
A9: ПНР "вхолостую" технологического оборудования | C9: 0 | D9: ='4-684'!G81 -> 25596 | E9: =SUM(B9:D9) -> 25596 | F9: =B9 -> 0 | G9: =C9 -> 0 | H9: =D9 -> 25596 | I9: =SUM(F9:H9) -> 25596 | J9: =P9 -> 0 | K9: =Q9 -> 0 | L9: =R9 -> 25596 | M9: =SUM(J9:L9) -> 25596 | N9: =ROUND(R9*10.05,0) -> 257240 | O9: 313-2497/09-01-01/4-684 (взамен инв.№313-2047/19-4-2110) | P9: =F9 -> 0 | Q9: =G9 -> 0 | R9: =H9 -> 25596
A10: ПНР "вхолостую" грузоподъемного оборудования | C10: 0 | D10: ='4-686'!G54 -> 12961 | E10: =SUM(B10:D10) -> 12961 | F10: =B10 -> 0 | G10: =C10 -> 0 | H10: =D10 -> 12961 | I10: =SUM(F10:H10) -> 12961 | J10: =P10 -> 0 | K10: =Q10 -> 0 | L10: =R10 -> 12961 | M10: =SUM(J10:L10) -> 12961 | N10: =ROUND(R10*10.05,0) -> 130258 | O10: 313-2497/09-01-02/4-686 (взамен инв.№313-2047/19-4-2111) | P10: =F10 -> 0 | Q10: =G10 -> 0 | R10: =H10 -> 12961
A11: ПНР "вхолостую" вентиляционного оборудования | C11: 0 | D11: ='3-247'!G71 -> 105811 | E11: =SUM(B11:D11) -> 105811 | F11: =B11 -> 0 | G11: =C11 -> 0 | H11: =D11 -> 105811 | I11: =SUM(F11:H11) -> 105811 | J11: =P11 -> 0 | K11: =Q11 -> 0 | L11: =R11 -> 105811 | M11: =SUM(J11:L11) -> 105811 | N11: =ROUND(R11*10.05,0) -> 1063401 | O11: 313-2497/09-01-03/3-247 | P11: =F11 -> 0 | Q11: =G11 -> 0 | R11: =H11 -> 105811
A12: ПНР "вхолостую" силовое электрооборудование | D12: ='4-680'!G93 -> 69543 | E12: =SUM(B12:D12) -> 69543 | F12: =B12 -> 0 | G12: =C12 -> 0 | H12: =D12 -> 69543 | I12: =SUM(F12:H12) -> 69543 | J12: =P12 -> 0 | K12: =Q12 -> 0 | L12: =R12 -> 69543 | M12: =SUM(J12:L12) -> 69543 | N12: =ROUND(R12*10.05,0) -> 698907 | O12: 313-2497/09-01-04/4-680 (взамен инв.№313-2047/19-4-2112) | P12: =F12 -> 0 | Q12: =G12 -> 0 | R12: =H12 -> 69543
A13: ПНР "вхолостую" электроосвещения | C13: 0 | D13: ='4-681'!G58 -> 27411 | E13: =SUM(B13:D13) -> 27411 | F13: =B13 -> 0 | G13: =C13 -> 0 | H13: =D13 -> 27411 | I13: =SUM(F13:H13) -> 27411 | J13: =P13 -> 0 | K13: =Q13 -> 0 | L13: =R13 -> 27411 | M13: =SUM(J13:L13) -> 27411 | N13: =ROUND(R13*10.05,0) -> 275481 | O13: 313-2497/09-01-05/4-681 (взамен инв.№313-2047/19-4-2113) | P13: =F13 -> 0 | Q13: =G13 -> 0 | R13: =H13 -> 27411
A14: ПНР "вхолостую" автоматизации | D14: ='4-682'!G70 -> 34066 | E14: =SUM(B14:D14) -> 34066 | F14: =B14 -> 0 | G14: =C14 -> 0 | H14: =D14 -> 34066 | I14: =SUM(F14:H14) -> 34066 | J14: =P14 -> 0 | K14: =Q14 -> 0 | L14: =R14 -> 34066 | M14: =SUM(J14:L14) -> 34066 | N14: =ROUND(R14*10.05,0) -> 342363 | O14: 313-2497/09-01-06/4-682 (взамен инв.№313-2047/19-4-2114) | P14: =F14 -> 0 | Q14: =G14 -> 0 | R14: =H14 -> 34066
A15: ПНР "вхолостую" пожарную сигнализацию | C15: 0 | D15: ='4-683'!G59 -> 32755 | E15: =SUM(B15:D15) -> 32755 | F15: =B15 -> 0 | G15: =C15 -> 0 | H15: =D15 -> 32755 | I15: =SUM(F15:H15) -> 32755 | J15: =P15 -> 0 | K15: =Q15 -> 0 | L15: =R15 -> 32755 | M15: =SUM(J15:L15) -> 32755 | N15: =ROUND(R15*10.05,0) -> 329188 | O15: 313-2497/09-01-07/4-683 (взамен инв.№313-2047/19-4-2115) | P15: =F15 -> 0 | Q15: =G15 -> 0 | R15: =H15 -> 32755
A16: СФЗ периметра | E16: =SUM(B16:D16) -> 0 | F16: =B16 -> 0 | G16: =C16 -> 0 | H16: =D16 -> 0 | I16: =SUM(F16:H16) -> 0 | J16: =P16 -> 0 | K16: =Q16 -> 0 | L16: =R16 -> 0 | M16: =SUM(J16:L16) -> 0 | N16: =ROUND(R16*10.05,0) -> 0 | P16: =F16 -> 0 | Q16: =G16 -> 0 | R16: =H16 -> 0
A17: ПНР "вхолостую" охранную сигнализацию периметра | D17: ='4-685'!G55 -> 29999 | E17: =SUM(B17:D17) -> 29999 | F17: =B17 -> 0 | G17: =C17 -> 0 | H17: =D17 -> 29999 | I17: =SUM(F17:H17) -> 29999 | J17: =P17 -> 0 | K17: =Q17 -> 0 | L17: =R17 -> 29999 | M17: =SUM(J17:L17) -> 29999 | N17: =ROUND(R17*10.05,0) -> 301490 | O17: 313-2497/09-01-08/4-685 (взамен инв.№313-2047/19-4-2116) | P17: =F17 -> 0 | Q17: =G17 -> 0 | R17: =H17 -> 29999
A18: ПНР "вхолостую" охранного освещения | D18: ='4-687'!G54 -> 3288 | E18: =SUM(B18:D18) -> 3288 | F18: =B18 -> 0 | G18: =C18 -> 0 | H18: =D18 -> 3288 | I18: =SUM(F18:H18) -> 3288 | J18: =P18 -> 0 | K18: =Q18 -> 0 | L18: =R18 -> 3288 | M18: =SUM(J18:L18) -> 3288 | N18: =ROUND(R18*10.05,0) -> 33044 | O18: 313-2497/09-01-09/4-687 (взамен инв.№313-2047/19-4-2117) | P18: =F18 -> 0 | Q18: =G18 -> 0 | R18: =H18 -> 3288
A19: Шламохранилище. Здание 750 | E19: =SUM(B19:D19) -> 0 | F19: =B19 -> 0 | G19: =C19 -> 0 | H19: =D19 -> 0 | I19: =SUM(F19:H19) -> 0 | J19: =P19 -> 0 | K19: =Q19 -> 0 | L19: =R19 -> 0 | M19: =SUM(J19:L19) -> 0 | N19: =ROUND(R19*10.05,0) -> 0 | P19: =F19 -> 0 | Q19: =G19 -> 0 | R19: =H19 -> 0
A20: ПНР "вхолостую" пожарной сигнализации | D20: ='4-688'!G59 -> 2649 | E20: =SUM(B20:D20) -> 2649 | F20: =B20 -> 0 | G20: =C20 -> 0 | H20: =D20 -> 2649 | I20: =SUM(F20:H20) -> 2649 | J20: =P20 -> 0 | K20: =Q20 -> 0 | L20: =R20 -> 2649 | M20: =SUM(J20:L20) -> 2649 | N20: =ROUND(R20*10.05,0) -> 26622 | O20: 313-2497/09-01-10/4-688 (взамен инв.№313-2047/19-4-2118) | P20: =F20 -> 0 | Q20: =G20 -> 0 | R20: =H20 -> 2649
A21: Склад. Здание 750А | B21: 0 | C21: 0 | E21: =SUM(B21:D21) -> 0 | F21: =B21 -> 0 | G21: =C21 -> 0 | H21: =D21 -> 0 | I21: =SUM(F21:H21) -> 0 | J21: =P21 -> 0 | K21: =Q21 -> 0 | L21: =R21 -> 0 | M21: =SUM(J21:L21) -> 0 | N21: =ROUND(R21*10.05,0) -> 0 | P21: =F21 -> 0 | Q21: =G21 -> 0
A22: ПНР "вхолостую" пожарной сигнализации | C22: 0 | D22: ='4-689'!G56 -> 4626 | E22: =SUM(B22:D22) -> 4626 | F22: =B22 -> 0 | G22: =C22 -> 0 | H22: =D22 -> 4626 | I22: =SUM(F22:H22) -> 4626 | J22: =P22 -> 0 | K22: =Q22 -> 0 | L22: =R22 -> 4626 | M22: =SUM(J22:L22) -> 4626 | N22: =ROUND(R22*10.05,0) -> 46491 | O22: 313-2497/09-01-11/4-689 (взамен инв.№313-2047/19-4-2119) | Q22: =G22 -> 0 | R22: =H22 -> 4626
A23: ПНР "вхолостую" наружного освещения | C23: 0 | D23: ='4-690'!G54 -> 264 | E23: =SUM(B23:D23) -> 264 | F23: =B23 -> 0 | G23: 0 | H23: =D23 -> 264 | I23: =SUM(F23:H23) -> 264 | J23: =P23 -> 0 | K23: =Q23 -> 0 | L23: =R23 -> 264 | M23: =SUM(J23:L23) -> 264 | N23: =ROUND(R23*10.05,0) -> 2653 | O23: 313-2497/09-01-12/4-690 (взамен инв.№313-2047/19-4-2120) | P23: =F23 -> 0 | Q23: 0 | R23: =H23 -> 264
A24: Итого по главе 9: | B24: =SUM(B8:B23) -> 0 | C24: =SUM(C8:C23) -> 0 | D24: =SUM(D8:D23) -> 348969 | E24: =SUM(E8:E23) -> 348969 | F24: =SUM(F8:F23) -> 0 | G24: =SUM(G8:G23) -> 0 | H24: =SUM(H8:H23) -> 348969 | I24: =SUM(I8:I23) -> 348969 | ... R24: =SUM(R8:R23) -> 348969
A25: Итого в ценах 2000 года: | D25: =D24 -> 348969 | E25: =E24 -> 348969 | F25: =F24 -> 0 | G25: =G24 -> 0 | H25: =H24 -> 348969 | I25: =I24 -> 348969 | J25: =J24 -> 0 | K25: =K24 -> 0 | ... M25: =M24 -> 348969 | O25: =O24 -> 0 | P25: =P24 -> 0 | Q25: =Q24 -> 0 | R25: =R24 -> 348969
A26: Итого в текущих ценах*: | N26: =SUM(P26:R26) -> 3507138 | P26: =ROUND(P24*5.73,0) -> 0 | Q26: =ROUND(Q24*4.03,0) -> 0 | R26: =ROUND(R24*10.05,0) -> 3507138
A27: НДС 18% | N27: =SUM(P27:R27) -> 631284.84 | P27: =ROUND(P26*18%,2) -> 0 | Q27: =ROUND(Q26*18%,2) -> 0 | R27: =ROUND(R26*18%,2) -> 631284.84
A28: Всего с НДС: | N28: =N26+N27 -> 4138422.8 | P28: =P26+P27 -> 0 | Q28: =Q26+Q27 -> 0 | R28: =R26+R27 -> 4138422.8
A30: * В расчете использованы индексы:
A31: - 10,05 индекс изменения сметной стоимости ПНР к ТЕР 2001 (письмо Минстроя России от 06.02.2015г. № 3004-АС/08 приложение 1, пусконаладочные работы)
A33: Начальник отдела капитального строительства ФГУП "Комбинат "Электрохимприбор"
A35: Инженер по проектно-сметной работе
A37: Согласовано

Sheet 3-107
A1: СОГЛАСОВАНО: | I1: УТВЕРЖДАЮ:
A4: ______________ | I4: ____________
A5: " _____ " ________________ 2012 г. | I5: "______ " _______________2012 г.
D6: Реконструкция комплекса по переработке РАО (Пл.7Б)
D7: (наименование стройки)
D9: ЛОКАЛЬНЫЙ СМЕТНЫЙ РАСЧЕТ № 09-01-01изм.1/3-107 (313-2159)
D10: (локальная смета)
A12: на | B12: ПНР вхолостую систем вентиляции (взамен 09-01-01/3-1907 (312-2176), Здание 765
D13: (наименование работ и затрат, наименование объекта)
B15: Основание: 0503.07Б.0765-СМ.ВОР №313-2160, Замечания экспертизы ГГЭ от 19.07.2013г.
B16: Сметная стоимость прочих _______________________________________________________________________________________________ | D16: ___________________________23,540 | F16: тыс. руб.
B17: Средства на оплату труда _______________________________________________________________________________________________ | D17: ___________________________15,311 | F17: тыс. руб.
B18: Сметная трудоемкость _______________________________________________________________________________________________ | D18: _______________________________________________________________________________________________821,31 | F18: чел.час
B19: Трудозатраты механизаторов _______________________________________________________________________________________________ | D19: _______________________________________________________________________________________________0 | F19: чел.час
B20: Составлен(а) в ценах по состоянию на 01.01.2000 (редакция 2009г.)
A23: № пп | B23: Шифр и номер позиции норматива | C23: Наименование работ и затрат, единица измерения | D23: Количество | E23: Стоимость единицы, руб. | G23: Общая стоимость, руб. | J23: Затраты труда рабочих, чел.-ч, не занятых обслуживанием машин
E24: всего | F24: эксплуата- ции машин | G24: Всего | H24: оплаты труда | I24: эксплуата- ция машин
E25: оплаты труда | F25: в т.ч. оплаты труда | I25: в т.ч. оплаты труда | J25: на единицу | K25: всего
A26: 1 | B26: 2 | C26: 3 | D26: 4 | E26: 5 | F26: 6 | G26: 7 | H26: 8 | I26: 9 | J26: 10 | K26: 11
A27: Раздел 1. Пусконаладочные работы
A28: 1 | B28: ТЕРп03-01-002-13 | C28: Вентилятор радиальный (центробежный), диаметральный или крышный до № 5 (1 устройство) | D28: 22 | E28: 69,59 69,59 | G28: 1531 | H28: 1531 | J28: 3.75 | K28: 82.5
A29: 2 | B29: ТЕРп03-01-002-14 | C29: Вентилятор радиальный (центробежный), диаметральный или крышный до № 10 (1 устройство) | D29: 3 | E29: 97,43 97,43 | G29: 292 | H29: 292 | J29: 5.25 | K29: 15.75
A30: 3 | B30: ТЕРп03-01-002-09 | C30: Вентилятор осевой с поворотными лопатками до № 8 (1 устройство) | D30: 19 | E30: 35,97 35,97 | G30: 683 | H30: 683 | J30: 1.95 | K30: 37.05
A31: 4 | B31: ТЕРп03-01-055-01 | C31: Определение амплитуд виброперемещения (виброскорости, виброускорения), виброизолированных вентиляторных установок и разработка мероприятий по доведению их значений до допустимого предела (1 вентиляторная установка) | D31: 25 | E31: 304,39 304,39 | G31: 7610 | H31: 7610 | J31: 16.5 | K31: 412.5
A32: 5 | B32: ТЕРп03-01-022-01 | C32: Сеть систем вентиляции и кондиционирования воздуха при количестве сечений до 5 (1 вентиляционная сеть) | D32: 1 | E32: 142,94 142,94 | G32: 143 | H32: 143 | J32: 7.5 | K32: 7.5
A33: 6 | B33: ТЕРп03-01-070-01 | C33: Кондиционер местный автономный шкафного типа со встроенной холодильной машиной, номинальной подачей по воздуху свыше 1 тыс. м3/ч до 3,5 тыс. м3/ч, при количестве однотипных кондиционеров в машинном зале (помещении) 1 (1 кондиционер) | D33: 1 | E33: 385,93 385,93 | G33: 386 | H33: 386 | J33: 20.25 | K33: 20.25
A34: 7 | B34: ТЕРп03-01-060-01 | C34: Система кондиционирования воздуха центральная с номинальной подачей по воздуху до 10 тыс. м3/ч, при количестве однотипных установок в машинном зале 1 (1 установка) | D34: 7 | E34: 586,04 586,04 | G34: 4102 | H34: 4102 | J34: 30.75 | K34: 215.25
A35: 8 | B35: ТЕРп03-01-028-02 | C35: Фильтр рамный и ячейковый (матерчатый, бумажный, сетчатый) масляный, фильтр-поглотитель и др. при количестве ячеек до 8 (1 устройство) | D35: 23 | E35: 20,88 20,88 | G35: 480 | H35: 480 | J35: 1.13 | K35: 25.99
A36: 9 | B36: ТЕРп03-01-029-01 | C36: Фильтр масляный, самоочищающийся или рулонный (1 устройство) | D36: 4 | E36: 20,88 20,88 | G36: 84 | H36: 84 | J36: 1.13 | K36: 4.52
A37: Итого прямые затраты по разделу в ценах 2001г. | G37: 15311 | H37: 15311 | K37: 821.31
A38: Накладные расходы | G38: 9952
A39: Сметная прибыль | G39: 6124
A40: Итоги по разделу 1 Пусконаладочные работы :
A41: Пусконаладочные работы: 'вхолостую' - 75%, 'под нагрузкой' - 25% | G41: 31387 | K41: 821.31
A42: Итого | G42: 31387 | K42: 821.31
A43: В том числе:
A44: ФОТ | G44: 15311
A45: Накладные расходы | G45: 9952
A46: Сметная прибыль | G46: 6124
A47: Итого по разделу 1 Пусконаладочные работы | G47: 31387 | K47: 821.31
A48: ИТОГИ ПО СМЕТЕ:
A49: Итого прямые затраты по смете в ценах 2001г. | G49: 15311 | H49: 15311 | K49: 821.31
A50: Накладные расходы | G50: 9952
A51: Сметная прибыль | G51: 6124
A52: Итоги по смете:
A53: Пусконаладочные работы: 'вхолостую' - 75%, 'под нагрузкой' - 25% | G53: 31387 | K53: 821.31
A54: Итого | G54: 31387 | K54: 821.31
A55: В том числе:
A56: ФОТ | G56: 15311
A57: Накладные расходы | G57: 9952
A58: Сметная прибыль | G58: 6124
A59: Вхолостую 75% 31 387 * 0,75 | G59: 23540
A60: ВСЕГО по смете | G60: 23540 | K60: 821.31
A64: Составил инженер: ___________________________
A65: (должность, подпись, расшифровка)
A67: Проверил нач. группы: __________________________
A68: (должность, подпись, расшифровка)

Sheet 4-134
A1: СОГЛАСОВАНО: | I1: УТВЕРЖДАЮ:
A4: ______________ | I4: ____________
A5: " _____ " ________________ 2012 г. | I5: "______ " _______________2012 г.
D6: Реконструкция комплекса по переработке РАО (пл.7Б)
D7: (наименование стройки)
D9: ЛОКАЛЬНЫЙ СМЕТНЫЙ РАСЧЕТ № 09-01-02изм1/4-134(313-2159)
D10: (локальная смета)
A12: на | B12: ПНР вхолостую ТХ оборудования ( взамен №09-01-02/4-2023(312-2176)), здание 765
D13: (наименование работ и затрат, наименование объекта)
B15: Основание: 0503.07Б.0765-СМ.ВОР №313-2160,замечания ГГЭ от 19.07.13
B16: Сметная стоимость прочих _______________________________________________________________________________________________ | D16: ___________________________51,089 | F16: тыс. руб.
B17: Средства на оплату труда _______________________________________________________________________________________________ | D17: ___________________________24,922 | F17: тыс. руб.
B18: Сметная трудоемкость _______________________________________________________________________________________________ | D18: _______________________________________________________________________________________________4131,6 | F18: чел.час
B19: Составлен(а) в ценах по состоянию на 01.01.2000г. (редакция 2009)
A22: № пп | B22: Шифр и номер позиции норматива | C22: Наименование работ и затрат, единица измерения | D22: Количество | E22: Стоимость единицы, руб. | G22: Общая стоимость, руб. | J22: Затраты труда рабочих, чел.-ч, не занятых обслуживанием машин
E23: всего | F23: эксплуата- ции машин | G23: Всего | H23: оплаты труда | I23: эксплуата- ция машин
E24: оплаты труда | F24: в т.ч. оплаты труда | I24: в т.ч. оплаты труда | J24: на единицу | K24: всего
A25: 1 | B25: 2 | C25: 3 | D25: 4 | E25: 5 | F25: 6 | G25: 7 | H25: 8 | I25: 9 | J25: 10 | K25: 11
A26: Раздел 1. Пусконаладочные работы
A28: Помещение 138
A29: 1 | B29: ТЕРп05-01-063-01 | C29: Ножницы гидравлические листовые с наклонным ножом, с ЧПУ, наибольшая толщина разрезаемого листа 32 мм, масса 30 т (1 шт.) | D29: 1 | E29: 14015,4 14015,4 | G29: 14015 | H29: 14015 | J29: 710 | K29: 710
A30: 2 | B30: ТЕРп07-05-002-01 прим | C30: Установка для дезактивации в к-те (1 установка) | D30: 1 | E30: 2624,83 2624,83 | G30: 2625 | H30: 2625 | J30: 129 | K30: 129
A31: 3 | B31: ТЕРп09-02-035-01 | C31: группа насосов одного назначения,производительность до 1600 м3/сут (1 установка) | D31: 1 | E31: 592,41 592,41 | G31: 592 | H31: 592 | J31: 27 | K31: 27
A32: Помещение 102
A33: 4 | B33: ТЕРп05-01-029-01 прим | C33: Установка прессования ТРО (1 шт.) | D33: 1 | E33: 56405,16 56405,16 | G33: 56405 | H33: 56405 | J33: 2800 | K33: 2800
A34: Помещение 109
A35: 5 | B35: ТЕРп08-01-002-03 прим | C35: Измельчитель роторный (1 шт.) | D35: 1 | E35: 1743,45 1743,45 | G35: 1743 | H35: 1743 | J35: 110 | K35: 110
A36: Саншлюз (Помещения 107,002)
A37: 6 | B37: ТЕРп07-07-021-01 прим | C37: Комплект устройства для обмыва обуви с ванной и отводом воды (1 уст) | D37: 2 | E37: 386,6 386,6 | G37: 773 | H37: 773 | J37: 19 | K37: 38
A38: Прочее технологическое оборудование
A39: 7 | B39: ТЕРп09-02-035-02 | C39: Группа насосов одного назначения, производительность до 8000 м3/сут (1 установка) | D39: 1 | E39: 833,76 833,76 | G39: 834 | H39: 834 | J39: 38 | K39: 38
A40: 8 | B40: ТЕРп07-07-001-01 прим | C40: Комплект оборудования резервуаров для стоков (1 система) | D40: 1 | E40: 610,43 610,43 | G40: 610 | H40: 610 | J40: 30 | K40: 30
A41: 9 | B41: ТЕРп09-01-010-01 | C41: Аэрофильтр, производительность до 1600 м3/сут (1 узел) | D41: 4 | E41: 1369,12 1369,12 | G41: 5476 | H41: 5476 | J41: 62.4 | K41: 249.6
A42: Итого прямые затраты по разделу в ценах 2001г. | G42: 83073 | H42: 83073 | K42: 4131.6
A43: Накладные расходы | G43: 53997
A44: Сметная прибыль | G44: 33228
A45: Итоги по разделу 1 Пусконаладочные работы :
A46: Пусконаладочные работы: 'вхолостую' - 70%, 'под нагрузкой' - 30% | G46: 144361 | K46: 3510
A47: Пусконаладочные работы: 'вхолостую' - 60%, 'под нагрузкой' - 40% | G47: 11789 | K47: 307
A48: Пусконаладочные работы: 'вхолостую' - 30%, 'под нагрузкой' - 70% | G48: 2923 | K48: 65
A49: Пусконаладочные работы: 'вхолостую' - 25%, 'под нагрузкой' - 75% | G49: 11225 | K49: 249.6
A50: Итого | G50: 170298 | K50: 4131.6
A51: В том числе:
A52: ФОТ | G52: 83073
A53: Накладные расходы | G53: 53997
A54: Сметная прибыль | G54: 33228
A55: Итого по разделу 1 Пусконаладочные работы | G55: 170298 | K55: 4131.6
A56: ИТОГИ ПО СМЕТЕ:
A57: Итого прямые затраты по смете в ценах 2001г. | G57: 83073 | H57: 83073 | K57: 4131.6
A58: Накладные расходы | G58: 53997
A59: В том числе, справочно:
A60: 65% ФОТ (от 83073) (Поз. 1, 4, 2, 5-6, 8, 3, 7, 9) | G60: 53997
A61: Сметная прибыль | G61: 33228
A62: В том числе, справочно:
A63: 40% ФОТ (от 83073) (Поз. 1, 4, 2, 5-6, 8, 3, 7, 9) | G63: 33228
A64: Итоги по смете:
A65: Итого | G65: 170298 | K65: 4131.6
A66: В том числе:
A67: ФОТ | G67: 83073
A68: Накладные расходы | G68: 53997
A69: Сметная прибыль | G69: 33228
A70: Вхолостую 30% 170 298 * 0,3 | G70: 51089
A71: ВСЕГО по смете | G71: 51089 | K71: 4131.6
A75: Составил инженер: ___________________________
A76: (должность, подпись, расшифровка)
A78: Проверил нач. группы: ___________________________
A79: (должность, подпись, расшифровка)

Sheet 4-135
A1: СОГЛАСОВАНО: | I1: УТВЕРЖДАЮ:
A4: ______________ | I4: ____________
A5: " _____ " ________________ 2012 г. | I5: "______ " _______________2012 г.
D6: Реконструкция комплекса по переработке РАО (пл.7Б)
D7: (наименование стройки)
D9: ЛОКАЛЬНЫЙ СМЕТНЫЙ РАСЧЕТ № 09-01-03изм1/4-135(313-2159)
D10: (локальная смета)
A12: на | B12: ПНР вхолостую ТХ оборудования прачечной( взамен №09-01-03/4-2024(312-2176)). Здание 765
D13: (наименование работ и затрат, наименование объекта)
B15: Основание: 0503.07Б.0765-СМ.ВОР №313-2160,замечания ГГЭ от 19.07.13
B16: Сметная стоимость прочих _______________________________________________________________________________________________ | D16: ___________________________1,530 | F16: тыс. руб.
B17: Средства на оплату труда _______________________________________________________________________________________________ | D17: ___________________________0,746 | F17: тыс. руб.
B18: Сметная трудоемкость _______________________________________________________________________________________________ | D18: _______________________________________________________________________________________________373,6 | F18: чел.час
B19: Составлен(а) в ценах по состоянию на 01.01.2000г(редакция 2009)
A22: № пп | B22: Шифр и номер позиции норматива | C22: Наименование работ и затрат, единица измерения | D22: Количество | E22: Стоимость единицы, руб. | G22: Общая стоимость, руб. | J22: Затраты труда рабочих, чел.-ч, не занятых обслуживанием машин
E23: всего | F23: эксплуата- ции машин | G23: Всего | H23: оплаты труда | I23: эксплуата- ция машин
E24: оплаты труда | F24: в т.ч. оплаты труда | I24: в т.ч. оплаты труда | J24: на единицу | K24: всего
A25: 1 | B25: 2 | C25: 3 | D25: 4 | E25: 5 | F25: 6 | G25: 7 | H25: 8 | I25: 9 | J25: 10 | K25: 11
A26: Раздел 1. Пусконаладочные работы
A28: Стиральный зал и сушильно-гладильное отделение
A29: 2 | B29: ТЕРп09-02-050-01 прим | C29: Машины автоматизированные сушильные, стиральные (1 установка) | D29: 5 3+2 | E29: 438,82 438,82 | G29: 2194 | H29: 2194 | J29: 20 | K29: 100
A30: 3 | B30: ТЕРп07-05-008-01 прим | C30: Система дозирования жидких моющих средств с 3-мя насосами, фильтрами, шлангами и пр. (1 установка) | D30: 4 | E30: 1063,1 1063,1 | G30: 4252 | H30: 4252 | J30: 55.2 | K30: 220.8
A31: Помещение химочистки
A32: 4 | B32: ТЕРп07-05-009-01 прим | C32: Машина химической очистки (1 установка) | D32: 1 | E32: 1016,87 1016,87 | G32: 1017 | H32: 1017 | J32: 52.8 | K32: 52.8
A33: Итого прямые затраты по разделу в ценах 2001г. | G33: 7463 | H33: 7463 | K33: 373.6
A34: Накладные расходы | G34: 4851
A35: Сметная прибыль | G35: 2986
A36: Итоги по разделу 1 Пусконаладочные работы :
A37: Итого | G37: 15300 | K37: 373.6
A38: В том числе:
A39: ФОТ | G39: 7463
A40: Накладные расходы | G40: 4851
A41: Сметная прибыль | G41: 2986
A42: Итого по разделу 1 Пусконаладочные работы | G42: 15300 | K42: 373.6
A43: ИТОГИ ПО СМЕТЕ:
A44: Итого прямые затраты по смете в ценах 2001г. | G44: 7463 | H44: 7463 | K44: 373.6
A45: Накладные расходы | G45: 4851
A46: В том числе, справочно:
A47: 65% ФОТ (от 7463) (Поз. 2-4) | G47: 4851
A48: Сметная прибыль | G48: 2986
A49: В том числе, справочно:
A50: 40% ФОТ (от 7463) (Поз. 2-4) | G50: 2986
A51: Итоги по смете:
A52: Итого | G52: 15300 | K52: 373.6
A53: В том числе:
A54: ФОТ | G54: 7463
A55: Накладные расходы | G55: 4851
A56: Сметная прибыль | G56: 2986
A57: вхолостую 10% 15 300 * 0,1 | G57: 1530
A58: ВСЕГО по смете | G58: 1530 | K58: 373.6
A62: Составил инженер: ___________________________
A63: (должность, подпись, расшифровка)
A65: Проверил нач. группы: ___________________________
A66: (должность, подпись, расшифровка)

Sheet 4-136
A1: СОГЛАСОВАНО: | I1: УТВЕРЖДАЮ:
A4: ______________ | I4: ____________
A5: " _____ " ________________ 2012 г. | I5: "______ " _______________2012 г.
D6: Реконструкция комплекса по переработке РАО (пл.7Б)
D7: (наименование стройки)
D9: ЛОКАЛЬНЫЙ СМЕТНЫЙ РАСЧЕТ № 09-01-04изм1/4-136(313-2159)
D10: (локальная смета)
A12: на | B12: ПНР вхолостую грузоподъемного оборудования (взамен №09-01-04/4-2025(312-2176). Здание 765
D13: (наименование работ и затрат, наименование объекта)
B15: Основание: 0503.07Б.0765-СМ.ВОР №313-2160,замечания ГГЭ от 19.07.13
B16: Сметная стоимость прочих _______________________________________________________________________________________________ | D16: ___________________________24,622 | F16: тыс. руб.
B17: Средства на оплату труда _______________________________________________________________________________________________ | D17: ___________________________12,011 | F17: тыс. руб.
B18: Сметная трудоемкость _______________________________________________________________________________________________ | D18: _______________________________________________________________________________________________1203,2 | F18: чел.час
B19: Составлен(а) в ценах по состоянию на 01.01.2000г. (редакция 2009)
A22: № пп | B22: Шифр и номер позиции норматива | C22: Наименование работ и затрат, единица измерения | D22: Количество | E22: Стоимость единицы, руб. | G22: Общая стоимость, руб. | J22: Затраты труда рабочих, чел.-ч, не занятых обслуживанием машин
E23: всего | F23: эксплуата- ции машин | G23: Всего | H23: оплаты труда | I23: эксплуата- ция машин
E24: оплаты труда | F24: в т.ч. оплаты труда | I24: в т.ч. оплаты труда | J24: на единицу | K24: всего
A25: 1 | B25: 2 | C25: 3 | D25: 4 | E25: 5 | F25: 6 | G25: 7 | H25: 8 | I25: 9 | J25: 10 | K25: 11
A26: Раздел 1. Пусконаладочные работы
A28: 1 | B28: ТЕРп04-01-001-04 к=0,7 однотип. оборудование | C28: Кран подвесной электрический однобалочный однопролетный, управление с пола, высота подъема - 6, 12, 18 м; скорость: подъема - 8 м/мин, передвижения тали - 20 м/мин, передвижения крана - 32 м/мин; грузоподъемность: 5 т (1 кран) | D28: 2 | E28: 1157,31 1157,31 | G28: 2315 | H28: 2315 | J28: 77 | K28: 154
A29: 2 | B29: ТЕРп04-01-001-02 | C29: Кран подвесной электрический однобалочный однопролетный, управление с пола, высота подъема - 6, 12, 18 м; скорость: подъема - 8 м/мин, передвижения тали - 20 м/мин, передвижения крана - 32 м/мин; грузоподъемность 2 т (1 кран) | D29: 1 | E29: 1340 1340 | G29: 1340 | H29: 1340 | J29: 80 | K29: 80
A30: 3 | B30: ТЕРп04-01-035-02 прим ;к=0,7 однотип. обор. | C30: Таль ручная передвижная, высота подъема 9 м, грузоподъемность до 1 т (1 к-т) | D30: 2 | E30: 325,42 325,42 | G30: 651 | H30: 651 | J30: 18.2 | K30: 36.4
A31: 4 | B31: ТЕРп01-14-027-01 | C31: Лифт грузовой, грузоподъемность до 5000 кг или больничный, грузоподъемность до 500 кг, на 10 остановок, с микропроцессорными устройствами (ЩЛЗ) (1 лифт) | D31: 1 | E31: 12312,48 12312,48 | G31: 12312 | H31: 12312 | J31: 665 | K31: 665
A32: 5 | B32: ТЕРп01-14-027-02 | C32: При изменении количества остановок уменьшать или добавлять к расценке 01-14-027-01 (1 остановка) | D32: -8 | E32: 192,56 192,56 | G32: -1540 | H32: -1540 | J32: 10.4 | K32: -83.2
A33: 6 | B33: ТЕРп01-14-041-01 | C33: Преобразователь частотный скорости лифта грузоподъемностью до 1000 кг со скоростью движения кабины до 1,6 м/с, напряжение до 1 кВ (1 преобразователь) | D33: 1 | E33: 6759,91 6759,91 | G33: 6760 | H33: 6760 | J33: 351 | K33: 351
A34: Итого прямые затраты по разделу в ценах 2001г. | G34: 21838 | H34: 21838 | K34: 1203.2
A35: Накладные расходы | G35: 14195
A36: Сметная прибыль | G36: 8735
A37: Итоги по разделу 1 Пусконаладочные работы :
A38: Итого | G38: 44768 | K38: 1203.2
A39: В том числе:
A40: ФОТ | G40: 21838
A41: Накладные расходы | G41: 14195
A42: Сметная прибыль | G42: 8735
A43: Итого по разделу 1 Пусконаладочные работы | G43: 44768 | K43: 1203.2
A44: ИТОГИ ПО СМЕТЕ:
A45: Итого прямые затраты по смете в ценах 2001г. | G45: 21838 | H45: 21838 | K45: 1203.2
A46: Накладные расходы | G46: 14195
A47: В том числе, справочно:
A48: 65% ФОТ (от 21838) (Поз. 1-6) | G48: 14195
A49: Сметная прибыль | G49: 8735
A50: В том числе, справочно:
A51: 40% ФОТ (от 21838) (Поз. 1-6) | G51: 8735
A52: Итоги по смете:
A53: Итого | G53: 44768 | K53: 1203.2
A54: В том числе:
A55: ФОТ | G55: 21838
A56: Накладные расходы | G56: 14195
A57: Сметная прибыль | G57: 8735
A58: Вхолостую 55% 44 768 * 0,55 | G58: 24622
A59: ВСЕГО по смете | G59: 24622 | K59: 1203.2
A63: Составил инженер: ___________________________
A64: (должность, подпись, расшифровка)
A66: Проверил нач. группы: ___________________________
A67: (должность, подпись, расшифровка)

Sheet 4-137
A1: СОГЛАСОВАНО: | I1: УТВЕРЖДАЮ:
A4: ______________ | I4: ____________
A5: " _____ " ________________ 2012 г. | I5: "______ " _______________2012 г.
D6: Реконструкция комплекса по переработке РАО (пл.7Б).
D7: (наименование стройки)
D9: ЛОКАЛЬНЫЙ СМЕТНЫЙ РАСЧЕТ № 09-01-05изм2/4-137(313-2430)
D10: (локальная смета)
A12: на | B12: ПНР "вхолостую" силового электрооборудования ( взамен №09-01-05 изм1/4-137(313-2159), Здание 765.
D13: (наименование работ и затрат, наименование объекта)
B15: Основание: 0503.07Б.0000-СМ.ВОР.ЭМ инв.№313-2160изм.3, замечания экспертизы №5073-13/ГГЭ-8644/10 от 02.12.13 г.
B16: Сметная стоимость прочих _______________________________________________________________________________________________ | D16: ___________________________58,754 | F16: тыс. руб.
B17: Средства на оплату труда _______________________________________________________________________________________________ | D17: ___________________________35,826 | F17: тыс. руб.
B18: Сметная трудоемкость _______________________________________________________________________________________________ | D18: _______________________________________________________________________________________________2242,1 | F18: чел.час
B19: Составлен(а) в ценах по состоянию на 01.01.2000г. (редакция 2009)
A22: № пп | B22: Шифр и номер позиции норматива | C22: Наименование работ и затрат, единица измерения | D22: Количество | E22: Стоимость единицы, руб. | G22: Общая стоимость, руб. | J22: Затраты труда рабочих, чел.-ч, не занятых обслуживанием машин
E23: всего | F23: эксплуата- ции машин | G23: Всего | H23: оплаты труда | I23: эксплуата- ция машин
E24: оплаты труда | F24: в т.ч. оплаты труда | I24: в т.ч. оплаты труда | J24: на единицу | K24: всего
A25: 1 | B25: 2 | C25: 3 | D25: 4 | E25: 5 | F25: 6 | G25: 7 | H25: 8 | I25: 9 | J25: 10 | K25: 11
A26: Раздел 1. Пусконаладочные работы
A27: Электрооборудование ГРЩ
A28: 1 | B28: ТЕРп01-03-005-01 | C28: Переключатель-разъединитель дифференциальный ВД1 (1 шт.) | D28: 2 | E28: 103,22 103,22 | G28: 206 | H28: 206 | J28: 6 | K28: 12
A29: 2 | B29: ТЕРп01-02-017-01 | C29: Трансформатор тока измерительный выносной напряжением до 1 кВ (1 шт.) | D29: 2 | E29: 25,62 25,62 | G29: 51 | H29: 51 | J29: 1.5 | K29: 3
A30: 3 | B30: ТЕРп01-12-010-03 | C30: Испытание вторичной обмотки трансформатора измерительного (1 испытание) | D30: 2 | E30: 36,32 36,32 | G30: 73 | H30: 73 | J30: 2 | K30: 4
A31: 4 | B31: ТЕРп01-11-013-01 | C31: Замер полного сопротивления цепи «фаза-нуль» (1 токоприемник) | D31: 62 2+30*2 | E31: 27,06 27,06 | G31: 1678 | H31: 1678 | J31: 1.5 | K31: 93
A32: 5 | B32: ТЕРп01-11-028-01 к=1,3 | C32: Измерение сопротивления изоляции мегаомметром кабельных и других линий напряжением до 1 кВ, предназначенных для передачи электроэнергии к распределительным устройствам, щитам, шкафам, коммутационным аппаратам и электропотребителям (1 линия) | D32: 63 3+30*2 | E32: 9,39 9,39 | G32: 592 | H32: 592 | J32: 0.52 | K32: 32.76
A33: 6 | B33: ТЕРп01-11-011-01 | C33: Проверка наличия цепи между заземлителями и заземленными элементами (100 точек) | D33: 0,02 0,01*2 | E33: 288,64 288,64 | G33: 6 | H33: 6 | J33: 16 | K33: 0.32
A34: 7 | B34: ТЕРп01-11-030-01 | C34: Измерение емкости конденсатора статического напряжением до 1 кВ, однофазного (1 конденсатор) | D34: 2 | E34: 36,08 36,08 | G34: 72 | H34: 72 | J34: 2 | K34: 4
A35: 8 | B35: ТЕРп01-03-002-09 | C35: Выключатель трехполюсный напряжением до 1 кВ с полупроводниковым расцепителем максимального тока, номинальный ток до 630 А (1 шт.) | D35: 17 9+8 | E35: 119,12 119,12 | G35: 2025 | H35: 2025 | J35: 9 | K35: 153
A36: 9 | B36: ТЕРп01-09-001-01 | C36: Датчик контактный механический с числом цепей управления до 2 ( блок-контакты) (1 шт.) | D36: 51 (9+8)*3 | E36: 37,73 37,73 | G36: 1924 | H36: 1924 | J36: 2 | K36: 102
A37: 10 | B37: ТЕРп01-03-002-05 | C37: Выключатель трехполюсный напряжением до 1 кВ с электромагнитным, тепловым или комбинированным расцепителем, номинальный ток до 200 А (1 шт.) | D37: 26 | E37: 39,71 39,71 | G37: 1032 | H37: 1032 | J37: 3 | K37: 78
A38: 11 | B38: ТЕРп01-03-001-01 | C38: Выключатель однополюсный напряжением до 1 кВ с электромагнитным, тепловым или комбинированным расцепителем (1 шт.) | D38: 17 | E38: 19,85 19,85 | G38: 337 | H38: 337 | J38: 1.5 | K38: 25.5
A39: 12 | B39: ТЕРп01-12-021-02 | C39: Испытание аппарата коммутационного напряжением до 35 кВ (1 испытание) | D39: 62 30+30+2 | E39: 59,77 59,77 | G39: 3706 | H39: 3706 | J39: 3.5 | K39: 217
A40: КРМ
A41: 13 | B41: ТЕРп01-08-033-02 | C41: Конденсатор статический напряжением до 1 кВ трехфазный (КРМ) (1 шт.) | D41: 2 | E41: 67,41 67,41 | G41: 135 | H41: 135 | J41: 3.5 | K41: 7
A42: 14 | B42: ТЕРп01-11-028-02 | C42: Измерение сопротивления изоляции мегаомметром обмоток машин и аппаратов (1 измерение) | D42: 6 2*3 | E42: 1,8 1,8 | G42: 11 | H42: 11 | J42: 0.1 | K42: 0.6
A43: 15 | B43: ТЕРп01-12-022-01 | C43: Испытание конденсатора статического напряжением до 3 кВ (1 испытание) | D43: 2 | E43: 51,23 51,23 | G43: 102 | H43: 102 | J43: 3 | K43: 6
A44: Щиты распределительные
A45: 16 | B45: ТЕРп01-03-001-01 | C45: Выключатель однополюсный напряжением до 1 кВ с электромагнитным, тепловым или комбинированным расцепителем (1 шт.) | D45: 48 | E45: 19,85 19,85 | G45: 953 | H45: 953 | J45: 1.5 | K45: 72
A46: 17 | B46: ТЕРп01-03-002-05 | C46: Выключатель трехполюсный напряжением до 1 кВ с электромагнитным, тепловым или комбинированным расцепителем, номинальный ток до 200 А (1 шт.) | D46: 58 | E46: 39,71 39,71 | G46: 2303 | H46: 2303 | J46: 3 | K46: 174
A47: 18 | B47: ТЕРп01-03-002-09 | C47: Выключатель трехполюсный напряжением до 1 кВ с полупроводниковым расцепителем максимального тока, номинальный ток до 630 А (1 шт.) | D47: 6 1+2+1+1+1 | E47: 119,12 119,12 | G47: 715 | H47: 715 | J47: 9 | K47: 54
A48: 19 | B48: ТЕРп01-09-001-01 | C48: Датчик контактный механический с числом цепей управления до 2 ( блок-контакты) (1 шт.) | D48: 18 6*3 | E48: 37,73 37,73 | G48: 679 | H48: 679 | J48: 2 | K48: 36
A49: 20 | B49: ТЕРп01-11-028-01 | C49: Измерение сопротивления изоляции мегаомметром кабельных и других линий напряжением до 1 кВ, предназначенных для передачи электроэнергии к распределительным устройствам, щитам, шкафам, коммутационным аппаратам и электропотребителям (1 линия) | D49: 107 | E49: 7,22 7,22 | G49: 773 | H49: 773 | J49: 0.4 | K49: 42.8
A50: 21 | B50: ТЕРп01-11-011-01 | C50: Проверка наличия цепи между заземлителями и заземленными элементами (100 точек) | D50: 0,34 0,01*34 | E50: 288,64 288,64 | G50: 98 | H50: 98 | J50: 16 | K50: 5.44
A51: 22 | B51: ТЕРп01-11-013-01 | C51: Замер полного сопротивления цепи «фаза-нуль» (1 токоприемник) | D51: 106 | E51: 27,06 27,06 | G51: 2868 | H51: 2868 | J51: 1.5 | K51: 159
A52: 23 | B52: ТЕРп01-03-005-01 | C52: Разъединитель трехполюсный напряжением до 20 кВ, рубильник (1 шт.) | D52: 3 | E52: 103,22 103,22 | G52: 310 | H52: 310 | J52: 6 | K52: 18
A53: 24 | B53: ТЕРп01-03-002-09 | C53: Выключатель трехполюсный напряжением до 1 кВ с полупроводниковым расцепителем максимального тока, номинальный ток до 630 А( из к-та ящика управления краном и ШУВ) (1 шт.) | D53: 33 3+30 | E53: 119,12 119,12 | G53: 3931 | H53: 3931 | J53: 9 | K53: 297
A54: 25 | B54: ТЕРп01-09-001-01 | C54: Датчик контактный механический с числом цепей управления до 2 ( блок-контакты) (1 шт.) | D54: 33 | E54: 37,73 37,73 | G54: 1245 | H54: 1245 | J54: 2 | K54: 66
A55: 26 | B55: ТЕРп01-03-002-04 | C55: Выключатель трехполюсный напряжением до 1 кВ с электромагнитным, тепловым или комбинированным расцепителем, номинальный ток до 50 А (1 шт.) | D55: 24 | E55: 26,47 26,47 | G55: 635 | H55: 635 | J55: 2 | K55: 48
A56: 27 | B56: ТЕРп01-03-001-01 | C56: Выключатель однополюсный напряжением до 1 кВ с электромагнитным, тепловым или комбинированным расцепителем (1 шт.) | D56: 11 | E56: 19,85 19,85 | G56: 218 | H56: 218 | J56: 1.5 | K56: 16.5
A57: 28 | B57: ТЕРп01-10-001-01 | C57: Сбор и реализация сигналов информации устройств защиты, автоматики электрических и технологических режимов (1 сигнал) | D57: 9 3*3 | E57: 24,72 24,72 | G57: 222 | H57: 222 | J57: 1.5 | K57: 13.5
A58: 29 | B58: ТЕРп01-11-028-01 | C58: Измерение сопротивления изоляции мегаомметром кабельных и других линий напряжением до 1 кВ, предназначенных для передачи электроэнергии к распределительным устройствам, щитам, шкафам, коммутационным аппаратам и электропотребителям (1 линия) | D58: 36 2*3+30 | E58: 7,22 7,22 | G58: 260 | H58: 260 | J58: 0.4 | K58: 14.4
A59: 30 | B59: ТЕРп01-11-011-01 | C59: Проверка наличия цепи между заземлителями и заземленными элементами (100 точек) | D59: 0,08 0,01*8 | E59: 288,64 288,64 | G59: 23 | H59: 23 | J59: 16 | K59: 1.28
A60: 31 | B60: ТЕРп01-11-013-01 | C60: Замер полного сопротивления цепи «фаза-нуль» (1 токоприемник) | D60: 36 6+30 | E60: 27,06 27,06 | G60: 974 | H60: 974 | J60: 1.5 | K60: 54
A61: 32 | B61: ТЕРп01-06-010-03 | C61: Выпрямительный блок питания (токовый или напряжения) для питания цепей защиты, управления и сигнализации мощностью до 1 кВА со стабилизацией выходного напряжения (1 устройство) | D61: 1 | E61: 444,28 444,28 | G61: 444 | H61: 444 | J61: 25 | K61: 25
A62: 33 | B62: ТЕРп01-08-020-01 | C62: Тиристорный преобразователь напряжением до 1 кВ, ток до 25 А( из к-та электродвигателей электроприемников) (1 устройство) | D62: 7 2+3+2 | E62: 616,29 616,29 | G62: 4314 | H62: 4314 | J62: 32 | K62: 224
A63: 34 | B63: ТЕРп01-07-001-01 | C63: Электродвигатель асинхронный с короткозамкнутым ротором, напряжением до 1 кВ (1 шт.) | D63: 61 30+2+3+24+2 | E63: 47,72 47,72 | G63: 2911 | H63: 2911 | J63: 3 | K63: 183
A64: Итого прямые затраты по разделу в ценах 2001г. | G64: 35826 | H64: 35826 | K64: 2242.1
A65: Накладные расходы | G65: 23287
A66: Сметная прибыль | G66: 14330
A67: Итоги по разделу 1 Пусконаладочные работы :
A68: Пусконаладочные работы: 'вхолостую' - 80%, 'под нагрузкой' - 20% | G68: 73443 | K68: 2242.1
A69: Итого | G69: 73443 | K69: 2242.1
A70: В том числе:
A71: ФОТ | G71: 35826
A72: Накладные расходы | G72: 23287
A73: Сметная прибыль | G73: 14330
A74: Итого по разделу 1 Пусконаладочные работы | G74: 73443 | K74: 2242.1
A75: ИТОГИ ПО СМЕТЕ:
A76: Итого прямые затраты по смете в ценах 2001г. | G76: 35826 | H76: 35826 | K76: 2242.1
A77: Накладные расходы | G77: 23287
A78: Сметная прибыль | G78: 14330
A79: Итоги по смете:
A80: Пусконаладочные работы: 'вхолостую' - 80%, 'под нагрузкой' - 20% | G80: 73443 | K80: 2242.1
A81: Итого | G81: 73443 | K81: 2242.1
A82: В том числе:
A83: ФОТ | G83: 35826
A84: Накладные расходы | G84: 23287
A85: Сметная прибыль | G85: 14330
A86: "Вхолостую" 73 443 * 0,8 | G86: 58754
A87: ВСЕГО по смете | G87: 58754 | K87: 2242.1
A91: Составил инженер: ___________________________
A92: (должность, подпись, расшифровка)
A94: Проверил нач. группы: ___________________________
A95: (должность, подпись, расшифровка)

Sheet 4-138
A1: СОГЛАСОВАНО: | I1: УТВЕРЖДАЮ:
A4: ______________ | I4: ____________
A5: " _____ " ________________ 2012 г. | I5: "______ " _______________2012 г.
D6: Реконструкция комплекса по переработке РАО (пл.7Б).
D7: (наименование стройки)
D9: ЛОКАЛЬНЫЙ СМЕТНЫЙ РАСЧЕТ № 09-01-06изм2/4-138(313-2430)
D10: (локальная смета)
A12: на | B12: ПНР "вхолостую" электроосвещения ( взамен №09-01-06изм1/4-138(313-2159)), Здание 765.
D13: (наименование работ и затрат, наименование объекта)
B15: Основание: 0503.07Б.0000-СМ.ВОР.ЭО инв.№313-2160изм.3, замечания экспертизы №5073-13/ГГЭ-8644/10 от 02.12.13 г.
B16: Сметная стоимость прочих _______________________________________________________________________________________________ | D16: ___________________________31,554 | F16: тыс. руб.
B17: Средства на оплату труда _______________________________________________________________________________________________ | D17: ___________________________19,240 | F17: тыс. руб.
B18: Сметная трудоемкость _______________________________________________________________________________________________ | D18: _______________________________________________________________________________________________1156,98 | F18: чел.час
B19: Составлен(а) в ценах по состоянию на 01.01.2000г. (редакция 2009)
A22: № пп | B22: Шифр и номер позиции норматива | C22: Наименование работ и затрат, единица измерения | D22: Количество | E22: Стоимость единицы, руб. | G22: Общая стоимость, руб. | J22: Затраты труда рабочих, чел.-ч, не занятых обслуживанием машин
E23: всего | F23: эксплуата- ции машин | G23: Всего | H23: оплаты труда | I23: эксплуата- ция машин
E24: оплаты труда | F24: в т.ч. оплаты труда | I24: в т.ч. оплаты труда | J24: на единицу | K24: всего
A25: 1 | B25: 2 | C25: 3 | D25: 4 | E25: 5 | F25: 6 | G25: 7 | H25: 8 | I25: 9 | J25: 10 | K25: 11
A26: Раздел 1. Пусконаладочные работы
A27: Щиты распределительные 1ЩО-4ЩО
A28: 1 | B28: ТЕРп01-03-008-01 | C28: Выключатель нагрузки напряжением до 11 кВ (1 шт.) | D28: 4 4*1 | E28: 154,84 154,84 | G28: 619 | H28: 619 | J28: 9 | K28: 36
A29: 2 | B29: ТЕРп01-03-001-01 | C29: Выключатель однополюсный напряжением до 1 кВ с электромагнитным, тепловым или комбинированным расцепителем (1 шт.) | D29: 96 4*(6+18) | E29: 19,85 19,85 | G29: 1906 | H29: 1906 | J29: 1.5 | K29: 144
A30: 3 | B30: ТЕРп01-06-021-01 | C30: Схема разводки трехпроводной системы с количеством панелей (шкафов, ячеек): до 2 (1 схема) | D30: 4 4*1 | E30: 64,59 64,59 | G30: 258 | H30: 258 | J30: 4 | K30: 16
A31: 4 | B31: ТЕРп01-12-021-02 | C31: Испытание аппарата коммутационного напряжением до 35 кВ (1 испытание) | D31: 100 4+96 | E31: 59,77 59,77 | G31: 5977 | H31: 5977 | J31: 3.5 | K31: 350
A32: 5 | B32: ТЕРп01-11-028-01 | C32: Измерение сопротивления изоляции мегаомметром кабельных и других линий напряжением до 1 кВ, предназначенных для передачи электроэнергии к распределительным устройствам, щитам, шкафам, коммутационным аппаратам и электропотребителям (1 линия) | D32: 92 | E32: 7,22 7,22 | G32: 664 | H32: 664 | J32: 0.4 | K32: 36.8
A33: 6 | B33: ТЕРп01-11-011-01 | C33: Проверка наличия цепи между заземлителями и заземленными элементами (100 точек) | D33: 1,2 0,01*(6*4+96) | E33: 288,64 288,64 | G33: 346 | H33: 346 | J33: 16 | K33: 19.2
A34: 7 | B34: ТЕРп01-11-013-01 | C34: Замер полного сопротивления цепи «фаза-нуль» (1 токоприемник) | D34: 50 | E34: 27,06 27,06 | G34: 1353 | H34: 1353 | J34: 1.5 | K34: 75
A35: Щиты распределительные 1ЩАО-4ЩАО
A36: 8 | B36: ТЕРп01-03-008-01 | C36: Выключатель нагрузки напряжением до 11 кВ (1 шт.) | D36: 4 4*1 | E36: 154,84 154,84 | G36: 619 | H36: 619 | J36: 9 | K36: 36
A37: 9 | B37: ТЕРп01-03-001-02 | C37: Выключатель однополюсный напряжением до 1 кВ с устройством защитного отключения (1 шт.) | D37: 28 4*7 | E37: 26,47 26,47 | G37: 741 | H37: 741 | J37: 2 | K37: 56
A38: 10 | B38: ТЕРп01-06-021-01 | C38: Схема разводки трехпроводной системы с количеством панелей (шкафов, ячеек): до 2 (1 схема) | D38: 4 4*1 | E38: 64,59 64,59 | G38: 258 | H38: 258 | J38: 4 | K38: 16
A39: 11 | B39: ТЕРп01-11-028-01 | C39: Измерение сопротивления изоляции мегаомметром кабельных и других линий напряжением до 1 кВ, предназначенных для передачи электроэнергии к распределительным устройствам, щитам, шкафам, коммутационным аппаратам и электропотребителям (1 линия) | D39: 24 | E39: 7,22 7,22 | G39: 173 | H39: 173 | J39: 0.4 | K39: 9.6
A40: 12 | B40: ТЕРп01-11-011-01 | C40: Проверка наличия цепи между заземлителями и заземленными элементами (100 точек) | D40: 0,56 0,01*(6*4+32) | E40: 288,64 288,64 | G40: 162 | H40: 162 | J40: 16 | K40: 8.96
A41: 13 | B41: ТЕРп01-11-013-01 | C41: Замер полного сопротивления цепи «фаза-нуль» (1 токоприемник) | D41: 31 | E41: 27,06 27,06 | G41: 839 | H41: 839 | J41: 1.5 | K41: 46.5
A42: Ящик с безопасным разделительным трансформатором
A43: 14 | B43: ТЕРп01-02-001-01 | C43: Трансформатор силовой трехфазный масляный напряжением до 1 кВ (1 шт.) | D43: 22 | E43: 73,06 73,06 | G43: 1607 | H43: 1607 | J43: 4 | K43: 88
A44: 15 | B44: ТЕРп01-03-001-01 | C44: Выключатель однополюсный напряжением до 1 кВ с электромагнитным, тепловым или комбинированным расцепителем (1 шт.) | D44: 22 | E44: 19,85 19,85 | G44: 437 | H44: 437 | J44: 1.5 | K44: 33
A45: 16 | B45: ТЕРп01-12-021-02 | C45: Испытание аппарата коммутационного напряжением до 35 кВ (1 испытание) | D45: 22 | E45: 59,77 59,77 | G45: 1315 | H45: 1315 | J45: 3.5 | K45: 77
A46: 17 | B46: ТЕРп01-11-028-01 | C46: Измерение сопротивления изоляции мегаомметром кабельных и других линий напряжением до 1 кВ, предназначенных для передачи электроэнергии к распределительным устройствам, щитам, шкафам, коммутационным аппаратам и электропотребителям (1 линия) | D46: 22 | E46: 7,22 7,22 | G46: 159 | H46: 159 | J46: 0.4 | K46: 8.8
A47: 18 | B47: ТЕРп01-11-011-01 | C47: Проверка наличия цепи между заземлителями и заземленными элементами (100 точек) | D47: 0,22 0,01*22 | E47: 288,64 288,64 | G47: 64 | H47: 64 | J47: 16 | K47: 3.52
A48: 19 | B48: ТЕРп01-11-013-01 | C48: Замер полного сопротивления цепи «фаза-нуль» (1 токоприемник) | D48: 10 | E48: 27,06 27,06 | G48: 271 | H48: 271 | J48: 1.5 | K48: 15
A49: 20 | B49: ТЕРп01-11-011-01 | C49: Проверка наличия цепи между заземлителями и заземленными элементами (100 точек) | D49: 5,1 0,01* (35+340+105+30) | E49: 288,64 288,64 | G49: 1472 | H49: 1472 | J49: 16 | K49: 81.6
A50: Итого прямые затраты по разделу в ценах 2001г. | G50: 19240 | H50: 19240 | K50: 1156.98
A51: Накладные расходы | G51: 12506
A52: Сметная прибыль | G52: 7696
A53: Итоги по разделу 1 Пусконаладочные работы :
A54: Пусконаладочные работы: 'вхолостую' - 80%, 'под нагрузкой' - 20% | G54: 39442 | K54: 1156.98
A55: Итого | G55: 39442 | K55: 1156.98
A56: В том числе:
A57: ФОТ | G57: 19240
A58: Накладные расходы | G58: 12506
A59: Сметная прибыль | G59: 7696
A60: Итого по разделу 1 Пусконаладочные работы | G60: 39442 | K60: 1156.98
A61: ИТОГИ ПО СМЕТЕ:
A62: Итого прямые затраты по смете в ценах 2001г. | G62: 19240 | H62: 19240 | K62: 1156.98
A63: Накладные расходы | G63: 12506
A64: Сметная прибыль | G64: 7696
A65: Итоги по смете:
A66: Пусконаладочные работы: 'вхолостую' - 80%, 'под нагрузкой' - 20%:
A67: Итого Поз. 1-20 | G67: 19240 | H67: 19240 | K67: 1156.98
A68: Накладные расходы 65% ФОТ (от 19 240) | G68: 12506
A69: Сметная прибыль 40% ФОТ (от 19 240) | G69: 7696
A70: Итого c накладными и см. прибылью | G70: 39442 | K70: 1156.98
A71: Итого | G71: 39442 | K71: 1156.98
A72: В том числе:
A73: ФОТ | G73: 19240
A74: Накладные расходы | G74: 12506
A75: Сметная прибыль | G75: 7696
A76: "Вхолостую" 39 442 * 0,8 | G76: 31554
A77: ВСЕГО по смете | G77: 31554 | K77: 1156.98
A81: Составил инженер: ___________________________
A82: (должность, подпись, расшифровка)
A84: Проверил нач. группы: ___________________________
A85: (должность, подпись, расшифровка)

Sheet 4-139
A1: СОГЛАСОВАНО: | I1: УТВЕРЖДАЮ:
A4: ______________ | I4: ____________
A5: " _____ " ________________ 2012 г. | I5: "______ " _______________2012 г.
D6: Реконструкция комплекса по переработке РАО (пл.7Б).
D7: (наименование стройки)
D9: ЛОКАЛЬНЫЙ СМЕТНЫЙ РАСЧЕТ № 09-01-07изм2/4-139(313-2430)
D10: (локальная смета)
A12: на | B12: ПНР "вхолостую" АОВ и тех.контроля (вз.№09-01-07изм1/4-139(313-2159), Здание 765.
D13: (наименование работ и затрат, наименование объекта)
B15: Основание: 0503.07Б.0000-СМ.ВОР.АК инв.№313-2160изм.3, замечания экспертизы №5073-13/ГГЭ-8644/10 от 02.12.13 г.
B16: Сметная стоимость прочих _______________________________________________________________________________________________ | D16: ___________________________30,499 | F16: тыс. руб.
B17: Средства на оплату труда _______________________________________________________________________________________________ | D17: ___________________________18,597 | F17: тыс. руб.
B18: Сметная трудоемкость _______________________________________________________________________________________________ | D18: _______________________________________________________________________________________________1041,48 | F18: чел.час
B19: Составлен(а) в ценах по состоянию на 01.01.2000г(редакция 2009)
A22: № пп | B22: Шифр и номер позиции норматива | C22: Наименование работ и затрат, единица измерения | D22: Количество | E22: Стоимость единицы, руб. | G22: Общая стоимость, руб. | J22: Затраты труда рабочих, чел.-ч, не занятых обслуживанием машин
E23: всего | F23: эксплуата- ции машин | G23: Всего | H23: оплаты труда | I23: эксплуата- ция машин
E24: оплаты труда | F24: в т.ч. оплаты труда | I24: в т.ч. оплаты труда | J24: на единицу | K24: всего
A25: 1 | B25: 2 | C25: 3 | D25: 4 | E25: 5 | F25: 6 | G25: 7 | H25: 8 | I25: 9 | J25: 10 | K25: 11
A26: Раздел 1. Пусконаладочные работы
A27: Автоматика
A28: 1 | B28: ТЕРп02-01-001-07 | C28: Автоматизированная система управления I категории технической сложности с количеством каналов (Кобщ) 40 (1 система) | D28: 1 | E28: 3008,91 3008,91 | G28: 3009 | H28: 3009 | J28: 150.6 | K28: 150.6
A29: 2 | B29: ТЕРп02-01-001-08 | C29: Автоматизированная система управления I категории технической сложности с количеством каналов (Кобщ) за каждый канал свыше 40 до 79 добавлять к расценке 02-01-001-07 (1 канал) | D29: 27 51+16-40 | E29: 72,29 72,29 | G29: 1952 | H29: 1952 | J29: 3.62 | K29: 97.74
A30: Электрооборудование из к-та шкафов автоматики
A31: 3 | B31: ТЕРп01-03-001-01 | C31: Выключатель однополюсный напряжением до 1 кВ с электромагнитным, тепловым или комбинированным расцепителем (1 шт.) | D31: 62 | E31: 19,85 19,85 | G31: 1231 | H31: 1231 | J31: 1.5 | K31: 93
A32: 5 | B32: ТЕРп01-03-008-01 | C32: Выключатель нагрузки напряжением до 11 кВ (1 шт.) | D32: 26 16+2+4+4 | E32: 154,84 154,84 | G32: 4026 | H32: 4026 | J32: 9 | K32: 234
A33: 6 | B33: ТЕРп01-11-011-01 | C33: Проверка наличия цепи между заземлителями и заземленными элементами (100 точек) | D33: 0,02 0,01*2 | E33: 288,64 288,64 | G33: 6 | H33: 6 | J33: 16 | K33: 0.32
A34: 7 | B34: ТЕРп01-11-013-01 | C34: Замер полного сопротивления цепи «фаза-нуль» (1 токоприемник) | D34: 57 41+16 | E34: 27,06 27,06 | G34: 1542 | H34: 1542 | J34: 1.5 | K34: 85.5
A35: 8 | B35: ТЕРп01-11-028-01 | C35: Измерение сопротивления изоляции мегаомметром кабельных и других линий напряжением до 1 кВ, предназначенных для передачи электроэнергии к распределительным устройствам, щитам, шкафам, коммутационным аппаратам и электропотребителям (1 линия) | D35: 44 62-18 | E35: 7,22 7,22 | G35: 318 | H35: 318 | J35: 0.4 | K35: 17.6
A36: 9 | B36: ТЕРп01-11-028-01 к=1,3 | C36: Измерение сопротивления изоляции мегаомметром кабельных и других линий напряжением до 1 кВ, предназначенных для передачи электроэнергии к распределительным устройствам, щитам, шкафам, коммутационным аппаратам и электропотребителям (1 линия) | D36: 12 | E36: 9,39 9,39 | G36: 113 | H36: 113 | J36: 0.52 | K36: 6.24
A37: 10 | B37: ТЕРп01-11-011-01 | C37: Проверка наличия цепи между заземлителями и заземленными элементами (100 точек) | D37: 0,03 0,01*3 | E37: 288,64 288,64 | G37: 9 | H37: 9 | J37: 16 | K37: 0.48
A38: 11 | B38: ТЕРп01-10-001-01 | C38: Сбор и реализация сигналов информации устройств защиты, автоматики электрических и технологических режимов(реле, светов. арматура и пр.) (1 сигнал) | D38: 76 43+3+30 | E38: 24,72 24,72 | G38: 1879 | H38: 1879 | J38: 1.5 | K38: 114
A39: 12 | B39: ТЕРп01-07-001-01 | C39: Электродвигатель асинхронный с короткозамкнутым ротором, напряжением до 1 кВ (1 шт.) | D39: 6 | E39: 47,72 47,72 | G39: 286 | H39: 286 | J39: 3 | K39: 18
A40: 13 | B40: ТЕРп01-09-001-02 | C40: Датчик контактный механический с числом цепей управления до 5 (1 шт.) | D40: 32 9+9+1+3+8+1+1 | E40: 132,06 132,06 | G40: 4226 | H40: 4226 | J40: 7 | K40: 224
A41: Итого прямые затраты по разделу в ценах 2001г. | G41: 18597 | H41: 18597 | K41: 1041.48
A42: Накладные расходы | G42: 12088
A43: Сметная прибыль | G43: 7439
A44: Итоги по разделу 1 Пусконаладочные работы :
A45: Пусконаладочные работы: 'вхолостую' - 80%, 'под нагрузкой' - 20% | G45: 38124 | K45: 1041.48
A46: Итого | G46: 38124 | K46: 1041.48
A47: В том числе:
A48: ФОТ | G48: 18597
A49: Накладные расходы | G49: 12088
A50: Сметная прибыль | G50: 7439
A51: Итого по разделу 1 Пусконаладочные работы | G51: 38124 | K51: 1041.48
A52: ИТОГИ ПО СМЕТЕ:
A53: Итого прямые затраты по смете в ценах 2001г. | G53: 18597 | H53: 18597 | K53: 1041.48
A54: Накладные расходы | G54: 12088
A55: Сметная прибыль | G55: 7439
A56: Итоги по смете:
A57: Пусконаладочные работы: 'вхолостую' - 80%, 'под нагрузкой' - 20% | G57: 38124 | K57: 1041.48
A58: Итого | G58: 38124 | K58: 1041.48
A59: В том числе:
A60: ФОТ | G60: 18597
A61: Накладные расходы | G61: 12088
A62: Сметная прибыль | G62: 7439
A63: "Вхолостую" 38 124 * 0,8 | G63: 30499
A64: ВСЕГО по смете | G64: 30499 | K64: 1041.48
A68: Составил инженер: ___________________________
A69: (должность, подпись, расшифровка)
A71: Проверил нач. группы: ___________________________
A72: (должность, подпись, расшифровка)

Sheet 4-140
A1: СОГЛАСОВАНО: | I1: УТВЕРЖДАЮ:
A4: ______________ | I4: ____________
A5: " _____ " ________________ 2012 г. | I5: "______ " _______________2012 г.
D6: Реконструкция комплекса по переработке РАО (пл.7Б).
D7: (наименование стройки)
D9: ЛОКАЛЬНЫЙ СМЕТНЫЙ РАСЧЕТ № 09-01-08изм2/4-140(313-2430)
D10: (локальная смета)
A12: на | B12: ПНР "вхолостую" автоматизации ИТП (вз. №09-01-08изм1/4-140(313-2159)), Здание 765.
D13: (наименование работ и затрат, наименование объекта)
B15: Основание: 0503.07Б.0000-СМ.ВОР.АК инв.№313-2160изм.3, замечания экспертизы №5073-13/ГГЭ-8644/10 от 02.12.13 г.
B16: Сметная стоимость прочих _______________________________________________________________________________________________ | D16: ___________________________5,364 | F16: тыс. руб.
B17: Средства на оплату труда _______________________________________________________________________________________________ | D17: ___________________________3,271 | F17: тыс. руб.
B18: Сметная трудоемкость _______________________________________________________________________________________________ | D18: _______________________________________________________________________________________________188,97 | F18: чел.час
B19: Составлен(а) в ценах по состоянию на 01.01.2000г(редакция 2009)
A22: № пп | B22: Шифр и номер позиции норматива | C22: Наименование работ и затрат, единица измерения | D22: Количество | E22: Стоимость единицы, руб. | G22: Общая стоимость, руб. | J22: Затраты труда рабочих, чел.-ч, не занятых обслуживанием машин
E23: всего | F23: эксплуата- ции машин | G23: Всего | H23: оплаты труда | I23: эксплуата- ция машин
E24: оплаты труда | F24: в т.ч. оплаты труда | I24: в т.ч. оплаты труда | J24: на единицу | K24: всего
A25: 1 | B25: 2 | C25: 3 | D25: 4 | E25: 5 | F25: 6 | G25: 7 | H25: 8 | I25: 9 | J25: 10 | K25: 11
A26: Раздел 1. Пусконаладочные работы
A27: Автоматизация
A28: 1 | B28: ТЕРп02-01-001-01 | C28: Автоматизированная система управления I категории технической сложности с количеством каналов (Кобщ) 2 (1 система) | D28: 1 | E28: 200,8 200,8 | G28: 201 | H28: 201 | J28: 10.05 | K28: 10.05
A29: 2 | B29: ТЕРп02-01-001-02 | C29: Автоматизированная система управления I категории технической сложности с количеством каналов (Кобщ) за каждый канал свыше 2 до 9 добавлять к расценке 02-01-001-01 (1 канал) | D29: 5 7-2 | E29: 96,65 96,65 | G29: 483 | H29: 483 | J29: 4.84 | K29: 24.2
A30: Электрооборудование
A31: 3 | B31: ТЕРп01-03-008-01 | C31: Выключатель нагрузки напряжением до 11 кВ (1 шт.) | D31: 3 2+1 | E31: 154,84 154,84 | G31: 465 | H31: 465 | J31: 9 | K31: 27
A32: 4 | B32: ТЕРп01-03-001-01 | C32: Выключатель однополюсный напряжением до 1 кВ с электромагнитным, тепловым или комбинированным расцепителем (1 шт.) | D32: 12 9+3 | E32: 19,85 19,85 | G32: 238 | H32: 238 | J32: 1.5 | K32: 18
A33: 5 | B33: ТЕРп01-03-002-18 | C33: Выключатель трехполюсный напряжением до 1 кВ с устройством защитного отключения (1 шт.) | D33: 1 | E33: 52,94 52,94 | G33: 53 | H33: 53 | J33: 4 | K33: 4
A34: 6 | B34: ТЕРп01-11-011-01 | C34: Проверка наличия цепи между заземлителями и заземленными элементами (100 точек) | D34: 0,16 0,01*(12+3+1) | E34: 288,64 288,64 | G34: 46 | H34: 46 | J34: 16 | K34: 2.56
A35: 7 | B35: ТЕРп01-11-013-01 | C35: Замер полного сопротивления цепи «фаза-нуль» (1 токоприемник) | D35: 12 | E35: 27,06 27,06 | G35: 325 | H35: 325 | J35: 1.5 | K35: 18
A36: 8 | B36: ТЕРп01-11-028-01 | C36: Измерение сопротивления изоляции мегаомметром кабельных и других линий напряжением до 1 кВ, предназначенных для передачи электроэнергии к распределительным устройствам, щитам, шкафам, коммутационным аппаратам и электропотребителям (1 линия) | D36: 9 | E36: 7,22 7,22 | G36: 65 | H36: 65 | J36: 0.4 | K36: 3.6
A37: 9 | B37: ТЕРп01-11-028-01 к=1,3 | C37: Измерение сопротивления изоляции мегаомметром кабельных и других линий напряжением до 1 кВ, предназначенных для передачи электроэнергии к распределительным устройствам, щитам, шкафам, коммутационным аппаратам и электропотребителям (1 линия) | D37: 3 | E37: 9,39 9,39 | G37: 28 | H37: 28 | J37: 0.52 | K37: 1.56
A38: 10 | B38: ТЕРп01-04-001-01 | C38: Максимальная токовая защита прямого действия с одним реле (1 компл.) | D38: 3 | E38: 89,4 89,4 | G38: 268 | H38: 268 | J38: 5 | K38: 15
A39: 11 | B39: ТЕРп01-07-001-01 | C39: Электродвигатель асинхронный с короткозамкнутым ротором, напряжением до 1 кВ (1 шт.) | D39: 3 | E39: 47,72 47,72 | G39: 143 | H39: 143 | J39: 3 | K39: 9
A40: 12 | B40: ТЕРп01-12-021-02 | C40: Испытание аппарата коммутационного напряжением до 35 кВ (1 испытание) | D40: 16 | E40: 59,77 59,77 | G40: 956 | H40: 956 | J40: 3.5 | K40: 56
A41: Итого прямые затраты по разделу в ценах 2001г. | G41: 3271 | H41: 3271 | K41: 188.97
A42: Накладные расходы | G42: 2126
A43: Сметная прибыль | G43: 1308
A44: Итоги по разделу 1 Пусконаладочные работы :
A45: Пусконаладочные работы: 'вхолостую' - 80%, 'под нагрузкой' - 20% | G45: 6705 | K45: 188.97
A46: Итого | G46: 6705 | K46: 188.97
A47: В том числе:
A48: ФОТ | G48: 3271
A49: Накладные расходы | G49: 2126
A50: Сметная прибыль | G50: 1308
A51: Итого по разделу 1 Пусконаладочные работы | G51: 6705 | K51: 188.97
A52: ИТОГИ ПО СМЕТЕ:
A53: Итого прямые затраты по смете в ценах 2001г. | G53: 3271 | H53: 3271 | K53: 188.97
A54: Накладные расходы | G54: 2126
A55: Сметная прибыль | G55: 1308
A56: Итоги по смете:
A57: Пусконаладочные работы: 'вхолостую' - 80%, 'под нагрузкой' - 20%:
A58: Итого Поз. 1-12 | G58: 3271 | H58: 3271 | K58: 188.97
A59: Накладные расходы 65% ФОТ (от 3 271) | G59: 2126
A60: Сметная прибыль 40% ФОТ (от 3 271) | G60: 1308
A61: Итого c накладными и см. прибылью | G61: 6705 | K61: 188.97
A62: Итого | G62: 6705 | K62: 188.97
A63: В том числе:
A64: ФОТ | G64: 3271
A65: Накладные расходы | G65: 2126
A66: Сметная прибыль | G66: 1308
A67: "Вхолостую" 6 705 * 0,8 | G67: 5364
A68: ВСЕГО по смете | G68: 5364 | K68: 188.97
A72: Составил инженер: ___________________________
A73: (должность, подпись, расшифровка)
A75: Проверил нач. группы: ___________________________
A76: (должность, подпись, расшифровка)

Sheet 4-141
A1: СОГЛАСОВАНО: | I1: УТВЕРЖДАЮ:
A4: ______________ | I4: ____________
A5: " _____ " ________________ 2012 г. | I5: "______ " _______________2012 г.
D6: Реконструкция комплекса по переработке РАО (пл.7Б).
D7: (наименование стройки)
D9: ЛОКАЛЬНЫЙ СМЕТНЫЙ РАСЧЕТ № 09-01-09изм2/4-141(313-2430)
D10: (локальная смета)
A12: на | B12: ПНР "вхолостую" пожарной сигнализации и оповещения о пожаре ( вз. №09-01-09изм1/4-141(313-2159)), Здание 765.
D13: (наименование работ и затрат, наименование объекта)
B15: Основание: 0503.07Б.0000-СМ.ВОР.ПС инв.№313-2160изм.3, замечания экспертизы №5073-13/ГГЭ-8644/10 от 02.12.13 г.
B16: Сметная стоимость прочих _______________________________________________________________________________________________ | D16: ___________________________38,835 | F16: тыс. руб.
B17: Средства на оплату труда _______________________________________________________________________________________________ | D17: ___________________________23,680 | F17: тыс. руб.
B18: Сметная трудоемкость _______________________________________________________________________________________________ | D18: _______________________________________________________________________________________________1135,7 | F18: чел.час
B19: Составлен(а) в ценах по состоянию на 01.01.2000г. (редакция 2009)
A22: № пп | B22: Шифр и номер позиции норматива | C22: Наименование работ и затрат, единица измерения | D22: Количество | E22: Стоимость единицы, руб. | G22: Общая стоимость, руб. | J22: Затраты труда рабочих, чел.-ч, не занятых обслуживанием машин
E23: всего | F23: эксплуата- ции машин | G23: Всего | H23: оплаты труда | I23: эксплуата- ция машин
E24: оплаты труда | F24: в т.ч. оплаты труда | I24: в т.ч. оплаты труда | J24: на единицу | K24: всего
A25: 1 | B25: 2 | C25: 3 | D25: 4 | E25: 5 | F25: 6 | G25: 7 | H25: 8 | I25: 9 | J25: 10 | K25: 11
A26: Раздел 1. Пусконаладочные работы
A27: 1 | B27: ТЕРп02-01-002-11 | C27: Автоматизированная система управления II категории технической сложности с количеством каналов (Кобщ) 160 (1 система) | D27: 1 | E27: 26334,81 26334,81 | G27: 26335 | H27: 26335 | J27: 1263 | K27: 1263
A28: 2 | B28: ТЕРп02-01-002-12 | C28: Автоматизированная система управления II категории технической сложности с количеством каналов (Кобщ) за каждый канал свыше 160 до 319 добавлять к расценке 02-01-002-11 (1 канал) | D28: 110 270-160 | E28: 152 152 | G28: 16720 | H28: 16720 | J28: 7.29 | K28: 801.9
A29: Итого прямые затраты по разделу в ценах 2001г. | G29: 43055 | H29: 43055 | K29: 2064.9
A30: Итого прямые затраты по разделу с учетом коэффициентов к итогам (ФиМ ОЗП=0,55; ТЗ=0,55 (Поз. 1-2)) | G30: 23680 | H30: 23680 | K30: 1135.7
A31: Накладные расходы | G31: 15392
A32: Сметная прибыль | G32: 9472
A33: Итоги по разделу 1 Пусконаладочные работы :
A34: Пусконаладочные работы: 'вхолостую' - 80%, 'под нагрузкой' - 20% | G34: 48544 | K34: 1135.7
A35: Итого | G35: 48544 | K35: 1135.7
A36: В том числе:
A37: ФОТ | G37: 23680
A38: Накладные расходы | G38: 15392
A39: Сметная прибыль | G39: 9472
A40: Итого по разделу 1 Пусконаладочные работы | G40: 48544 | K40: 1135.7
A41: ИТОГИ ПО СМЕТЕ:
A42: Итого прямые затраты по смете в ценах 2001г. | G42: 43055 | H42: 43055 | K42: 2064.9
A43: Итого прямые затраты по смете с учетом коэффициентов к итогам (ФиМ ОЗП=0,55; ТЗ=0,55 (Поз. 1-2)) | G43: 23680 | H43: 23680 | K43: 1135.7
A44: Накладные расходы | G44: 15392
A45: Сметная прибыль | G45: 9472
A46: Итоги по смете:
A47: Пусконаладочные работы: 'вхолостую' - 80%, 'под нагрузкой' - 20% | G47: 48544 | K47: 1135.7
A48: Итого | G48: 48544 | K48: 1135.7
A49: В том числе:
A50: ФОТ | G50: 23680
A51: Накладные расходы | G51: 15392
A52: Сметная прибыль | G52: 9472
A53: "Вхолостую" 48 544 * 0,8 | G53: 38835
A54: ВСЕГО по смете | G54: 38835 | K54: 1135.7
A58: Составил инженер: ___________________________
A59: (должность, подпись, расшифровка)
A61: Проверил нач. группы: ___________________________
A62: (должность, подпись, расшифровка)

Sheet 4-142
A1: СОГЛАСОВАНО: | I1: УТВЕРЖДАЮ:
A4: ______________ | I4: ____________
A5: " _____ " ________________ 2012 г. | I5: "______ " _______________2012 г.
D6: Реконструкция комплекса по переработке РАО (пл.7Б).
D7: (наименование стройки)
D9: ЛОКАЛЬНЫЙ СМЕТНЫЙ РАСЧЕТ № 09-01-10изм2/4-142(313-2430)
D10: (локальная смета)
A12: на | B12: ПНР "вхолостую" охранной сигнализации ( вз. №09-01-10изм1/4-142(313-2159)), Здание 765.
D13: (наименование работ и затрат, наименование объекта)
B15: Основание: 0503.07Б.0000-СМ.ВОР.ОС инв.№313-2160изм.3, замечания экспертизы №5073-13/ГГЭ-8644/10 от 02.12.13 г.
B16: Сметная стоимость прочих _______________________________________________________________________________________________ | D16: ___________________________3,027 | F16: тыс. руб.
B17: Средства на оплату труда _______________________________________________________________________________________________ | D17: ___________________________1,846 | F17: тыс. руб.
B18: Сметная трудоемкость _______________________________________________________________________________________________ | D18: _______________________________________________________________________________________________88,55 | F18: чел.час
B19: Составлен(а) в ценах по состоянию на 01.01.2000г. (редакция 2009)
A22: № пп | B22: Шифр и номер позиции норматива | C22: Наименование работ и затрат, единица измерения | D22: Количество | E22: Стоимость единицы, руб. | G22: Общая стоимость, руб. | J22: Затраты труда рабочих, чел.-ч, не занятых обслуживанием машин
E23: всего | F23: эксплуата- ции машин | G23: Всего | H23: оплаты труда | I23: эксплуата- ция машин
E24: оплаты труда | F24: в т.ч. оплаты труда | I24: в т.ч. оплаты труда | J24: на единицу | K24: всего
A25: 1 | B25: 2 | C25: 3 | D25: 4 | E25: 5 | F25: 6 | G25: 7 | H25: 8 | I25: 9 | J25: 10 | K25: 11
A26: Раздел 1. Пусконаладочные работы
A28: 1 | B28: ТЕРп02-01-002-03 | C28: Автоматизированная система управления II категории технической сложности с количеством каналов (Кобщ) 10 (1 система) | D28: 1 | E28: 1772,34 1772,34 | G28: 1772 | H28: 1772 | J28: 85 | K28: 85
A29: 2 | B29: ТЕРп02-01-002-04 | C29: Автоматизированная система управления II категории технической сложности с количеством каналов (Кобщ) за каждый канал свыше 10 до 19 добавлять к расценке 02-01-002-03 (1 канал) | D29: 5 | E29: 173,06 173,06 | G29: 865 | H29: 865 | J29: 8.3 | K29: 41.5
A30: Итого прямые затраты по разделу в ценах 2001г. | G30: 2637 | H30: 2637 | K30: 126.5
A31: Итого прямые затраты по разделу с учетом коэффициентов к итогам (ФиМ ОЗП=0,7; ТЗ=0,7 (Поз. 1-2)) | G31: 1846 | H31: 1846 | K31: 88.55
A32: Накладные расходы | G32: 1200
A33: Сметная прибыль | G33: 738
A34: Итоги по разделу 1 Пусконаладочные работы :
A35: Пусконаладочные работы: 'вхолостую' - 80%, 'под нагрузкой' - 20% | G35: 3784 | K35: 88.55
A36: Итого | G36: 3784 | K36: 88.55
A37: В том числе:
A38: ФОТ | G38: 1846
A39: Накладные расходы | G39: 1200
A40: Сметная прибыль | G40: 738
A41: Итого по разделу 1 Пусконаладочные работы | G41: 3784 | K41: 88.55
A42: ИТОГИ ПО СМЕТЕ:
A43: Итого прямые затраты по смете в ценах 2001г. | G43: 2637 | H43: 2637 | K43: 126.5
A44: Итого прямые затраты по смете с учетом коэффициентов к итогам (ФиМ ОЗП=0,7; ТЗ=0,7 (Поз. 1-2)) | G44: 1846 | H44: 1846 | K44: 88.55
A45: Накладные расходы | G45: 1200
A46: Сметная прибыль | G46: 738
A47: Итоги по смете:
A48: Пусконаладочные работы: 'вхолостую' - 80%, 'под нагрузкой' - 20%:
A49: Итого Поз. 1-2 | G49: 2637 | H49: 2637 | K49: 126.5
A50: Всего с учетом "ФиМ ОЗП=0,7; ТЗ=0,7" | G50: 1846 | H50: 1846 | K50: 88.55
A51: Накладные расходы 65% ФОТ (от 1 846) | G51: 1200
A52: Сметная прибыль 40% ФОТ (от 1 846) | G52: 738
A53: Итого c накладными и см. прибылью | G53: 3784 | K53: 88.55
A54: Итого | G54: 3784 | K54: 88.55
A55: В том числе:
A56: ФОТ | G56: 1846
A57: Накладные расходы | G57: 1200
A58: Сметная прибыль | G58: 738
A59: "Вхолостую" 3 784 * 0,8 | G59: 3027
A60: ВСЕГО по смете | G60: 3027 | K60: 88.55
A64: Составил инженер: ___________________________
A65: (должность, подпись, расшифровка)
A67: Проверил нач. группы: ___________________________
A68: (должность, подпись, расшифровка)

Sheet 4-143
A1: СОГЛАСОВАНО: | I1: УТВЕРЖДАЮ:
A4: ______________ | I4: ____________
A5: " _____ " ________________ 2012 г. | I5: "______ " _______________2012 г.
D6: Реконструкция комплекса по переработке РАО (пл.7Б)
D7: (наименование стройки)
D9: ЛОКАЛЬНЫЙ СМЕТНЫЙ РАСЧЕТ № 09-01-11изм1/4-143(313-2159)
D10: (локальная смета)
A12: на | B12: ПНР "вхолостую" пожарной сигнализации (взамен №09-01-11/4-2034(312-2176)).Здание 766
D13: (наименование работ и затрат, наименование объекта)
B15: Основание: 0503.07Б.0765-СМ.ВОР №313-2160, замечания ГГЭ от 19.07.13
B16: Сметная стоимость прочих _______________________________________________________________________________________________ | D16: ___________________________2,414 | F16: тыс. руб.
B17: Средства на оплату труда _______________________________________________________________________________________________ | D17: ___________________________1,472 | F17: тыс. руб.
B18: Сметная трудоемкость _______________________________________________________________________________________________ | D18: _______________________________________________________________________________________________70,6 | F18: чел.час
B19: Составлен(а) в ценах по состоянию на 01.01.2000г(редакция 2009)
A22: № пп | B22: Шифр и номер позиции норматива | C22: Наименование работ и затрат, единица измерения | D22: Количество | E22: Стоимость единицы, руб. | G22: Общая стоимость, руб. | J22: Затраты труда рабочих, чел.-ч, не занятых обслуживанием машин
E23: всего | F23: эксплуата- ции машин | G23: Всего | H23: оплаты труда | I23: эксплуата- ция машин
E24: оплаты труда | F24: в т.ч. оплаты труда | I24: в т.ч. оплаты труда | J24: на единицу | K24: всего
A25: 1 | B25: 2 | C25: 3 | D25: 4 | E25: 5 | F25: 6 | G25: 7 | H25: 8 | I25: 9 | J25: 10 | K25: 11
A26: Раздел 1. Пусконаладочные работы
A28: Пожарная сигнализация
A29: 1 | B29: ТЕРп02-01-002-01 | C29: Автоматизированная система управления II категории технической сложности с количеством каналов (Кобщ) 2 (1 система) | D29: 1 | E29: 366,98 366,98 | G29: 367 | H29: 367 | J29: 17.6 | K29: 17.6
A30: 2 | B30: ТЕРп02-01-002-02 | C30: Автоматизированная система управления II категории технической сложности с количеством каналов (Кобщ) за каждый канал свыше 2 до 9 добавлять к расценке 02-01-002-01 (1 канал) | D30: 6 | E30: 176,61 176,61 | G30: 1060 | H30: 1060 | J30: 8.47 | K30: 50.82
A31: Оповещение о пожаре
A32: 3 | B32: ТЕРп02-01-002-01 | C32: Автоматизированная система управления II категории технической сложности с количеством каналов (Кобщ) 2 (1 система) | D32: 1 | E32: 366,98 366,98 | G32: 367 | H32: 367 | J32: 17.6 | K32: 17.6
A33: 4 | B33: ТЕРп02-01-002-02 | C33: Автоматизированная система управления II категории технической сложности с количеством каналов (Кобщ) за каждый канал свыше 2 до 9 добавлять к расценке 02-01-002-01 (1 канал) | D33: 5 | E33: 176,61 176,61 | G33: 883 | H33: 883 | J33: 8.47 | K33: 42.35
A34: Итого прямые затраты по разделу в ценах 2001г. | G34: 2677 | H34: 2677 | K34: 128.37
A35: Итого прямые затраты по разделу с учетом коэффициентов к итогам (ФиМ ОЗП=0,55; ТЗ=0,55 (Поз. 1-4)) | G35: 1472 | H35: 1472 | K35: 70.6
A36: Накладные расходы | G36: 957
A37: Сметная прибыль | G37: 589
A38: Итоги по разделу 1 Пусконаладочные работы :
A39: Пусконаладочные работы: 'вхолостую' - 80%, 'под нагрузкой' - 20% | G39: 3018 | K39: 70.6
A40: Итого | G40: 3018 | K40: 70.6
A41: В том числе:
A42: ФОТ | G42: 1472
A43: Накладные расходы | G43: 957
A44: Сметная прибыль | G44: 589
A45: Итого по разделу 1 Пусконаладочные работы | G45: 3018 | K45: 70.6
A46: ИТОГИ ПО СМЕТЕ:
A47: Итого прямые затраты по смете в ценах 2001г. | G47: 2677 | H47: 2677 | K47: 128.37
A48: Итого прямые затраты по смете с учетом коэффициентов к итогам (ФиМ ОЗП=0,55; ТЗ=0,55 (Поз. 1-4)) | G48: 1472 | H48: 1472 | K48: 70.6
A49: Накладные расходы | G49: 957
A50: В том числе, справочно:
A51: 65% ФОТ (от 1472) (Поз. 1-4) | G51: 957
A52: Сметная прибыль | G52: 589
A53: В том числе, справочно:
A54: 40% ФОТ (от 1472) (Поз. 1-4) | G54: 589
A55: Итоги по смете:
A56: Пусконаладочные работы: 'вхолостую' - 80%, 'под нагрузкой' - 20%:
A57: Итого Поз. 1-4 | G57: 2677 | H57: 2677 | K57: 128.37
A58: Всего с учетом "ФиМ ОЗП=0,55; ТЗ=0,55" | G58: 1472 | H58: 1472 | K58: 70.6
A59: Накладные расходы 65% ФОТ (от 1 472) | G59: 957
A60: Сметная прибыль 40% ФОТ (от 1 472) | G60: 589
A61: Итого c накладными и см. прибылью | G61: 3018 | K61: 70.6
A62: Итого | G62: 3018 | K62: 70.6
A63: В том числе:
A64: ФОТ | G64: 1472
A65: Накладные расходы | G65: 957
A66: Сметная прибыль | G66: 589
A67: "Вхолостую" 3 018 * 0,8 | G67: 2414
A68: ВСЕГО по смете | G68: 2414 | K68: 70.6
A72: Составил инженер: ___________________________
A73: (должность, подпись, расшифровка)
A75: Проверил нач. группы: ___________________________
A76: (должность, подпись, расшифровка)

Sheet 4-144
A1: СОГЛАСОВАНО: | I1: УТВЕРЖДАЮ:
A4: ______________ | I4: ____________
A5: " _____ " ________________ 2012 г. | I5: "______ " _______________2012 г.
D6: Реконструкция комплекса по переработке РАО (пл.7Б)
D7: (наименование стройки)
D9: ЛОКАЛЬНЫЙ СМЕТНЫЙ РАСЧЕТ № 09-01-12изм1/4-144(313-2159)
D10: (локальная смета)
A12: на | B12: ПНР вхолостую грузоподъемного оборудования(взамен №09-01-12/4-2035(312-2176). Здание 765А
D13: (наименование работ и затрат, наименование объекта)
B15: Основание: 0503.07Б.0000-СМ.ВОР №313-2160, замечания ГГЭ от 19.07.13
B16: Сметная стоимость прочих _______________________________________________________________________________________________ | D16: ___________________________1,863 | F16: тыс. руб.
B17: Средства на оплату труда _______________________________________________________________________________________________ | D17: ___________________________1,653 | F17: тыс. руб.
B18: Сметная трудоемкость _______________________________________________________________________________________________ | D18: _______________________________________________________________________________________________110 | F18: чел.час
B19: Составлен(а) в ценах по состоянию на 01.01.2000г. (редакция 2009)
A22: № пп | B22: Шифр и номер позиции норматива | C22: Наименование работ и затрат, единица измерения | D22: Количество | E22: Стоимость единицы, руб. | G22: Общая стоимость, руб. | J22: Затраты труда рабочих, чел.-ч, не занятых обслуживанием машин
E23: всего | F23: эксплуата- ции машин | G23: Всего | H23: оплаты труда | I23: эксплуата- ция машин
E24: оплаты труда | F24: в т.ч. оплаты труда | I24: в т.ч. оплаты труда | J24: на единицу | K24: всего
A25: 1 | B25: 2 | C25: 3 | D25: 4 | E25: 5 | F25: 6 | G25: 7 | H25: 8 | I25: 9 | J25: 10 | K25: 11
A26: Раздел 1. Пусконаладочные работы
A27: 7 | B27: ТЕРп04-01-001-04 | C27: Кран подвесной электрический однобалочный однопролетный, управление с пола, высота подъема - 6, 12, 18 м; скорость: подъема - 8 м/мин, передвижения тали - 20 м/мин, передвижения крана - 32 м/мин; грузоподъемность: 5 т (1 кран) | D27: 1 | E27: 1653,3 1653,3 | G27: 1653 | H27: 1653 | J27: 110 | K27: 110
A28: Итого прямые затраты по разделу в ценах 2001г. | G28: 1653 | H28: 1653 | K28: 110
A29: Накладные расходы | G29: 1074
A30: Сметная прибыль | G30: 661
A31: Итоги по разделу 1 Пусконаладочные работы :
A32: Пусконаладочные работы: 'вхолостую' - 55%, 'под нагрузкой' - 45% | G32: 3388 | K32: 110
A33: Итого | G33: 3388 | K33: 110
A34: В том числе:
A35: ФОТ | G35: 1653
A36: Накладные расходы | G36: 1074
A37: Сметная прибыль | G37: 661
A38: Итого по разделу 1 Пусконаладочные работы | G38: 3388 | K38: 110
A39: ИТОГИ ПО СМЕТЕ:
A40: Итого прямые затраты по смете в ценах 2001г. | G40: 1653 | H40: 1653 | K40: 110
A41: Накладные расходы | G41: 1074
A42: В том числе, справочно:
A43: 65% ФОТ (от 1653) (Поз. 7) | G43: 1074
A44: Сметная прибыль | G44: 661
A45: В том числе, справочно:
A46: 40% ФОТ (от 1653) (Поз. 7) | G46: 661
A47: Итоги по смете:
A48: Пусконаладочные работы: 'вхолостую' - 55%, 'под нагрузкой' - 45% | G48: 3388 | K48: 110
A49: Итого | G49: 3388 | K49: 110
A50: В том числе:
A51: ФОТ | G51: 1653
A52: Накладные расходы | G52: 1074
A53: Сметная прибыль | G53: 661
A54: Вхолостую 55% 3 388 * 0,55 | G54: 1863
A55: ВСЕГО по смете | G55: 1863 | K55: 110
A59: Составил инженер: ___________________________
A60: (должность, подпись, расшифровка)
A62: Проверил нач. группы: ___________________________
A63: (должность, подпись, расшифровка)

Sheet 4-145
A1: СОГЛАСОВАНО: | I1: УТВЕРЖДАЮ:
A4: ______________ | I4: ____________
A5: " _____ " ________________ 2012 г. | I5: "______ " _______________2012 г.
D6: Реконструкция комплекса по переработке РАО (пл.7Б).
D7: (наименование стройки)
D9: ЛОКАЛЬНЫЙ СМЕТНЫЙ РАСЧЕТ № 09-01-13изм2/4-145(313-2430)
D10: (локальная смета)
A12: на | B12: ПНР "вхолостую" силового электрооборудования ( вз. №09-01-13 изм1/4-145(313-2159)), Здание 765А. Холодный склад ТРО.
D13: (наименование работ и затрат, наименование объекта)
B15: Основание: 0503.07Б.0000-СМ.ВОР.ЭМ инв.№313-2160изм.3, замечания экспертизы №5073-13/ГГЭ-8644/10 от 02.12.13 г.
B16: Сметная стоимость прочих _______________________________________________________________________________________________ | D16: ___________________________3,984 | F16: тыс. руб.
B17: Средства на оплату труда _______________________________________________________________________________________________ | D17: ___________________________2,429 | F17: тыс. руб.
B18: Сметная трудоемкость _______________________________________________________________________________________________ | D18: _______________________________________________________________________________________________149,32 | F18: чел.час
B19: Составлен(а) в ценах по состоянию на 01.01.2000г. (редакция 2009)
A22: № пп | B22: Шифр и номер позиции норматива | C22: Наименование работ и затрат, единица измерения | D22: Количество | E22: Стоимость единицы, руб. | G22: Общая стоимость, руб. | J22: Затраты труда рабочих, чел.-ч, не занятых обслуживанием машин
E23: всего | F23: эксплуата- ции машин | G23: Всего | H23: оплаты труда | I23: эксплуата- ция машин
E24: оплаты труда | F24: в т.ч. оплаты труда | I24: в т.ч. оплаты труда | J24: на единицу | K24: всего
A25: 1 | B25: 2 | C25: 3 | D25: 4 | E25: 5 | F25: 6 | G25: 7 | H25: 8 | I25: 9 | J25: 10 | K25: 11
A26: Раздел 1. Пусконаладочные работы
A27: 1 | B27: ТЕРп01-03-002-09 | C27: Выключатель трехполюсный напряжением до 1 кВ с полупроводниковым расцепителем максимального тока, номинальный ток до 630 А (1 шт.) | D27: 3 2+1 | E27: 119,12 119,12 | G27: 357 | H27: 357 | J27: 9 | K27: 27
A28: 2 | B28: ТЕРп01-09-001-01 | C28: Датчик контактный механический с числом цепей управления до 2 ( блок-контакты) (1 шт.) | D28: 9 3*3 | E28: 37,73 37,73 | G28: 340 | H28: 340 | J28: 2 | K28: 18
A29: 3 | B29: ТЕРп01-03-001-01 | C29: Выключатель однополюсный напряжением до 1 кВ с электромагнитным, тепловым или комбинированным расцепителем (1 шт.) | D29: 7 6+1 | E29: 19,85 19,85 | G29: 139 | H29: 139 | J29: 1.5 | K29: 10.5
A30: 4 | B30: ТЕРп01-11-011-01 | C30: Проверка наличия цепи между заземлителями и заземленными элементами (100 точек) | D30: 0.03 | E30: 288,64 288,64 | G30: 9 | H30: 9 | J30: 16 | K30: 0.48
A31: 5 | B31: ТЕРп01-11-013-01 | C31: Замер полного сопротивления цепи «фаза-нуль» (1 токоприемник) | D31: 9 6+3 | E31: 27,06 27,06 | G31: 244 | H31: 244 | J31: 1.5 | K31: 13.5
A32: 6 | B32: ТЕРп01-11-028-01 к=1,3 | C32: Измерение сопротивления изоляции мегаомметром кабельных и других линий напряжением до 1 кВ, предназначенных для передачи электроэнергии к распределительным устройствам, щитам, шкафам, коммутационным аппаратам и электропотребителям (1 линия) | D32: 2 | E32: 9,39 9,39 | G32: 19 | H32: 19 | J32: 0.52 | K32: 1.04
A33: 7 | B33: ТЕРп01-11-028-01 | C33: Измерение сопротивления изоляции мегаомметром кабельных и других линий напряжением до 1 кВ, предназначенных для передачи электроэнергии к распределительным устройствам, щитам, шкафам, коммутационным аппаратам и электропотребителям (1 линия) | D33: 7 4+3 | E33: 7,22 7,22 | G33: 51 | H33: 51 | J33: 0.4 | K33: 2.8
A34: 8 | B34: ТЕРп01-03-005-01 | C34: Разъединитель трехполюсный напряжением до 20 кВ, рубильник (1 шт.) | D34: 2 1+1 | E34: 103,22 103,22 | G34: 206 | H34: 206 | J34: 6 | K34: 12
A35: 9 | B35: ТЕРп01-12-021-02 | C35: Испытание аппарата коммутационного напряжением до 35 кВ (1 испытание) | D35: 11 | E35: 59,77 59,77 | G35: 657 | H35: 657 | J35: 3.5 | K35: 38.5
A36: 10 | B36: ТЕРп01-10-001-01 | C36: Сбор и реализация сигналов информации устройств защиты, автоматики электрических и технологических режимов (1 сигнал) | D36: 1 | E36: 24,72 24,72 | G36: 25 | H36: 25 | J36: 1.5 | K36: 1.5
A37: 11 | B37: ТЕРп01-07-001-01 | C37: Электродвигатель асинхронный с короткозамкнутым ротором, напряжением до 1 кВ (1 шт.) | D37: 8 | E37: 47,72 47,72 | G37: 382 | H37: 382 | J37: 3 | K37: 24
A38: Итого прямые затраты по разделу в ценах 2001г. | G38: 2429 | H38: 2429 | K38: 149.32
A39: Накладные расходы | G39: 1579
A40: Сметная прибыль | G40: 972
A41: Итоги по разделу 1 Пусконаладочные работы :
A42: Пусконаладочные работы: 'вхолостую' - 80%, 'под нагрузкой' - 20% | G42: 4980 | K42: 149.32
A43: Итого | G43: 4980 | K43: 149.32
A44: В том числе:
A45: ФОТ | G45: 2429
A46: Накладные расходы | G46: 1579
A47: Сметная прибыль | G47: 972
A48: Итого по разделу 1 Пусконаладочные работы | G48: 4980 | K48: 149.32
A49: ИТОГИ ПО СМЕТЕ:
A50: Итого прямые затраты по смете в ценах 2001г. | G50: 2429 | H50: 2429 | K50: 149.32
A51: Накладные расходы | G51: 1579
A52: Сметная прибыль | G52: 972
A53: Итоги по смете:
A54: Пусконаладочные работы: 'вхолостую' - 80%, 'под нагрузкой' - 20%:
A55: Итого Поз. 1-11 | G55: 2429 | H55: 2429 | K55: 149.32
A56: Накладные расходы 65% ФОТ (от 2 429) | G56: 1579
A57: Сметная прибыль 40% ФОТ (от 2 429) | G57: 972
A58: Итого c накладными и см. прибылью | G58: 4980 | K58: 149.32
A59: Итого | G59: 4980 | K59: 149.32
A60: В том числе:
A61: ФОТ | G61: 2429
A62: Накладные расходы | G62: 1579
A63: Сметная прибыль | G63: 972
A64: "Вхолостую" 4 980 * 0,8 | G64: 3984
A65: ВСЕГО по смете | G65: 3984 | K65: 149.32
A69: Составил инженер: ___________________________
A70: (должность, подпись, расшифровка)
A72: Проверил нач. группы: ___________________________
A73: (должность, подпись, расшифровка)

Sheet 4-146
A1: СОГЛАСОВАНО: | I1: УТВЕРЖДАЮ:
A4: ______________ | I4: ____________
A5: " _____ " ________________ 2012 г. | I5: "______ " _______________2012 г.
D6: Реконструкция комплекса по переработке РАО (пл.7Б)
D7: (наименование стройки)
D9: ЛОКАЛЬНЫЙ СМЕТНЫЙ РАСЧЕТ № 09-01-14изм1/4-146(313-2159)
D10: (локальная смета)
A12: на | B12: ПНР "вхолостую" оповещения о пожаре(взамен №09-01-14/4-2038(312-2176)).Холодный склад.Здание 765А
D13: (наименование работ и затрат, наименование объекта)
B15: Основание: 0503.07Б.0000-СМ.ВОР №313-2160, замечания ГГЭ от 19.07.13
B16: Сметная стоимость прочих _______________________________________________________________________________________________ | D16: ___________________________1,435 | F16: тыс. руб.
B17: Средства на оплату труда _______________________________________________________________________________________________ | D17: ___________________________0,875 | F17: тыс. руб.
B18: Сметная трудоемкость _______________________________________________________________________________________________ | D18: _______________________________________________________________________________________________41,97 | F18: чел.час
B19: Составлен(а) в ценах по состоянию на 01.01.2000г(редакция 2009)
A22: № пп | B22: Шифр и номер позиции норматива | C22: Наименование работ и затрат, единица измерения | D22: Количество | E22: Стоимость единицы, руб. | G22: Общая стоимость, руб. | J22: Затраты труда рабочих, чел.-ч, не занятых обслуживанием машин
E23: всего | F23: эксплуата- ции машин | G23: Всего | H23: оплаты труда | I23: эксплуата- ция машин
E24: оплаты труда | F24: в т.ч. оплаты труда | I24: в т.ч. оплаты труда | J24: на единицу | K24: всего
A25: 1 | B25: 2 | C25: 3 | D25: 4 | E25: 5 | F25: 6 | G25: 7 | H25: 8 | I25: 9 | J25: 10 | K25: 11
A26: Раздел 1. Пусконаладочные работы
A27: 1 | B27: ТЕРп02-01-002-01 | C27: Автоматизированная система управления II категории технической сложности с количеством каналов (Кобщ) 2 (1 система) | D27: 1 | E27: 366,98 366,98 | G27: 367 | H27: 367 | J27: 17.6 | K27: 17.6
A28: 2 | B28: ТЕРп02-01-002-02 | C28: Автоматизированная система управления II категории технической сложности с количеством каналов (Кобщ) за каждый канал свыше 2 до 9 добавлять к расценке 02-01-002-01 (1 канал) | D28: 5 | E28: 176,61 176,61 | G28: 883 | H28: 883 | J28: 8.47 | K28: 42.35
A29: Итого прямые затраты по разделу в ценах 2001г. | G29: 1250 | H29: 1250 | K29: 59.95
A30: Итого прямые затраты по разделу с учетом коэффициентов к итогам (ФиМ ОЗП=0,7; ТЗ=0,7 (Поз. 1-2)) | G30: 875 | H30: 875 | K30: 41.97
A31: Накладные расходы | G31: 569
A32: Сметная прибыль | G32: 350
A33: Итоги по разделу 1 Пусконаладочные работы :
A34: Пусконаладочные работы: 'вхолостую' - 80%, 'под нагрузкой' - 20% | G34: 1794 | K34: 41.97
A35: Итого | G35: 1794 | K35: 41.97
A36: В том числе:
A37: ФОТ | G37: 875
A38: Накладные расходы | G38: 569
A39: Сметная прибыль | G39: 350
A40: Итого по разделу 1 Пусконаладочные работы | G40: 1794 | K40: 41.97
A41: ИТОГИ ПО СМЕТЕ:
A42: Итого прямые затраты по смете в ценах 2001г. | G42: 1250 | H42: 1250 | K42: 59.95
A43: Итого прямые затраты по смете с учетом коэффициентов к итогам (ФиМ ОЗП=0,7; ТЗ=0,7 (Поз. 1-2)) | G43: 875 | H43: 875 | K43: 41.97
A44: Накладные расходы | G44: 569
A45: В том числе, справочно:
A46: 65% ФОТ (от 875) (Поз. 1-2) | G46: 569
A47: Сметная прибыль | G47: 350
A48: В том числе, справочно:
A49: 40% ФОТ (от 875) (Поз. 1-2) | G49: 350
A50: Итоги по смете:
A51: Пусконаладочные работы: 'вхолостую' - 80%, 'под нагрузкой' - 20% | G51: 1794 | K51: 41.97
A52: Итого | G52: 1794 | K52: 41.97
A53: В том числе:
A54: ФОТ | G54: 875
A55: Накладные расходы | G55: 569
A56: Сметная прибыль | G56: 350
A57: "Вхолостую" 1 794 * 0,8 | G57: 1435
A58: ВСЕГО по смете | G58: 1435 | K58: 41.97
A62: Составил инженер: ___________________________
A63: (должность, подпись, расшифровка)
A65: Проверил нач. группы: ___________________________
A66: (должность, подпись, расшифровка)

Sheet 4-147
A1: СОГЛАСОВАНО: | I1: УТВЕРЖДАЮ:
A4: ______________ | I4: ____________
A5: " _____ " ________________ 2012 г. | I5: "______ " _______________2012 г.
D6: ФГУП"Комбинат"Электрохимприбор"
D7: (наименование стройки)
D9: ЛОКАЛЬНЫЙ СМЕТНЫЙ РАСЧЕТ № 09-01-15изм14-147 (313-2159)
D10: (локальная смета)
A12: на | B12: ПНР вхолостую реконструкции 2КТПНУ (взамен №09-01-154-2040(312-2176))
D13: (наименование работ и затрат, наименование объекта)
B15: Основание: 0503.07Б.0000-СМ.ВОР №313-2160, замечания ГГЭ от 19.07.13
B16: Сметная стоимость прочих _______________________________________________________________________________________________ | D16: ___________________________5,358 | F16: тыс. руб.
B17: Средства на оплату труда _______________________________________________________________________________________________ | D17: ___________________________3,267 | F17: тыс. руб.
B18: Сметная трудоемкость _______________________________________________________________________________________________ | D18: _______________________________________________________________________________________________194,38 | F18: чел.час
B19: Составлен(а) в ценах по состоянию на 01.01.2000г (редакция 2009)
A22: № пп | B22: Шифр и номер позиции норматива | C22: Наименование работ и затрат, единица измерения | D22: Количество | E22: Стоимость единицы, руб. | G22: Общая стоимость, руб. | J22: Затраты труда рабочих, чел.-ч, не занятых обслуживанием машин
E23: всего | F23: эксплуата- ции машин | G23: Всего | H23: оплаты труда | I23: эксплуата- ция машин
E24: оплаты труда | F24: в т.ч. оплаты труда | I24: в т.ч. оплаты труда | J24: на единицу | K24: всего
A25: 1 | B25: 2 | C25: 3 | D25: 4 | E25: 5 | F25: 6 | G25: 7 | H25: 8 | I25: 9 | J25: 10 | K25: 11
A26: Раздел 1.
A27: 1 | B27: ТЕРп01-02-005-04 | C27: Трансформатор силовой сухой трехфазный напряжением до 11 кВ (1 шт.) | D27: 2 | E27: 426,95 426,95 | G27: 854 | H27: 854 | J27: 25 | K27: 50
A28: 2 | B28: ТЕРп01-11-011-01 | C28: Проверка наличия цепи между заземлителями и заземленными элементами (100 точек) К=1,225 | D28: 0,04 0,01*4 | E28: 353,58 288,64 | G28: 14 | H28: 12 | J28: 16 | K28: 0.64
A29: 3 | B29: ТЕРп01-12-021-01 | C29: Испытание аппарата коммутационного напряжением до 1 кВ (силовых цепей) (1 испытание) | D29: 2 | E29: 34,16 34,16 | G29: 68 | H29: 68 | J29: 2 | K29: 4
A30: 4 | B30: ТЕРп01-12-020-01 | C30: Испытание сборных и соединительных шин напряжением до 11 кВ (1 испытание) | D30: 6 | E30: 145,33 145,33 | G30: 872 | H30: 872 | J30: 9 | K30: 54
A31: Панель линейная ЩО70-3М-07УЗ (2шт)
A32: 5 | B32: ТЕРп01-03-005-01 Постан.Правит.Свердл.обл. от 10.11.10 №1616-ПП | C32: Разъединитель трехполюсный напряжением до 20 кВ, рубильник (1 шт.) НР (268 руб.): 65% от ФОТ СП (165 руб.): 40% от ФОТ | D32: 4 2*2 | E32: 103,22 103,22 | G32: 413 | H32: 413 | J32: 6 | K32: 24
A33: 6 | B33: ТЕРп01-02-017-01 Постан.Правит.Свердл.обл. от 10.11.10 №1616-ПП | C33: Трансформатор тока измерительный выносной напряжением до 1 кВ (1 шт.) НР (66 руб.): 65% от ФОТ СП (41 руб.): 40% от ФОТ | D33: 4 2*2 | E33: 25,62 25,62 | G33: 102 | H33: 102 | J33: 1.5 | K33: 6
A34: 7 | B34: ТЕРп01-03-001-01 | C34: Выключатель однополюсный напряжением до 1 кВ с электромагнитным, тепловым или комбинированным расцепителем (1 шт.) | D34: 4 2*2 | E34: 19,85 19,85 | G34: 79 | H34: 79 | J34: 1.5 | K34: 6
A35: 8 | B35: ТЕРп01-02-017-02 | C35: Трансформатор тока измерительный выносной напряжением до 11 кВ, с твердой изоляцией (1 шт.) | D35: 6 | E35: 85,39 85,39 | G35: 512 | H35: 512 | J35: 5 | K35: 30
A36: 9 | B36: ТЕРп01-11-028-01 | C36: Измерение сопротивления изоляции мегаомметром кабельных и других линий напряжением до 1 кВ, предназначенных для передачи электроэнергии к распределительным устройствам, щитам, шкафам, коммутационным аппаратам и электропотребителям (1 линия) К=1,225 | D36: 6 | E36: 8,84 7,22 | G36: 53 | H36: 43 | J36: 0.4 | K36: 2.4
A37: 10 | B37: ТЕРп01-11-024-02 | C37: Фазировка электрической линии или трансформатора с сетью напряжением свыше 1 кВ (1 фазировка) К=1,225 | D37: 6 | E37: 44,2 36,08 | G37: 265 | H37: 216 | J37: 2 | K37: 12
A38: 11 | B38: ТЕРп01-11-011-01 | C38: Проверка наличия цепи между заземлителями и заземленными элементами (100 точек) ПЗ=1,225 | D38: 0,1 0,01*10 | E38: 353,58 288,64 | G38: 35 | H38: 29 | J38: 16 | K38: 1.6
A39: Итого прямые затраты по разделу в ценах 2001г. | G39: 3267 | H39: 3267 | K39: 194.38
A40: Накладные расходы | G40: 2124
A41: Сметная прибыль | G41: 1307
A42: Итого по разделу 1
A43: Пусконаладочные работы: 'вхолостую' - 80%, 'под нагрузкой' - 20% | G43: =G39+G40+G41 -> 6698 | K43: =K39 -> 194.38
A44: Итого | G44: =G43 -> 6698 | K44: =K43 -> 194.38
A45: В том числе:
A46: ФОТ | G46: =G39 -> 3267
A47: Накладные расходы | G47: =G40 -> 2124
A48: Сметная прибыль | G48: =G41 -> 1307
A49: Итого по разделу 1 | G49: =G46+G47+G48 -> 6698 | K49: =K44 -> 194.38
A50: ИТОГИ ПО СМЕТЕ:
A51: Итого прямые затраты по смете в ценах 2001г. | G51: 3267 | H51: 3267 | K51: =K49 -> 194.38
A52: Накладные расходы | G52: =G47 -> 2124
A53: Сметная прибыль | G53: =G48 -> 1307
A54: ВСЕГО по смете
A55: Пусконаладочные работы: 'вхолостую' - 80%, 'под нагрузкой' - 20% | G55: =G49 -> 6698 | K55: =K51 -> 194.38
A56: Итого | G56: =G55 -> 6698 | K56: =K55 -> 194.38
A57: В том числе:
A58: ФОТ | G58: 3267
A59: Накладные расходы | G59: 2124
A60: Сметная прибыль | G60: 1307
A61: "Вхолостую" 6 698*0,8 | G61: 5358
A62: ВСЕГО по смете | G62: =G61 -> 5358 | K62: =K49 -> 194.38
A66: Составил: ___________________________
A67: (должность, подпись, расшифровка)
A69: Проверил: ___________________________
A70: (должность, подпись, расшифровка)

Sheet Расчет-7Б
A1: Расчет начальной (максимальной) цены
A2: на пусконаладочные работы по объекту "Реконструкция комплекса по переработке РАО, площадка 7Б"
A4: Наименование глав ССР, объектный сметных расчетов, локальных сметных расчетов, видов прочих работ | B4: Сметная стоимость строительства в базисном уровне цен на 01.01.2000г. по ССР | F4: Остаток сметной стоимости в базисном уровне цен на дату проведения процедуры закупки | J4: Сметная стоимость строительства в базисном уровне цен на 01.01.2000г., выставленная на конкурс | N4: Текущая стоимость на момент определения начальной (максимальной) цены | O4: № обосновывающего расчета | P4: 2015 год
B5: СМР | C5: Оборудование | D5: Прочие | E5: Всего | F5: СМР | G5: Оборудование | H5: Прочие | I5: Всего | J5: СМР | K5: Оборудование | L5: Прочие | M5: Всего | P5: СМР | Q5: Оборудование | R5: Прочие
A6: 1 | B6: 2 | C6: 3 | D6: 4 | E6: 5 | F6: 6 | G6: 7 | H6: 8 | I6: 9 | J6: 11 | K6: 12 | L6: 13 | N6: 14 | O6: 15 | P6: 16 | Q6: 17 | R6: 18
A7: Глава 9. Прочие работы и затраты
A8: Здание 765. Здание переработки РАО
A9: ПНР "вхолостую" систем вентиляции | D9: ='3-107'!G60 -> 23540 | E9: =SUM(B9:D9) -> 23540 | H9: =D9 -> 23540 | I9: =SUM(F9:H9) -> 23540 | L9: =R9 -> 23540 | M9: =SUM(J9:L9) -> 23540 | N9: =ROUND(R9*10.05,0) -> 236577 | O9: 313-2159/09-01-01 изм.1/3-107 (взамен 09-01-01/3-1907/312-2176) | R9: =H9 -> 23540
A10: ПНР "вхолостую" технологического оборудования | D10: ='4-134'!G71 -> 51089 | E10: =SUM(B10:D10) -> 51089 | H10: =D10 -> 51089 | I10: =SUM(F10:H10) -> 51089 | L10: =R10 -> 51089 | M10: =SUM(J10:L10) -> 51089 | N10: =ROUND(R10*10.05,0) -> 513444 | O10: 313-2159/09-01-02 изм.1/4-134 (взамен №09-01-02/4-2023/312-2176) | R10: =H10 -> 51089
A11: ПНР "вхолостую" технологического оборудования прачечной | D11: ='4-135'!G58 -> 1530 | E11: =SUM(B11:D11) -> 1530 | H11: =D11 -> 1530 | I11: =SUM(F11:H11) -> 1530 | L11: =R11 -> 1530 | M11: =SUM(J11:L11) -> 1530 | N11: =ROUND(R11*10.05,0) -> 15377 | O11: 313-2159/09-01-03 изм.1/4-135 (взамен №09-01-03/4-2024/312-2176) | R11: =H11 -> 1530
A12: ПНР "вхолостую" грузоподъемного оборудования | D12: ='4-136'!G59 -> 24622 | E12: =SUM(B12:D12) -> 24622 | H12: =D12 -> 24622 | I12: =SUM(F12:H12) -> 24622 | L12: =R12 -> 24622 | M12: =SUM(J12:L12) -> 24622 | N12: =ROUND(R12*10.05,0) -> 247451 | O12: 313-2159/09-01-04 изм.1/4-136 (взамен №09-01-04/4-2025/312-2176) | R12: =H12 -> 24622
A13: ПНР "вхолостую" силового электрооборудования | D13: ='4-137'!G87 -> 58754 | E13: =SUM(B13:D13) -> 58754 | H13: =D13 -> 58754 | I13: =SUM(F13:H13) -> 58754 | L13: =R13 -> 58754 | M13: =SUM(J13:L13) -> 58754 | N13: =ROUND(R13*10.05,0) -> 590478 | O13: 313-2430/09-01-05 изм.2/4-137 (взамен №09-01-05 изм1/4-137/313-2159) | R13: =H13 -> 58754
A14: ПНР "вхолостую" электроосвещения | D14: ='4-138'!G77 -> 31554 | E14: =SUM(B14:D14) -> 31554 | H14: =D14 -> 31554 | I14: =SUM(F14:H14) -> 31554 | L14: =R14 -> 31554 | M14: =SUM(J14:L14) -> 31554 | N14: =ROUND(R14*10.05,0) -> 317118 | O14: 313-2430/09-01-06 изм.2/4-138 (взамен №09-01-06изм1/4-138/313-2159) | R14: =H14 -> 31554
A15: ПНР "вхолостую" автоматизации вентсистем и технологического контроля | D15: ='4-139'!G64 -> 30499 | E15: =SUM(B15:D15) -> 30499 | H15: =D15 -> 30499 | I15: =SUM(F15:H15) -> 30499 | L15: =R15 -> 30499 | M15: =SUM(J15:L15) -> 30499 | N15: =ROUND(R15*10.05,0) -> 306515 | O15: 313-2430/09-01-07 изм.2/4-139 (взамен №09-01-07изм1/4-139/313-2159) | R15: =H15 -> 30499
A16: ПНР "вхолостую" автоматизации ИТП | D16: ='4-140'!G68 -> 5364 | E16: =SUM(B16:D16) -> 5364 | H16: =D16 -> 5364 | I16: =SUM(F16:H16) -> 5364 | L16: =R16 -> 5364 | M16: =SUM(J16:L16) -> 5364 | N16: =ROUND(R16*10.05,0) -> 53908 | O16: 313-2430/09-01-08 изм.2/4-140 (взамен №09-01-08изм1/4-140/313-2159) | R16: =H16 -> 5364
A17: ПНР "вхолостую" пожарной сигнализации и оповещения о пожаре | D17: ='4-141'!G54 -> 38835 | E17: =SUM(B17:D17) -> 38835 | H17: =D17 -> 38835 | I17: =SUM(F17:H17) -> 38835 | L17: =R17 -> 38835 | M17: =SUM(J17:L17) -> 38835 | N17: =ROUND(R17*10.05,0) -> 390292 | O17: 313-2430/09-01-09 изм.2/4-141 (взамен №09-01-09изм1/4-141/313-2159) | R17: =H17 -> 38835
A18: ПНР "вхолостую" охранной сигнализации | D18: ='4-142'!G60 -> 3027 | E18: =SUM(B18:D18) -> 3027 | H18: =D18 -> 3027 | I18: =SUM(F18:H18) -> 3027 | L18: =R18 -> 3027 | M18: =SUM(J18:L18) -> 3027 | N18: =ROUND(R18*10.05,0) -> 30421 | O18: 313-2430/09-01-10 изм.2/4-142 (взамен №09-01-10изм1/4-142/313-2159) | R18: =H18 -> 3027
A19: Здание 766А. Переходная галерея
A20: ПНР "вхолостую" пожарной сигнализации | D20: ='4-143'!G68 -> 2414 | E20: =SUM(B20:D20) -> 2414 | H20: =D20 -> 2414 | I20: =SUM(F20:H20) -> 2414 | L20: =R20 -> 2414 | M20: =SUM(J20:L20) -> 2414 | N20: =ROUND(R20*10.05,0) -> 24261 | O20: 313-2159/09-01-11 изм.1/4-143 (взамен №09-01-11/4-2034/312-2176) | R20: =H20 -> 2414
A21: Здание 765А. Склад для хранения бочек с ТРО
A22: ПНР "вхолостую" грузоподъемного оборудования | D22: ='4-144'!G55 -> 1863 | E22: =SUM(B22:D22) -> 1863 | H22: =D22 -> 1863 | I22: =SUM(F22:H22) -> 1863 | L22: =R22 -> 1863 | M22: =SUM(J22:L22) -> 1863 | N22: =ROUND(R22*10.05,0) -> 18723 | O22: 313-2159/09-01-12 изм.1/4-144 (взамен №09-01-12/4-2035/312-2176) | R22: =H22 -> 1863
A23: ПНР "вхолостую" силового электрооборудования | D23: ='4-145'!G65 -> 3984 | E23: =SUM(B23:D23) -> 3984 | H23: =D23 -> 3984 | I23: =SUM(F23:H23) -> 3984 | L23: =R23 -> 3984 | M23: =SUM(J23:L23) -> 3984 | N23: =ROUND(R23*10.05,0) -> 40039 | O23: 313-2159/09-01-14 изм.1/4-146 (взамен №09-01-14/4-2038/312-2176) | R23: =H23 -> 3984
A24: ПНР "вхолостую" оповещения о пожаре | D24: ='4-146'!G58 -> 1435 | E24: =SUM(B24:D24) -> 1435 | H24: =D24 -> 1435 | I24: =SUM(F24:H24) -> 1435 | L24: =R24 -> 1435 | M24: =SUM(J24:L24) -> 1435 | N24: =ROUND(R24*10.05,0) -> 14422 | O24: 313-2159/09-01-14 изм.1/4-146 (взамен №09-01-14/4-2038/312-2176) | R24: =H24 -> 1435
A25: Наружные сети
A26: ПНР "вхолостую" трансформаторной подстанции 2КТПНУ | D26: ='4-147'!G62 -> 5358 | E26: =SUM(B26:D26) -> 5358 | H26: =D26 -> 5358 | I26: =SUM(F26:H26) -> 5358 | L26: =R26 -> 5358 | M26: =SUM(J26:L26) -> 5358 | N26: =ROUND(R26*10.05,0) -> 53848 | O26: 313-2159/09-01-15 изм.1/4-147 (взамен №09-01-15/4-2040/312-2176) | R26: =H26 -> 5358
A27: Итого по главе 9: | D27: =SUM(D9:D26) -> 283868 | E27: =SUM(E9:E26) -> 283868 | H27: =SUM(H9:H26) -> 283868 | I27: =SUM(I9:I26) -> 283868 | L27: =SUM(L9:L26) -> 283868 | M27: =SUM(M9:M26) -> 283868 | N27: =SUM(N9:N26) -> 2852874 | R27: =SUM(R9:R26) -> 283868
A28: Итого в ценах 2000 года: | D28: =D27 -> 283868 | E28: =SUM(E8:E26) -> 283868 | H28: =SUM(H8:H26) -> 283868 | I28: =SUM(I8:I26) -> 283868 | L28: =SUM(L8:L26) -> 283868 | M28: =SUM(M8:M26) -> 283868 | R28: =SUM(R8:R26) -> 283868
A29: Итого в текущих ценах*: | N29: =SUM(P29:R29) -> 2852873 | R29: =ROUND(R28*10.05,0) -> 2852873
A30: НДС 18% | N30: =SUM(P30:R30) -> 513517.14 | R30: =ROUND(R29*18%,2) -> 513517.14
A31: Всего с НДС: | N31: =N29+N30 -> 3366390.1 | R31: =R29+R30 -> 3366390.1
A33: * В расчете использованы индексы:
A34: - 10,05 индекс изменения сметной стоимости ПНР к ТЕР 2001 (письмо Минстроя России от 06.02.2015г. № 3004-АС/08 приложение 1, пусконаладочные работы)
A36: Начальник отдела капитального строительства ФГУП "Комбинат "Электрохимприбор"
A38: Инженер по проектно-сметной работе
A40: Согласовано

Sheet 4-1370А
A1: СОГЛАСОВАНО: | I1: УТВЕРЖДАЮ:
A4: ______________ | I4: ____________
A5: " _____ " ________________ 2012 г. | I5: "______ " _______________2012 г.
D6: г. Лесной. Свердловская область ФГУП "Комбинат "ЭХП" Площадка 2
D7: (наименование стройки)
D9: ЛОКАЛЬНЫЙ СМЕТНЫЙ РАСЧЕТ № Расчет изм.1/4-1370А (313-2100)
D10: (локальная смета)
A12: на | B12: ПНР вхолостую грузоподъемного оборудования (взамен Расчет/4-1370А (312-2599)), Реконструкция здания 292А/4
D13: (наименование работ и затрат, наименование объекта)
B15: Основание: 0503.002.292А/4-СМ.ВОР №312-2600 изм.1
B16: Сметная стоимость прочих _______________________________________________________________________________________________ | D16: ___________________________4,440 | F16: тыс. руб.
B17: Средства на оплату труда _______________________________________________________________________________________________ | D17: ___________________________3,938 | F17: тыс. руб.
B18: Сметная трудоемкость _______________________________________________________________________________________________ | D18: _______________________________________________________________________________________________217 | F18: чел.час
B19: Трудозатраты механизаторов _______________________________________________________________________________________________ | D19: _______________________________________________________________________________________________0 | F19: чел.час
B20: Составлен(а) в ценах по состоянию на 01.01.2000г. (редакция 2009г.)
A23: № пп | B23: Шифр и номер позиции норматива | C23: Наименование работ и затрат, единица измерения | D23: Количество | E23: Стоимость единицы, руб. | G23: Общая стоимость, руб. | J23: Затраты труда рабочих, чел.-ч, не занятых обслуживанием машин
E24: всего | F24: эксплуата- ции машин | G24: Всего | H24: оплаты труда | I24: эксплуата- ция машин
E25: оплаты труда | F25: в т.ч. оплаты труда | I25: в т.ч. оплаты труда | J25: на единицу | K25: всего
A26: 1 | B26: 2 | C26: 3 | D26: 4 | E26: 5 | F26: 6 | G26: 7 | H26: 8 | I26: 9 | J26: 10 | K26: 11
A27: Раздел 1. Пусконаладочные работы
A28: 1 | B28: ТЕРп04-01-007-01 к=0,7 однотип. оборудование | C28: Кран мостовой электрический, высота подъема - 16 м; скорость: подъема - 2,2-19,2 м/мин, передвижения тележки - 19,2-43 м/мин, передвижения крана - 37,8-120 м/мин; грузоподъемность до 5 т, пролетом 7,5+16,5 м (1 кран) | D28: 2 | E28: 1408,59 1408,59 | G28: 2817 | H28: 2817 | J28: 80.5 | K28: 161
A29: 2 | B29: ТЕРп04-01-029-02 | C29: Кран-штабелер электрический мостовой опорный, управление с пола, высота подъема груза - 5,2-5,5 м; скорость: подъема груза - 0,2 м/с, передвижения тележки - 0,3 м/с, передвижения крана - 0,8 м/с; грузоподъемность 0,5 т, пролет 0,5+11,1м (1 кран) | D29: 1 | E29: 1120,84 1120,84 | G29: 1121 | H29: 1121 | J29: 56 | K29: 56
A30: Итого прямые затраты по разделу в ценах 2001г. | G30: 3938 | H30: 3938 | K30: 217
A31: Накладные расходы | G31: 2560
A32: Сметная прибыль | G32: 1575
A33: Итоги по разделу 1 Пусконаладочные работы :
A34: Пусконаладочные работы: 'вхолостую' - 55%, 'под нагрузкой' - 45% | G34: 8073 | K34: 217
A35: Итого | G35: 8073 | K35: 217
A36: В том числе:
A37: ФОТ | G37: 3938
A38: Накладные расходы | G38: 2560
A39: Сметная прибыль | G39: 1575
A40: Итого по разделу 1 Пусконаладочные работы | G40: 8073 | K40: 217
A41: ИТОГИ ПО СМЕТЕ:
A42: Итого прямые затраты по смете в ценах 2001г. | G42: 3938 | H42: 3938 | K42: 217
A43: Накладные расходы | G43: 2560
A44: В том числе, справочно:
A45: 65% ФОТ (от 3938) (Поз. 1-2) | G45: 2560
A46: Сметная прибыль | G46: 1575
A47: В том числе, справочно:
A48: 40% ФОТ (от 3938) (Поз. 1-2) | G48: 1575
A49: Итоги по смете:
A50: Пусконаладочные работы: 'вхолостую' - 55%, 'под нагрузкой' - 45%:
A51: Итого Поз. 1-2 | G51: 3938 | H51: 3938 | K51: 217
A52: Накладные расходы 65% ФОТ (от 3 938) | G52: 2560
A53: Сметная прибыль 40% ФОТ (от 3 938) | G53: 1575
A54: Итого c накладными и см. прибылью | G54: 8073 | K54: 217
A55: Итого | G55: 8073 | K55: 217
A56: В том числе:
A57: ФОТ | G57: 3938
A58: Накладные расходы | G58: 2560
A59: Сметная прибыль | G59: 1575
A60: "Вхолостую" 8 073 * 0,55 | G60: 4440
A61: ВСЕГО по смете | G61: 4440 | K61: 217
A65: Составил инженер: ___________________________
A66: (должность, подпись, расшифровка)
A68: Проверил нач. группы: ___________________________
A69: (должность, подпись, расшифровка)

Sheet 4-1372А
A1: СОГЛАСОВАНО: | I1: УТВЕРЖДАЮ:
A4: ______________ | I4: ____________
A5: " _____ " ________________ 2012 г. | I5: "______ " _______________2012 г.
D6: г. Лесной. Свердловская область ФГУП "Комбинат "ЭХП" Площадка 2
D7: (наименование стройки)
D9: ЛОКАЛЬНЫЙ СМЕТНЫЙ РАСЧЕТ № Расчет изм.1/4-1372А (313-2100)
D10: (локальная смета)
A12: на | B12: ПНР вхолостую силового электрооборудования (взамен Расчет/4-1372А (312-2599)), Реконструкция здания 292А/4
D13: (наименование работ и затрат, наименование объекта)
B15: Основание: 0503.00.292А/4-СМ.ВОР инв. 312-2600 изм.1
B16: Сметная стоимость прочих _______________________________________________________________________________________________ | D16: ___________________________49,630 | F16: тыс. руб.
B17: Средства на оплату труда _______________________________________________________________________________________________ | D17: ___________________________30,262 | F17: тыс. руб.
B18: Сметная трудоемкость _______________________________________________________________________________________________ | D18: _______________________________________________________________________________________________1677,78 | F18: чел.час
B19: Трудозатраты механизаторов _______________________________________________________________________________________________ | D19: _______________________________________________________________________________________________0 | F19: чел.час
B20: Составлен(а) в ценах по состоянию на 01.01.2000г. (редакция 2009г.)
A23: № пп | B23: Шифр и номер позиции норматива | C23: Наименование работ и затрат, единица измерения | D23: Количество | E23: Стоимость единицы, руб. | G23: Общая стоимость, руб. | J23: Затраты труда рабочих, чел.-ч, не занятых обслуживанием машин
E24: всего | F24: эксплуата- ции машин | G24: Всего | H24: оплаты труда | I24: эксплуата- ция машин
E25: оплаты труда | F25: в т.ч. оплаты труда | I25: в т.ч. оплаты труда | J25: на единицу | K25: всего
A26: 1 | B26: 2 | C26: 3 | D26: 4 | E26: 5 | F26: 6 | G26: 7 | H26: 8 | I26: 9 | J26: 10 | K26: 11
A27: Раздел 1. Пусконаладочные работы
A28: 1 | B28: ТЕРп01-03-002-05 | C28: Выключатель трехполюсный напряжением до 1 кВ с электромагнитным, тепловым или комбинированным расцепителем, номинальный ток до 200 А (во ВРУи щитах ЩР,управления кранами) (1 шт.) | D28: 19 8+6+5 | E28: 39,71 39,71 | G28: 754 | H28: 754 | J28: 3 | K28: 57
A29: 2 | B29: ТЕРп01-03-002-04 | C29: Выключатель трехполюсный напряжением до 1 кВ с электромагнитным, тепловым или комбинированным расцепителем, номинальный ток до 50 А (1 шт.) | D29: 70 65-8-6+5*3+4 | E29: 26,47 26,47 | G29: 1853 | H29: 1853 | J29: 2 | K29: 140
A30: 3 | B30: ТЕРп01-03-001-01 | C30: Выключатель однополюсный: с электромагнитным, тепловым или комбинированным расцепителем (1 шт.) | D30: 21 4+5*2+3+1+1*3 | E30: 19,85 19,85 | G30: 417 | H30: 417 | J30: 1.5 | K30: 31.5
A31: 4 | B31: ТЕРп01-03-002-06 | C31: Выключатель трехполюсный напряжением до 1 кВ с электромагнитным, тепловым или комбинированным расцепителем, номинальный ток до 600 А (1 шт.) | D31: 2 | E31: 52,94 52,94 | G31: 106 | H31: 106 | J31: 4 | K31: 8
A32: 5 | B32: ТЕРп01-02-017-01 | C32: Трансформатор тока измерительный выносной напряжением до 1 кВ ( к-т ВРУ) (1 шт.) | D32: 6 2*3 | E32: 25,62 25,62 | G32: 154 | H32: 154 | J32: 1.5 | K32: 9
A33: 6 | B33: ТЕРп01-08-033-02 | C33: Конденсатор статический напряжением до 1 кВ трехфазный (1 шт.) | D33: 2 | E33: 67,41 67,41 | G33: 135 | H33: 135 | J33: 3.5 | K33: 7
A34: 7 | B34: ТЕРп01-12-022-01 | C34: Испытание конденсатора статического напряжением до 3 кВ (1 испытание) | D34: 6 2*3 | E34: 51,23 51,23 | G34: 307 | H34: 307 | J34: 3 | K34: 18
A35: 8 | B35: ТЕРп01-08-022-01 | C35: Тиристорный преобразователь частоты напряжением до 1 кВ двухзвенный, ток до 200 А (1 устройство) | D35: 4 | E35: 5142,15 5142,15 | G35: 20569 | H35: 20569 | J35: 267 | K35: 1068
A36: 9 | B36: ТЕРп01-09-002-01 | C36: Датчик бесконтактный с числом «вход-выход» до 3 (1 шт.) | D36: 6 1+5 | E36: 150,92 150,92 | G36: 906 | H36: 906 | J36: 8 | K36: 48
A37: 10 | B37: ТЕРп01-12-021-02 | C37: Испытание аппарата коммутационного напряжением до 35 кВ (1 испытание) | D37: 54 | E37: 59,77 59,77 | G37: 3228 | H37: 3228 | J37: 3.5 | K37: 189
A38: 11 | B38: ТЕРп01-11-028-01 | C38: Измерение сопротивления изоляции мегаомметром: кабельных и других линий напряжением до 1 кВ, предназначенных для передачи электроэнергии к распределительным устройствам, щитам, шкафам, коммутационным аппаратам и электропотребителям (1 линия) | D38: 29 21+8 | E38: 9,39 9,39 | G38: 272 | H38: 272 | J38: 0.52 | K38: 15.08
A39: 12 | B39: ТЕРп01-11-013-01 | C39: Замер полного сопротивления цепи "фаза-нуль" (1 токоприемник) | D39: 28 | E39: 27,06 27,06 | G39: 758 | H39: 758 | J39: 1.5 | K39: 42
A40: 13 | B40: ТЕРп01-11-024-01 | C40: Фазировка электрической линии или трансформатора с сетью напряжением, кВ: до 1 (1 фазировка) | D40: 29 | E40: 18,04 18,04 | G40: 523 | H40: 523 | J40: 1 | K40: 29
A41: 14 | B41: ТЕРп01-12-029-01 | C41: Цепи вторичной коммутации (1 испытание) | D41: 6 | E41: 33,95 33,95 | G41: 204 | H41: 204 | J41: 2 | K41: 12
A42: 15 | B42: ТЕРп01-11-028-02 | C42: Измерение сопротивления изоляции мегаомметром: обмоток машин и аппаратов (1 измерение) | D42: 12 | E42: 1,8 1,8 | G42: 22 | H42: 22 | J42: 0.1 | K42: 1.2
A43: 16 | B43: ТЕРп01-04-002-01 | C43: Тепловая защита с реле: одним (1 компл.) | D43: 1 | E43: 53,64 53,64 | G43: 54 | H43: 54 | J43: 3 | K43: 3
A44: Итого прямые затраты по разделу в ценах 2001г. | G44: 30262 | H44: 30262 | K44: 1677.78
A45: Накладные расходы | G45: 19670
A46: Сметная прибыль | G46: 12105
A47: Итоги по разделу 1 Пусконаладочные работы :
A48: Пусконаладочные работы: 'вхолостую' - 80%, 'под нагрузкой' - 20% | G48: 62037 | K48: 1677.78
A49: Итого | G49: 62037 | K49: 1677.78
A50: В том числе:
A51: ФОТ | G51: 30262
A52: Накладные расходы | G52: 19670
A53: Сметная прибыль | G53: 12105
A54: Итого по разделу 1 Пусконаладочные работы | G54: 62037 | K54: 1677.78
A55: ИТОГИ ПО СМЕТЕ:
A56: Итого прямые затраты по смете в ценах 2001г. | G56: 30262 | H56: 30262 | K56: 1677.78
A57: Накладные расходы | G57: 19670
A58: В том числе, справочно:
A59: 65% ФОТ (от 30262) (Поз. 1-16) | G59: 19670
A60: Сметная прибыль | G60: 12105
A61: В том числе, справочно:
A62: 40% ФОТ (от 30262) (Поз. 1-16) | G62: 12105
A63: Итоги по смете:
A64: Пусконаладочные работы: 'вхолостую' - 80%, 'под нагрузкой' - 20%:
A65: Итого Поз. 1-16 | G65: 30262 | H65: 30262 | K65: 1677.78
A66: Накладные расходы 65% ФОТ (от 30 262) | G66: 19670
A67: Сметная прибыль 40% ФОТ (от 30 262) | G67: 12105
A68: Итого c накладными и см. прибылью | G68: 62037 | K68: 1677.78
A69: Итого | G69: 62037 | K69: 1677.78
A70: В том числе:
A71: ФОТ | G71: 30262
A72: Накладные расходы | G72: 19670
A73: Сметная прибыль | G73: 12105
A74: "вхолостую" 62 037 * 0,80 | G74: 49630
A75: ВСЕГО по смете | G75: 49630 | K75: 1677.78
A79: Составил: ___________________________
A80: (должность, подпись, расшифровка)
A82: Проверил нач. группы: ___________________________
A83: (должность, подпись, расшифровка)

Sheet 1376А
A1: СОГЛАСОВАНО: | I1: УТВЕРЖДАЮ:
A4: ______________ | I4: ____________
A5: " _____ " ________________ 2012 г. | I5: "______ " _______________2012 г.
D6: г. Лесной. Свердловская область ФГУП "Комбинат "ЭХП" Площадка 2
D7: (наименование стройки)
D9: ЛОКАЛЬНЫЙ СМЕТНЫЙ РАСЧЕТ № Расчет изм.1/4-1376А (313-2100)
D10: (локальная смета)
A12: на | B12: ПНР вхолостую ТСО, контроля и управления доступом, тревожной сигнализации (взамен Расчет/4-1376А (312-2599)),
B13: Реконструкция здания 292А/4
D14: (наименование работ и затрат, наименование объекта)
B16: Основание: 0503.002.292А/4-СМ.ВОР №312-2600 изм.1
B17: Сметная стоимость прочих _______________________________________________________________________________________________ | D17: ___________________________37,331 | F17: тыс. руб.
B18: Средства на оплату труда _______________________________________________________________________________________________ | D18: ___________________________22,763 | F18: тыс. руб.
B19: Сметная трудоемкость _______________________________________________________________________________________________ | D19: _______________________________________________________________________________________________1055,2 | F19: чел.час
B20: Трудозатраты механизаторов _______________________________________________________________________________________________ | D20: _______________________________________________________________________________________________0 | F20: чел.час
B21: Составлен(а) в ценах по состоянию на 01.01.2000г. (редакция 2009г.)
A24: № пп | B24: Шифр и номер позиции норматива | C24: Наименование работ и затрат, единица измерения | D24: Количество | E24: Стоимость единицы, руб. | G24: Общая стоимость, руб. | J24: Затраты труда рабочих, чел.-ч, не занятых обслуживанием машин
E25: всего | F25: эксплуата- ции машин | G25: Всего | H25: оплаты труда | I25: эксплуата- ция машин
E26: оплаты труда | F26: в т.ч. оплаты труда | I26: в т.ч. оплаты труда | J26: на единицу | K26: всего
A27: 1 | B27: 2 | C27: 3 | D27: 4 | E27: 5 | F27: 6 | G27: 7 | H27: 8 | I27: 9 | J27: 10 | K27: 11
A28: Раздел 1. Пусконаладочные работы
A29: 1 | B29: ТЕРп02-01-003-09 | C29: Автоматизированная система управления III категории технической сложности с количеством каналов (Кобщ) 80 (1 система) | D29: 1 | E29: 17670,73 17670,73 | G29: 17671 | H29: 17671 | J29: 770 | K29: 770
A30: 2 | B30: ТЕРп02-01-003-10 | C30: Автоматизированная система управления III категории технической сложности с количеством каналов (Кобщ) за каждый канал свыше 80 до 159 добавлять к расценке 02-01-003-09 (1 канал) | D30: 31 111-80 | E30: 211,13 211,13 | G30: 6545 | H30: 6545 | J30: 9.2 | K30: 285.2
A31: Итого прямые затраты по разделу в ценах 2001г. | G31: 24216 | H31: 24216 | K31: 1055.2
A32: Итого прямые затраты по разделу с учетом коэффициентов к итогам (Основная расценка системы к=0,94 ПЗ=0,94 (ОЗП=0,94; ЭМ=0,94; ЗПМ=0,94; МАТ=0,94) (Поз. 1-2)) | G32: 22763 | H32: 22763 | K32: 1055.2
A33: Накладные расходы | G33: 14796
A34: Сметная прибыль | G34: 9105
A35: Итоги по разделу 1 Пусконаладочные работы :
A36: Пусконаладочные работы: 'вхолостую' - 80%, 'под нагрузкой' - 20% | G36: 46664 | K36: 1055.2
A37: Итого | G37: 46664 | K37: 1055.2
A38: В том числе:
A39: ФОТ | G39: 22763
A40: Накладные расходы | G40: 14796
A41: Сметная прибыль | G41: 9105
A42: Итого по разделу 1 Пусконаладочные работы | G42: 46664 | K42: 1055.2
A43: ИТОГИ ПО СМЕТЕ:
A44: Итого прямые затраты по смете в ценах 2001г. | G44: 24216 | H44: 24216 | K44: 1055.2
A45: Итого прямые затраты по смете с учетом коэффициентов к итогам | G45: 22763 | H45: 22763 | K45: 1055.2
A46: В том числе, справочно:
A47: Основная расценка системы к=0,94 ПЗ=0,94 (ОЗП=0,94; ЭМ=0,94; ЗПМ=0,94; МАТ=0,94) (Поз. 1-2) | G47: -1453 | H47: -1453
A48: Накладные расходы | G48: 14796
A49: В том числе, справочно:
A50: 65% ФОТ (от 22763) (Поз. 1-2) | G50: 14796
A51: Сметная прибыль | G51: 9105
A52: В том числе, справочно:
A53: 40% ФОТ (от 22763) (Поз. 1-2) | G53: 9105
A54: Итоги по смете:
A55: Пусконаладочные работы: 'вхолостую' - 80%, 'под нагрузкой' - 20%:
A56: Итого Поз. 1-2 | G56: 24216 | H56: 24216 | K56: 1055.2
A57: Всего с учетом "Основная расценка системы к=0,94 ПЗ=0,94 (ОЗП=0,94; ЭМ=0,94; ЗПМ=0,94; МАТ=0,94)" | G57: 22763 | H57: 22763 | K57: 1055.2
A58: Накладные расходы 65% ФОТ (от 22 763) | G58: 14796
A59: Сметная прибыль 40% ФОТ (от 22 763) | G59: 9105
A60: Итого c накладными и см. прибылью | G60: 46664 | K60: 1055.2
A61: Итого | G61: 46664 | K61: 1055.2
A62: В том числе:
A63: ФОТ | G63: 22763
A64: Накладные расходы | G64: 14796
A65: Сметная прибыль | G65: 9105
A66: "Вхолостую" 46 664 * 0,8 | G66: 37331
A67: ВСЕГО по смете | G67: 37331 | K67: 1055.2
A71: Составил инженер: ___________________________
A72: (должность, подпись, расшифровка)
A74: Проверил нач. группы: ___________________________
A75: (должность, подпись, расшифровка)

Sheet 1377А
A1: СОГЛАСОВАНО: | I1: УТВЕРЖДАЮ:
A4: ______________ | I4: ____________
A5: " _____ " ________________ 2012 г. | I5: "______ " _______________2012 г.
D6: г. Лесной. Свердловская область ФГУП "Комбинат "ЭХП" Площадка 2
D7: (наименование стройки)
D9: ЛОКАЛЬНЫЙ СМЕТНЫЙ РАСЧЕТ № Расчет изм.1/4-1377А (313-2100)
D10: (локальная смета)
A12: на | B12: ПНР вхолостую системы охранного телевидения (взамен Расчет/4-1377А (312-2599)), Реконструкция здания 292А/4
D13: (наименование работ и затрат, наименование объекта)
B15: Основание: 0503.002.292А/4-СМ.ВОР №312-2600 изм.1
B16: Сметная стоимость прочих _______________________________________________________________________________________________ | D16: ___________________________7,680 | F16: тыс. руб.
B17: Средства на оплату труда _______________________________________________________________________________________________ | D17: ___________________________4,683 | F17: тыс. руб.
B18: Сметная трудоемкость _______________________________________________________________________________________________ | D18: _______________________________________________________________________________________________236,4 | F18: чел.час
B19: Трудозатраты механизаторов _______________________________________________________________________________________________ | D19: _______________________________________________________________________________________________0 | F19: чел.час
B20: Составлен(а) в ценах по состоянию на 01.01.2000г. (редакция 2009г.)
A23: № пп | B23: Шифр и номер позиции норматива | C23: Наименование работ и затрат, единица измерения | D23: Количество | E23: Стоимость единицы, руб. | G23: Общая стоимость, руб. | J23: Затраты труда рабочих, чел.-ч, не занятых обслуживанием машин
E24: всего | F24: эксплуата- ции машин | G24: Всего | H24: оплаты труда | I24: эксплуата- ция машин
E25: оплаты труда | F25: в т.ч. оплаты труда | I25: в т.ч. оплаты труда | J25: на единицу | K25: всего
A26: 1 | B26: 2 | C26: 3 | D26: 4 | E26: 5 | F26: 6 | G26: 7 | H26: 8 | I26: 9 | J26: 10 | K26: 11
A27: Раздел 1. Пусконаладочные работы
A28: 1 | B28: ТЕРп02-01-002-03 | C28: Автоматизированная система управления II категории технической сложности с количеством каналов (Кобщ) 10 (1 система) | D28: 2 1+1 | E28: 1772,34 1772,34 | G28: 3545 | H28: 3545 | J28: 85 | K28: 170
A29: 2 | B29: ТЕРп02-01-002-04 | C29: Автоматизированная система управления II категории технической сложности с количеством каналов (Кобщ) за каждый канал свыше 10 до 19 добавлять к расценке 02-01-002-03 (1 канал) | D29: 8 18-10 | E29: 173,06 173,06 | G29: 1384 | H29: 1384 | J29: 8.3 | K29: 66.4
A30: Итого прямые затраты по разделу в ценах 2001г. | G30: 4929 | H30: 4929 | K30: 236.4
A31: Итого прямые затраты по разделу с учетом коэффициентов к итогам (Коэффициент разв-ти ПЗ=0,95 (ОЗП=0,95; ЭМ=0,95; ЗПМ=0,95; МАТ=0,95) (Поз. 1-2)) | G31: 4683 | H31: 4683 | K31: 236.4
A32: Накладные расходы | G32: 3044
A33: Сметная прибыль | G33: 1873
A34: Итоги по разделу 1 Пусконаладочные работы :
A35: Пусконаладочные работы: 'вхолостую' - 80%, 'под нагрузкой' - 20% | G35: 9600 | K35: 236.4
A36: Итого | G36: 9600 | K36: 236.4
A37: В том числе:
A38: ФОТ | G38: 4683
A39: Накладные расходы | G39: 3044
A40: Сметная прибыль | G40: 1873
A41: Итого по разделу 1 Пусконаладочные работы | G41: 9600 | K41: 236.4
A42: ИТОГИ ПО СМЕТЕ:
A43: Итого прямые затраты по смете в ценах 2001г. | G43: 4929 | H43: 4929 | K43: 236.4
A44: Итого прямые затраты по смете с учетом коэффициентов к итогам | G44: 4683 | H44: 4683 | K44: 236.4
A45: В том числе, справочно:
A46: Коэффициент разв-ти ПЗ=0,95 (ОЗП=0,95; ЭМ=0,95; ЗПМ=0,95; МАТ=0,95) (Поз. 1-2) | G46: -246 | H46: -246
A47: Накладные расходы | G47: 3044
A48: В том числе, справочно:
A49: 65% ФОТ (от 4683) (Поз. 1-2) | G49: 3044
A50: Сметная прибыль | G50: 1873
A51: В том числе, справочно:
A52: 40% ФОТ (от 4683) (Поз. 1-2) | G52: 1873
A53: Итоги по смете:
A54: Пусконаладочные работы: 'вхолостую' - 80%, 'под нагрузкой' - 20%:
A55: Итого Поз. 1-2 | G55: 4929 | H55: 4929 | K55: 236.4
A56: Всего с учетом "Коэффициент разв-ти ПЗ=0,95 (ОЗП=0,95; ЭМ=0,95; ЗПМ=0,95; МАТ=0,95)" | G56: 4683 | H56: 4683 | K56: 236.4
A57: Накладные расходы 65% ФОТ (от 4 683) | G57: 3044
A58: Сметная прибыль 40% ФОТ (от 4 683) | G58: 1873
A59: Итого c накладными и см. прибылью | G59: 9600 | K59: 236.4
A60: Итого | G60: 9600 | K60: 236.4
A61: В том числе:
A62: ФОТ | G62: 4683
A63: Накладные расходы | G63: 3044
A64: Сметная прибыль | G64: 1873
A65: "Вхолостую" 9 600 * 0,8 | G65: 7680
A66: ВСЕГО по смете | G66: 7680 | K66: 236.4
A70: Составил инженер: ___________________________
A71: (должность, подпись, расшифровка)
A73: Проверил нач. группы: ___________________________
A74: (должность, подпись, расшифровка)

Sheet Расчет-292А-4
A1: Расчет начальной (максимальной) цены
A2: на пусконаладочные работы по объекту "Реконструкция здания 292А/4…"
A4: Наименование глав ССР, объектный сметных расчетов, локальных сметных расчетов, видов прочих работ | B4: Сметная стоимость строительства в базисном уровне цен на 01.01.2000г. по ССР | F4: Остаток сметной стоимости в базисном уровне цен на дату проведения процедуры закупки | J4: Сметная стоимость строительства в базисном уровне цен на 01.01.2000г., выставленная на конкурс | N4: Текущая стоимость на момент определения начальной (максимальной) цены | O4: № обосновывающего расчета | P4: 2015 год
B5: СМР | C5: Оборудование | D5: Прочие | E5: Всего | F5: СМР | G5: Оборудование | H5: Прочие | I5: Всего | J5: СМР | K5: Оборудование | L5: Прочие | M5: Всего | P5: СМР | Q5: Оборудование | R5: Прочие
A6: 1 | B6: 2 | C6: 3 | D6: 4 | E6: 5 | F6: 6 | G6: 7 | H6: 8 | I6: 9 | J6: 11 | K6: 12 | L6: 13 | N6: 14 | O6: 15 | P6: 16 | Q6: 17 | R6: 18
A7: Глава 9. Прочие работы и затраты
A8: ПНР "вхолостую" грузоподъемного оборудования | C8: 0 | D8: ='4-1370А'!G61 -> 4440 | E8: =SUM(B8:D8) -> 4440 | F8: =B8 -> 0 | G8: =C8 -> 0 | H8: =D8 -> 4440 | I8: =SUM(F8:H8) -> 4440 | J8: =P8 -> 0 | K8: =Q8 -> 0 | L8: =R8 -> 4440 | M8: =SUM(J8:L8) -> 4440 | N8: =ROUND(R8*10.05,0) -> 44622 | O8: Расчет изм.1/4-1370А/313-2100 (взамен расчет/4-1370А/312-2599) | P8: =F8 -> 0 | Q8: =G8 -> 0 | R8: =H8 -> 4440
A9: ПНР "вхолостую" силового электрооборудования | C9: 0 | D9: ='4-1372А'!G75 -> 49630 | E9: =SUM(B9:D9) -> 49630 | F9: =B9 -> 0 | G9: =C9 -> 0 | H9: =D9 -> 49630 | I9: =SUM(F9:H9) -> 49630 | J9: =P9 -> 0 | K9: =Q9 -> 0 | L9: =R9 -> 49630 | M9: =SUM(J9:L9) -> 49630 | N9: =ROUND(R9*10.05,0) -> 498782 | O9: Расчет изм.1/4-1372А/313-2100 (взамен расчет/4-1372А/312-2599) | P9: =F9 -> 0 | Q9: =G9 -> 0 | R9: =H9 -> 49630
A10: ПНР "вхолостую" ТСО, контроля и управления доступом, тревожной сигнализации | C10: 0 | D10: ='1376А'!G67 -> 37331 | E10: =SUM(B10:D10) -> 37331 | F10: =B10 -> 0 | G10: =C10 -> 0 | H10: =D10 -> 37331 | I10: =SUM(F10:H10) -> 37331 | J10: =P10 -> 0 | K10: =Q10 -> 0 | L10: =R10 -> 37331 | M10: =SUM(J10:L10) -> 37331 | N10: =ROUND(R10*10.05,0) -> 375177 | O10: Расчет изм.1/4-1376А/313-2100 (взамен расчет/4-1376А/312-2599) | P10: =F10 -> 0 | Q10: =G10 -> 0 | R10: =H10 -> 37331
A11: ПНР "вхолостую" системы охранного телевидения | D11: ='1377А'!G66 -> 7680 | E11: =SUM(B11:D11) -> 7680 | F11: =B11 -> 0 | G11: =C11 -> 0 | H11: =D11 -> 7680 | I11: =SUM(F11:H11) -> 7680 | J11: =P11 -> 0 | K11: =Q11 -> 0 | L11: =R11 -> 7680 | M11: =SUM(J11:L11) -> 7680 | N11: =ROUND(R11*10.05,0) -> 77184 | O11: Расчет изм.1/4-1377А/313-2100 (взамен расчет/4-1377А/312-2599) | P11: =F11 -> 0 | Q11: =G11 -> 0 | R11: =H11 -> 7680
A12: Лимит затрат на проведение ПНР "вхолостую" к смете на автоматизацию систем вентиляции | C12: 0 | D12: =ROUND(40296*7%*80%,0) -> 2257 | E12: =SUM(B12:D12) -> 2257 | F12: =B12 -> 0 | G12: =C12 -> 0 | H12: =D12 -> 2257 | I12: =SUM(F12:H12) -> 2257 | J12: =P12 -> 0 | K12: =Q12 -> 0 | L12: =R12 -> 2257 | M12: =SUM(J12:L12) -> 2257 | N12: =ROUND(R12*10.05,0) -> 22683 | O12: Расчет к ЛСР № 02-01-09изм.1/4-1374/313-2100 | P12: =F12 -> 0 | Q12: =G12 -> 0 | R12: =H12 -> 2257
A13: Лимит затрат на проведение ПНР "вхолостую" к смете на автоматизацию систем теплоснабжения | D13: =ROUND(28961*7%*80%,0) -> 1622 | E13: =SUM(B13:D13) -> 1622 | F13: =B13 -> 0 | G13: =C13 -> 0 | H13: =D13 -> 1622 | I13: =SUM(F13:H13) -> 1622 | J13: =P13 -> 0 | K13: =Q13 -> 0 | L13: =R13 -> 1622 | M13: =SUM(J13:L13) -> 1622 | N13: =ROUND(R13*10.05,0) -> 16301 | O13: Расчет к ЛСР № 02-01-10изм.1/4-1375/313-2100 | P13: =F13 -> 0 | Q13: =G13 -> 0 | R13: =H13 -> 1622
A14: Итого по главе 9: | B14: =SUM(B8:B13) -> 0 | C14: =SUM(C8:C13) -> 0 | D14: =SUM(D8:D13) -> 102960 | E14: =SUM(E8:E13) -> 102960 | F14: =SUM(F8:F13) -> 0 | G14: =SUM(G8:G13) -> 0 | H14: =SUM(H8:H13) -> 102960 | I14: =SUM(I8:I13) -> 102960 | ... R14: =SUM(R8:R13) -> 102960
A15: Итого в ценах 2000 года: | D15: =D14 -> 102960 | E15: =E14 -> 102960 | F15: =F14 -> 0 | G15: =G14 -> 0 | H15: =H14 -> 102960 | I15: =I14 -> 102960 | J15: =J14 -> 0 | K15: =K14 -> 0 | ... M15: =M14 -> 102960 | O15: =O14 -> 0 | P15: =P14 -> 0 | Q15: =Q14 -> 0 | R15: =R14 -> 102960
A16: Итого в текущих ценах*: | N16: =SUM(P16:R16) -> 1034748 | P16: =ROUND(P14*5.73,0) -> 0 | Q16: =ROUND(Q14*4.03,0) -> 0 | R16: =ROUND(R14*10.05,0) -> 1034748
A17: НДС 18% | N17: =SUM(P17:R17) -> 186254.64 | P17: =ROUND(P16*18%,2) -> 0 | Q17: =ROUND(Q16*18%,2) -> 0 | R17: =ROUND(R16*18%,2) -> 186254.64
A18: Всего с НДС: | N18: =N16+N17 -> 1221002.6 | P18: =P16+P17 -> 0 | Q18: =Q16+Q17 -> 0 | R18: =R16+R17 -> 1221002.6
A20: * В расчете использованы индексы:
A21: - 10,05 индекс изменения сметной стоимости ПНР к ТЕР 2001 (письмо Минстроя России от 06.02.2015г. № 3004-АС/08 приложение 1, пусконаладочные работы)
A23: Начальник отдела капитального строительства ФГУП "Комбинат "Электрохимприбор"
A25: Инженер по проектно-сметной работе
A27: Согласовано

Sheet НМЦ
A2: Определение начальной (максимальной) цены договора генерального подряда
A3: на выполнение пусконаладочных работ по объектам:
A4: "Реконструкция здания 292А/4…", "Реконструкция комплекса по переработке ХВО, площадка 7А", "Реконструкция комплекса по переработке РАО, площадка 7Б".
A5: на 2015 год
A7: Способ закупки: запрос предложений
G8: ц.2000г./текущие цены, руб.
A9: Наименование услуг и работ (затрат) | C9: Сметная стоимость строительства в базисном уровне цен на 01.01.2000 г. | D9: Сметная стоимость строительства в текущем уровне цен, пересчитанная на момент проведения процедуры закупки | F9: Начальная (максимальная) цена | G9: в том числе по годам строительства
G12: 2015 г.
A16: 1 | C16: 2 | D16: 3 | F16: 4 | G16: 5
A17: СМР | C17: ='[2]Расчет НМЦ'!J14 -> 0 | D17: =F17 -> 0 | F17: =G17 -> 0 | G17: ='[2]Расчет НМЦ'!P16 -> 0
A18: Оборудование | C18: ='[2]Расчет НМЦ'!K14 -> 0 | D18: =F18 -> 0 | F18: =G18 -> 0 | G18: ='[2]Расчет НМЦ'!Q16 -> 0
A19: Прочие затраты | C19: =SUM(C21:C23) -> 735797 | D19: =SUM(D21:E23) -> 7394759 | F19: =SUM(F21:F23) -> 7394759 | G19: =SUM(G21:G23) -> 7394759
A20: в том числе:
A21: ПНР по объекту "Реконструкция комплекса по переработке ХВО, площадка 7А" | C21: ='Расчет-7А'!M25 -> 348969 | D21: ='Расчет-7А'!N26 -> 3507138 | F21: =D21 -> 3507138 | G21: ='Расчет-7А'!R26 -> 3507138
A22: ПНР по объекту "Реконструкция комплекса по переработке РАО, площадка 7Б" | C22: ='Расчет-7Б'!M28 -> 283868 | D22: ='Расчет-7Б'!N29 -> 2852873 | F22: =D22 -> 2852873 | G22: ='Расчет-7Б'!R29 -> 2852873
A23: ПНР по объекту "Реконструкция здания 292А/4..." | C23: ='Расчет-292А-4'!M15 -> 102960 | D23: ='Расчет-292А-4'!N16 -> 1034748 | F23: =D23 -> 1034748 | G23: ='Расчет-292А-4'!R16 -> 1034748
A24: Всего: | C24: =SUM(C17:C19) -> 735797 | D24: =F24 -> 7394759 | F24: =G24 -> 7394759 | G24: =SUM(G17:G19) -> 7394759
A25: НДС | D25: =ROUND(D24*18%,2) -> 1331056.6 | F25: ='Расчет-7А'!N27+'Расчет-7Б'!N30+'Расчет-292А-4'!N17 -> 1331056.6 | G25: ='Расчет-7А'!R27+'Расчет-7Б'!R30+'Расчет-292А-4'!R17 -> 1331056.6
A26: Итого с НДС: | D26: =D24+D25 -> 8725815.6 | F26: ='Расчет-7А'!N28+'Расчет-7Б'!N31+'Расчет-292А-4'!N18 -> 8725815.6 | G26: ='Расчет-7А'!R28+'Расчет-7Б'!R31+'Расчет-292А-4'!R18 -> 8725815.6
A28: * В расчете использованы индексы:
A29: ='Расчет-292А-4'!A21:L21 -> - 10,05 индекс изменения сметной стоимости ПНР к ТЕР 2001 (письмо Минстроя России от 06.02.2015г. № 3004-АС/08 приложение 1, пусконаладочные работы)
A32: Начальник отдела капитального строительства ФГУП "Комбинат "Электрохимприбор"
G33: В.В. Моляков
A35: Инженер по проектно-сметной работе
A37: Согласовано | G37: отд. 028
